Workbook
Name \0: #REF!
Name \0: #REF!
Name \00: #REF!
Name \00: #REF!
Name \1: #REF!
Name \1: #REF!
Name \a: #REF!
Name \a: #REF!
Name \AA: #REF!
Name \AA: #REF!
Name \b: #REF!
Name \b: #REF!
Name \bb: #REF!
Name \bb: #REF!
Name \c: #REF!
Name \c: #REF!
Name \d: #REF!
Name \d: #REF!
Name \E: #REF!
Name \E: #REF!
Name \EE: #REF!
Name \EE: #REF!
Name \f: #REF!
Name \f: #REF!
Name \G: #REF!
Name \G: #REF!
Name \h: #REF!
Name \h: #REF!
Name \i: #REF!
Name \i: #REF!
Name \k: #REF!
Name \k: #REF!
Name \l: #REF!
Name \l: #REF!
Name \LL: #REF!
Name \LL: #REF!
Name \M: #REF!
Name \M: #REF!
Name \n: #REF!
Name \n: #REF!
Name \ñ: #REF!
Name \ñ: #REF!
Name \O: #REF!
Name \O: #REF!
Name \P: #REF!
Name \P: #REF!
Name \PP: #N/A
Name \R: #REF!
Name \R: #REF!
Name \s: #REF!
Name \s: #REF!
Name \t: #REF!
Name \t: #REF!
Name \u: #REF!
Name \u: #REF!
Name \V: #REF!
Name \V: #REF!
Name \w: #N/A
Name \X: #REF!
Name \X: [0]!ERR

Sheet MO
B2: LISTADO DE MANO DE OBRA
B3: unidad | D3: Ítem | F3: VALOR ($ COP)
B4: mes | D4: Salario mínimo legal mensual vigente - SMLMV básico 2023 | F4: 1423500
B5: mes | D5: Subsidio de transporte 2024 | F5: 162000
B6: mes | D6: Salario mínimo legal mensual vigente - SMLMV 2023 + Subsidio de transporte 2023 | F6: =F4+F5 -> 1585500
B7: día | D7: Jornal + subsidio de transporte 2024 | F7: =F6/30 -> 52850
B8: % | D8: Factor prestacional INVIAS vigente | F8: 0.85
B9: día | D9: Jornal básico | F9: =(F4/30) -> 47450
B10: día | D10: Jornal básico con factor prestacional | F10: =(F4/30)+((F4/30)*F8) -> 87782.5
B11: mes | D11: salario basico SMLMV 2024 con factor prestacional | F11: =F4+(F8*F4) -> 2633475
B13: # | C13: unidad | D13: Insumo | E13: Precio ($ COP) | F13: Factor de Jornal 2024
B14: 1 | C14: día | D14: Oficial | E14: =$F$9*F14 -> 94900 | F14: 2
B15: 2 | C15: día | D15: Oficial (2) | E15: =$F$9*F15 -> 189800 | F15: =+F14*2 -> 4
B16: 3 | C16: día | D16: Rescatista | E16: =$F$9*F16 -> 94900 | F16: 2
B17: 4 | C17: día | D17: Almacenista | E17: =$F$9*F17 -> 47450 | F17: 1
B18: 5 | C18: día | D18: Ayudante | E18: =$F$9*F18 -> 47450 | F18: 1
B19: 6 | C19: día | D19: Ayudante (2) | E19: =$F$9*F19 -> 94900 | F19: 2
B20: 7 | C20: día | D20: Ayudante (3) | E20: =$F$9*F20 -> 142350 | F20: 3
B21: 8 | C21: día | D21: Ayudante (4) | E21: =$F$9*F21 -> 189800 | F21: 4
B22: 9 | C22: día | D22: Ayudante (5) | E22: =$F$9*F22 -> 237250 | F22: 5
B23: 10 | C23: día | D23: Ayudante (6) | E23: =$F$9*F23 -> 284700 | F23: 6
B24: 11 | C24: día | D24: Ayudante (7) | E24: =$F$9*F24 -> 332150 | F24: 7
B25: 12 | C25: día | D25: Ayudante (8) | E25: =$F$9*F25 -> 379600 | F25: 8
B26: 13 | C26: día | D26: Ayudante (9) | E26: =$F$9*F26 -> 427050 | F26: 9
B27: 14 | C27: día | D27: Ayudante (10) | E27: =$F$9*F27 -> 474500 | F27: 10
... B33: 20 | C33: día | D33: Oficial | E33: =$F$9*F33 -> 71175 | F33: 1.5
B34: 21 | C34: día | D34: Oficial (2) | E34: =$F$9*F34 -> 142350 | F34: =+F33*2 -> 3
B35: 22 | C35: día | D35: Oficial (3) | E35: =$F$9*F35 -> 213525 | F35: =+F33*3 -> 4.5
B36: 23 | C36: día | D36: Oficial + 3 Ayudantes (armado e inyección de anclajes) | E36: =$F$9*F36 -> 230132.5 | F36: 4.85
B37: 24 | C37: día | D37: Oficial experto en desmontaje | E37: =$F$9*F37 -> 94900 | F37: 2
B38: 25 | C38: día | D38: Oficial experto en explosivos | E38: =$F$9*F38 -> 97272.5 | F38: 2.05
B39: 26 | C39: día | D39: Oficial Obrero (3) Cuadrilla de un oficial y 3 Obreros. | E39: =$F$9*F39 -> 223015 | F39: 4.7
B40: 27 | C40: día | D40: 1 Oficial y 1 Obrero. | E40: =$F$9*F40 -> 128115 | F40: 2.7
B41: 28 | C41: día | D41: Cuadrilla de Un Oficial y (2) Obreros. | E41: =$F$9*F41 -> 175565 | F41: 3.7
B42: 29 | C42: día | D42: Cuadrilla de un oficial y (4) Obreros. | E42: =$F$9*F42 -> 270465 | F42: 5.7
B43: 30 | C43: día | D43: Cuadrilla de desmontaje (10 personas) | E43: =$F$9*F43 -> 444606.5 | F43: 9.37
B44: 31 | C44: día | D44: Cuadrilla de fabricación | E44: =$F$9*F44 -> 242469.5 | F44: 5.11
B45: 32 | C45: día | D45: Cadenero | E45: =$F$9*F45 -> 54567.5 | F45: 1.15
B46: 33 | C46: día | D46: Cadeneros (2) | E46: =$F$9*F46 -> 109135 | F46: =+F45*2 -> 2.3
B47: 34 | C47: día | D47: Carpintero | E47: =$F$9*F47 -> 94900 | F47: 2
B48: 35 | C48: día | D48: Armador | E48: =$F$9*F48 -> 49822.5 | F48: 1.05
B49: 36 | C49: día | D49: Paletero | E49: =$F$9*F49 -> 47450 | F49: 1
B50: 37 | C50: día | D50: Paletero (2) | E50: =$F$9*F50 -> 94900 | F50: 2
B51: 38 | C51: día | D51: Rastrillero | E51: =$F$9*F51 -> 60736 | F51: 1.28
B52: 39 | C52: día | D52: Rastrilleros (2) | E52: =$F$9*F52 -> 121472 | F52: 2.56
B53: 40 | C53: día | D53: Cortador | E53: =$F$9*F53 -> 61685 | F53: 1.3
B54: 41 | C54: día | D54: Operador prueba de integridad | E54: =$F$9*F54 -> 101068.5 | F54: 2.13
B55: 42 | C55: día | D55: Operador de maquinaria pesada | E55: =$F$9*F55 -> 101068.5 | F55: 2.13
B56: 43 | C56: día | D56: Perforador | E56: =$F$9*F56 -> 80665 | F56: 1.7
B57: 44 | C57: día | D57: Perforador + Ayudante1 + Ayudante2 | E57: =$F$9*F57 -> 180310 | F57: 3.8
B58: 45 | C58: día | D58: Soldador | E58: =$F$9*F58 -> 71175 | F58: 1.5
... B80: 67 | C80: día | D80: Operador de maquinaria liviana | E80: =$F$9*F80 -> 94900 | F80: 2

Sheet PPTO POR OFICINA
B2: PRESUPUESTO DE OBRA CIVIL | L2: CODIGO: | M2: FT-TEC-01
L3: VESION: | M3: 2
L4: FECHA DE APROBACION: | M4: 44333
B6: OBJETO: | F6: OBRAS DE MANTENIMIENTO PREVENTIVO Y/O CORRECTIVO EN LAS SEDES EN PROPIEDAD DEL DISTRITO UBICADOS EN LA PLAZOLETA TELECOM LOCALES 107B SINTRAOFIPUCAR UNALDE FEDEJAC Y CERRAMIENTO DEL PREDIO UBICADO EN LA CALLE 49 CON VIA PERIMETRAL EN LA CIUDAD DE CARTAGENA
B8: Nº | C8: ÍTEM DE PAGO | D8: ESPECIFICACIONES | F8: DESCRIPCIÓN | G8: UND. | H8: SINTRAOFIPUCAR | I8: UNALDE | J8: FEDEJAC | K8: CANTIDAD | L8: VALOR UNITARIO | M8: VALOR TOTAL
D9: GENERAL | E9: PARTICULAR
F10: ADECUACIÓN LOCALES PROPIEDAD DEL DISTRITO (SINTRAOFIPUCAR, UNALDE Y FEDEJAC)
B11: =+PRESUPUESTO!B21 -> 2 | F11: DEMOLICIONES Y DESMONTES
B12: =B11+0.01 -> 2.01 | F12: Picada de Enchape de pisos y muros, bases de meson. (Incluye retiro de material sobrante y disposición final en R.S.) | G12: M2 | K12: =MEMORIAS!X329 -> 125.7 | L12: =APUS!H575 -> 15929 | M12: =K12*L12 -> 2002275.3
B13: =B12+0.01 -> 2.02 | F13: Desmonte de Elementos Sanitarios (Incluye retiro de material sobrante y disposición final en R.S.) | G13: UND | K13: =MEMORIAS!X366 -> 7 | L13: =APUS!H642 -> 113661 | M13: =K13*L13 -> 795627
B14: =B13+0.01 -> 2.03 | F14: DESMONTE PUERTAS CON MARCOS (INC. RETIRO DE SOBR.) | G14: UND | K14: =MEMORIAS!X403 -> 4 | L14: =APUS!H709 -> 80873 | M14: =K14*L14 -> 323492
B15: =B14+0.01 -> 2.04 | F15: Desmonte de Cielo raso (Incluye retiro y disposicion final de escombros en sitio autorizado por la autoridad ambiental) | G15: M2 | K15: =MEMORIAS!X440 -> 84.35 | L15: =APUS!H776 -> 21400 | M15: =K15*L15 -> 1805090
B16: =B15+0.01 -> 2.05 | F16: Demolicion de muro en drywall y divisiones (Incluye retiro de material sobrante y disposición final en R.S.) | G16: M2 | K16: =MEMORIAS!X477 -> 5.825 | L16: =APUS!H843 -> 23723 | M16: =K16*L16 -> 138186.48
B17: =B16+0.01 -> 2.06 | F17: DESMONTE DE LAMPARAS | G17: UND | K17: =MEMORIAS!X514 -> 18 | L17: =APUS!H910 -> 17792 | M17: =K17*L17 -> 320256
B18: =B17+0.01 -> 2.07 | F18: Desmonte Estructura Madera existente (Incluye retiro de material sobrante y disposición final en R.S.) | G18: M2 | K18: =MEMORIAS!X551 -> 12.22 | L18: =APUS!H977 -> 32045 | M18: =K18*L18 -> 391589.9
B19: =B18+0.01 -> 2.08 | F19: Desinstalacion de baranda metalica. Incluye disposicion en punto de acopio temporal, autorizado por la supervision. | G19: ML | K19: =MEMORIAS!X588 -> 6.65 | L19: =APUS!H1044 -> 42272 | M19: =K19*L19 -> 281108.8
B20: =B19+0.01 -> 2.09 | F20: Demolicion de muros e= 10-15cm, incluye desmonte de elementos ubicados en los vanos (marcos, puertas y ventanas) y desmonte de ductería embebida en los muros. (Incluye retiro y disposicion final de escombros en sitio autorizado por la autoridad ambiental). | G20: M2 | K20: =MEMORIAS!X625 -> 2.45 | L20: =APUS!H1111 -> 36441 | M20: =K20*L20 -> 89280.45
B21: =B11+1 -> 3 | F21: PISOS Y ENCHAPES
B22: =B21+0.01 -> 3.01 | F22: Suministro e instalacion de enchape pisos tipo porcelana formato 60x60 color gris claro | G22: M2 | K22: =MEMORIAS!X662 -> 92.76 | L22: =APUS!H1178 -> 106857 | M22: =K22*L22 -> 9912055.3
B23: =B22+0.01 -> 3.02 | F23: Suministro e instalacion de zocalo para pisos tipo porcelana Blanco o similar | G23: ML | K23: =MEMORIAS!X699 -> 95.52 | L23: =APUS!H1245 -> 22902 | M23: =K23*L23 -> 2187599
B24: =B21+1 -> 4 | F24: HIDROSANITARIOS
B25: =B24+0.01 -> 4.01 | F25: Suministro e instalación de sanitario institucional blanco tipo Acuacer o similar incluye Grifería y accesorios. | G25: UND | K25: =MEMORIAS!X736 -> 3 | L25: =APUS!H1312 -> 1475748 | M25: =K25*L25 -> 4427244
B26: =B25+0.01 -> 4.02 | F26: Suministro e instalación de orinal institucional con fluxometro blanco tipo Gotta o similar incluye Grifería y accesorios. | G26: UND | K26: =MEMORIAS!X773 -> 3 | L26: =APUS!H1379 -> 1281711 | M26: =K26*L26 -> 3845133
B27: =B26+0.01 -> 4.03 | F27: Suministro e instalación de espejos ovalados color negro (50x100cm) para baños de 6 mm flotado | G27: UND | K27: =MEMORIAS!X810 -> 3 | L27: =APUS!H1446 -> 219350 | M27: =K27*L27 -> 658050
B28: =B27+0.01 -> 4.04 | F28: Suministro e instalacion de Lavamanos de sobreponer redondo diametro 365mm alto 120mm , incluye griferia decorativa color negro, meson en piedra sinterizada color Bianco Rhino y mueble flortante en melamina de 18mm color Ceniza de 0.50 de fondo x 0.80 frente x 0.65 alto con dos puertas con un entrepaño interior y un entrepaño exterior (Incluye mantenimientos de tuberias sanitaria e hidraulicas) | G28: UND | K28: =MEMORIAS!X847 -> 3 | L28: =APUS!H1513 -> 2018848 | M28: =K28*L28 -> 6056544
B29: =B28+0.01 -> 4.05 | F29: Suministro e instalacion punto Hidraulico 1/2" | G29: UND | K29: =MEMORIAS!X884 -> 4 | L29: =APUS!H1579 -> 29623 | M29: =K29*L29 -> 118492
B30: =B29+0.01 -> 4.06 | F30: Suministro e instalacion punto sanitario 2" | G30: UND | K30: =MEMORIAS!X921 -> 4 | L30: =APUS!H1646 -> 38139 | M30: =K30*L30 -> 152556
B31: =B30+0.01 -> 4.07 | F31: SUMINSITRO E INSTALACION E TUBERIA HIDRAULICA 1/2". Incluye accesorios como codos, tee y tapones. | G31: ML | K31: =MEMORIAS!X958 -> 14 | L31: =APUS!H1713 -> 30529 | M31: =K31*L31 -> 427406
B32: =B31+0.01 -> 4.08 | F32: TUBERIA PVC SANITARIA DE 2" (incluye atraque en concreto). Incluye accesorios como codos, tee y tapones. | G32: ML | K32: =MEMORIAS!X995 -> 14 | L32: =APUS!H1780 -> 54927 | M32: =K32*L32 -> 768978
B33: =B24+1 -> 5 | F33: CIELO RASO, ESTUCO Y PINTURA
B34: =B33+0.01 -> 5.01 | F34: SUMINISTRO E INSTALACIÓN DE CIELO RASO EN DRYWALL de 1/2" (incluye pintura 2 manos, soporte perfileria metaliza y accesorios de sujecion) | G34: M2 | K34: =MEMORIAS!X1032 -> 73.7 | L34: =APUS!H1847 -> 78229 | M34: =K34*L34 -> 5765477.3
B35: =B34+0.01 -> 5.02 | F35: Pintura tipo 1 viniltex o similar de pintuco 2 manos en muros y cielo raso interior | G35: M2 | K35: =MEMORIAS!X1069 -> 309.24194 | L35: =APUS!H1914 -> 15216 | M35: =K35*L35 -> 4705425.3
B36: =B35+0.01 -> 5.03 | F36: Estuco plastico sobre muros interior y exterior | G36: M2 | K36: =MEMORIAS!X1106 -> 35.09 | L36: =APUS!H1981 -> 21574 | M36: =K36*L36 -> 757031.66
B37: =B33+1 -> 6 | F37: CARPINTERIA EN MADERA Y METALICA
B38: =B37+0.01 -> 6.01 | F38: Suministro e instalación de vidrio templado en ventana de oficia sintraofipucar | G38: M2 | K38: =MEMORIAS!X1143 -> 0.7 | L38: =APUS!H2048 -> 232794 | M38: =K38*L38 -> 162955.8
B39: =B38+0.01 -> 6.02 | F39: Mantenimiento y ajuste de puertas en aluminio y vidrio, incluye cambio de cerradura, ajuste de bisagras y lubricación. | G39: UND | K39: =MEMORIAS!X1180 -> 3 | L39: =APUS!H2115 -> 372791 | M39: =K39*L39 -> 1118373
B40: =B39+0.01 -> 6.03 | F40: Suministro e instalacion de Puertas entamboradad en RH color ceniza, abatible 0,70 x 2,2m, incluye cerradura tipo palanca cuadrada color negro, bisagras y demás elementos para su instalación | G40: UND | K40: =MEMORIAS!X1217 -> 6 | L40: =APUS!H2182 -> 895469 | M40: =K40*L40 -> 5372814
B41: =B40+0.01 -> 6.04 | F41: Suministro e instalación de puertas en vidrio templado de 12 mm, incluye cerradura con 2 llaves, herrajes en color negro y todo lo necesario para su correcto funcionamiento. | G41: M2 | K41: =MEMORIAS!X1254 -> 5.67 | L41: =APUS!H2249 -> 503582 | M41: =K41*L41 -> 2855309.9
B42: =B41+0.01 -> 6.05 | F42: Mantenimiento y pintura en anticorrosivo y esmalte de la escalera metalica. | G42: M2 | K42: =MEMORIAS!X1291 -> 9.945 | L42: =APUS!H2316 -> 94353 | M42: =K42*L42 -> 938340.59
B43: =B42+0.01 -> 6.06 | F43: SUMINISTRO E INSTALACION DE ESCALERA EN ESTRUCTURA METÁLICA, HUELLAS EN ACERO INOXIDABLE CON ACABADO LAGRIMADO DE 2MM, INCLUYE LIMPIEZA DE SUPERFICIE SSPC-SP 03, ANTICORROSIVO Y PINTURA EN POLIURETANO ESQUEMA DE e=6mils y e=6mils RESPECTIVAMENTE. Incluye todos los elementos de soporte y anclaje, como platinas y pernos. | G43: KG | K43: =MEMORIAS!X1328 -> 153.603 | L43: =APUS!H2383 -> 21249 | M43: =K43*L43 -> 3263910.1
B44: =B43+0.01 -> 6.07 | F44: Suministro e instalacion de pasamanos para escalera en tuberia galvanizada de 2" x 1.5mm con esquema de pintura e=12mils anticorrosiva + poliuretano color negro. Incluye instalacion y accesorios de anclajes como platinas y pernos. | G44: ML | K44: =MEMORIAS!X1365 -> 2.95 | L44: =APUS!H2450 -> 200638 | M44: =K44*L44 -> 591882.1
B45: =B37+1 -> 7 | F45: ELECTRICOS
B46: =B45+0.01 -> 7.01 | F46: PUNTOS ELECTRICOS | G46: UND | K46: =MEMORIAS!X1402 -> 4 | L46: =APUS!H2517 -> 198330 | M46: =K46*L46 -> 793320
B47: =B46+0.01 -> 7.02 | F47: SUMINISTRO E INSTALACION DE TOMACORRIENTE | G47: UND | K47: =MEMORIAS!X1439 -> 4 | L47: =APUS!H2584 -> 42810 | M47: =K47*L47 -> 171240
B48: =B47+0.01 -> 7.03 | F48: SUMINISTRO E INSTALACION DE INTERRUPTORES | G48: UND | K48: =MEMORIAS!X1476 -> 9 | L48: =APUS!H2651 -> 57211 | M48: =K48*L48 -> 514899
B49: =B48+0.01 -> 7.04 | F49: Suminsitro e instalcion de luminaria panel led de 18 W luz neutra | G49: UND | K49: =MEMORIAS!X1513 -> 32 | L49: =APUS!H2718 -> 75356 | M49: =K49*L49 -> 2411392
B50: =B45+1 -> 8 | F50: COCINETA
B51: =B50+0.01 -> 8.01 | F51: Suministro e instalacion de Lavaplatos institucional, incluye griferia mezcladora color negro, canastilla y sifon. | G51: UND | K51: =MEMORIAS!X1550 -> 2 | L51: =APUS!H2785 -> 570148 | M51: =K51*L51 -> 1140296
B52: =B51+0.01 -> 8.02 | F52: Suministro e instalación de meson para cocineta en piedra piedra color Bianco Rhino, incluye cortes para lavaplatos, salpicadero de 20 cm y frentero 4cm. | G52: M2 | K52: =MEMORIAS!X1587 -> 1.7557 | L52: =APUS!H2852 -> 1087394 | M52: =K52*L52 -> 1909137.6
B53: =B52+0.01 -> 8.03 | F53: Sumiistro e instalación de mueble en madera melaminica en oficina Sintraofipucar, incluye puertas, entrepaños, cortesy divisiones según diseño. | G53: UND | K53: =MEMORIAS!X1624 -> 1 | L53: =APUS!H2919 -> 2713077 | M53: =K53*L53 -> 2713077
B54: =B53+0.01 -> 8.04 | F54: Sumiistro e instalación de mueble en madera melaminica en oficina Unalde, incluye puertas, entrepaños, cortesy divisiones según diseño. | G54: UND | K54: =MEMORIAS!X1661 -> 1 | L54: =APUS!H2986 -> 1639093 | M54: =K54*L54 -> 1639093
B55: =B50+1 -> 9 | F55: ENTREPISO
B56: =B55+0.01 -> 9.01 | F56: Anclaje estructural para refuerzo horizontal y verticalcon varilla corrugada N°4 y epoxico Sicadur Anchorfix 4. Extencion de traslapo de 60cm + 20cm de anclaje. | G56: UND | K56: =MEMORIAS!X1698 -> 15 | L56: =APUS!H3053 -> 28204 | M56: =K56*L56 -> 423060
B57: =B56+0.01 -> 9.02 | F57: Perno de Anclaje estructural para bases de estructura metalica en varilla roscada AC de 3/4" B7 y tres (3) tuercas 2H, con aplicación de epoxico Sicadur Anchorfix 4. Profundidad 20cm de anclaje. | G57: UND | K57: =MEMORIAS!X1735 -> 8 | L57: =APUS!H3120 -> 46358 | M57: =K57*L57 -> 370864
B58: =B57+0.01 -> 9.03 | F58: SUMINISTRO E INSTALACION DE ESTRUCTURA METÁLICA PARA CUBIERTAS Y SUPER ESTRUCTURAS, INCLUYE LIMPIEZA DE SUPERFICIE SSPC-SP 03, ANTICORROSIVO Y PINTURA EN POLIURETANO ESQUEMA DE e=6mils y e=6mils RESPECTIVAMENTE. Incluye todos los elementos de soporte y anclaje, como platinas y pernos. | G58: KG | K58: =MEMORIAS!X1772 -> 108.56613 | L58: =APUS!H3187 -> 21329 | M58: =K58*L58 -> 2315606.9
B59: =B58+0.01 -> 9.04 | F59: Placa en metaldeck e=10cm con refuerzo de acero en malla electrosoldada 15cm x 15cm x 4mm | G59: M2 | K59: =MEMORIAS!X1809 -> 4.05 | L59: =APUS!H3254 -> 220952 | M59: =K59*L59 -> 894855.6
B60: =B55+1 -> 10 | F60: MUROS Y DIVISIONES
B61: =B60+0.01 -> 10.01 | F61: MUROS EN SUPERBOARD EN LAMINA DE 10 MM, MUROS DOBLE CARA, ANCHO DE MURO EN PERFILERÍA BASE 9 PARA ZONAS INTERNAS (incluye pintura 2 manos, soporte perfileria metaliza y accesorios de sujecion) | G61: ML | K61: =MEMORIAS!X1846 -> 5.6 | L61: =APUS!H3321 -> 149843 | M61: =K61*L61 -> 839120.8
B62: =B61+0.01 -> 10.02 | F62: MUROS EN DRYWALL 2 CARAS (incluye pintura 2 manos, soporte perfileria metaliza y accesorios de sujecion) | G62: M2 | K62: =MEMORIAS!X1883 -> 26.5 | L62: =APUS!H3388 -> 177454 | M62: =K62*L62 -> 4702531
B63: =B62+0.01 -> 10.03 | F63: Pañete sobre muros interior y exterior, impermeabilizado con sika mortero 101 o similar en muros de cerramientos | G63: M2 | K63: =MEMORIAS!X1920 -> 33.5 | L63: =APUS!H3455 -> 35479 | M63: =K63*L63 -> 1188546.5
B64: =B60+1 -> 11 | F64: PAISAJISMO Y ORNAMENTACIÓN
B65: =B64+0.01 -> 11.01 | F65: Suministro y siembra de planta "Tronco de la felicidad" (Dracaena fragrans) - minimo 3 troncos por planta, altura total minimo 1,2m; incluye maceta en cerámica minimo de 50 cm de alto. | G65: UND | K65: =MEMORIAS!X1957 -> 4 | L65: =APUS!H3522 -> 208961 | M65: =K65*L65 -> 835844
B66: 12 | F66: SUMINISTRO E INSTALACION AIRES ACONDICIONADOS
B67: 12.01 | F67: SUMINISTRO E INSTALACION DE AIRE ACONDICIONADO MINI SPLIT 12000 BTU. Incluye Kit de instalacion de tuberia de cobre recubierta con rubatex y cinta vinilo hasta 4 mts. | G67: UND | K67: 2 | L67: =+APUS!H3589 -> 2583632 | M67: =+K67*L67 -> 5167264
B68: 12.02 | F68: Suministro e instalacion de TUBERIA EN COBRE DE 1/2" x 15mts. | G68: ROLLO | K68: 1 | L68: =+APUS!H3656 -> 610678 | M68: =+K68*L68 -> 610678
B69: 12.03 | F69: Suministro e instalacion de TUBERIA EN COBRE DE 1/4" x 15mts. | G69: ROLLO | K69: 1 | L69: =+APUS!H3723 -> 363648 | M69: =+K69*L69 -> 363648
B70: 12.04 | F70: Suministro e instalaciion de RUBATEX DE 3/4" x 1/2" | G70: ML | K70: 30 | L70: =+APUS!H3790 -> 12787 | M70: =+K70*L70 -> 383610
B71: 12.05 | F71: Suministro e instalaciion de CINTA VINILO a rubatex de 3/4" | G71: ML | K71: =+K70 -> 30 | L71: =+APUS!H3857 -> 8724 | M71: =+K71*L71 -> 261720
B72: 12.06 | F72: Suministro e instalacion de CABLE ENCAUCHETADO 3X12 | G72: ML | K72: 24 | L72: =+APUS!H3924 -> 22424 | M72: =+K72*L72 -> 538176
B73: 12.08 | F73: Breaker Enchufable Bipolar 2 X 20 AMP 6/10 KA | G73: UND | K73: 1 | L73: =+APUS!H3991 -> 62262 | M73: =+K73*L73 -> 62262
B74: 12.09 | F74: TENDIDO DE TUBERIA CONDUIT PVC De Ø 3/4" | G74: ML | K74: 6 | L74: =+APUS!H4058 -> 23109 | M74: =+K74*L74 -> 138654
B75: 12.1 | F75: Suministro e instalacion de Canaleta 25x30 mm Blanca. Incluye accesorios de fijacion | G75: ML | K75: 12 | L75: =+APUS!H4125 -> 14117 | M75: =+K75*L75 -> 169404
B76: 13 | F76: SUMINISTRO E INSTALACION MOBILIARIO
B77: 13.01 | F77: PUESTO DE TRABAJO-ESCRITORIO RECTANGULAR ESTRUCTURA METALICA CON ACABO EN PINTURA ELECTROESTATICA GRIS, BASE PEDESTAL CALIBRE 18, FALDON EN LAMINA PINTURA HORNEADA Y CANALETA PLASTICA 60X40 PARA DUCTOS DE CABLEADO No. 12 CALIBRADO (10 MTS) ; LIBRE DE HALOGENO CON UN PUNTO DE TOMA CORRIENTES DOBLE DE 20 AMPERIOS, CON CAJA 2X4" PARA CANALETA; 2 GAVETAS Y CAJON CARPETERO METÁLICO EN LAMINA COLD ROLLED CALIBRE 24, ORIFICIO PASACABLES. MEDIDAS: FRENTE 120 CM, FONDO 60CM, ALTO 73 CM, SUPERFICIE EN MADERA 25 MM Y FORMICA COLOR BLANCO, CON BORDES EN CANTO RIGIDO TERMOFUNDIDO. | G77: UND | K77: 9 | L77: 1930000 | M77: =+K77*L77 -> 17370000
B78: 13.02 | F78: ESCRITORIO RECTANGULAR EN L ESTRUCTURA METALICA CON ACABO EN PINTURA ELECTROESTATICA GRIS, FALDON EN LAMINA Y CANALETA PLASTICA 60X40 PARA DUCTOS DE CABLEADO No. 12 CALIBRADO (10 MTS); LIBRE DE HALOGENO CON UN PUNTO DE TOMA CORRIENTES DOBLE DE 20 AMPERIOS, CON CAJA 2X4" PARA CANALETA; 2 GAVETAS Y CAJON CARPETERO METÁLICO EN LAMINA COLD ROLLED CALIBRE 24, BASE PEDESTALES CALIBRE 18, ORIFICIO PASACABLES. MEDIDAS: FRENTE 150X150 CM, FONDO 60CM, ALTO 73 CM, SUPERFICIE EN MADERA 25 MM Y FORMICA COLOR BLANCO, CON BORDES EN CANTO RIGIDO TERMOFUNDIDO. | G78: UND | K78: 2 | L78: 2370000 | M78: =+K78*L78 -> 4740000
B79: 13.03 | F79: SILLA OFICINA ERGONÓMICA PRESIDENCIAL CON BRAZOS, SOPORTE LUMBAR COLOR NEGRO CON APOYACABEZAS Y ESPALDAR TAPIZADA EN MALLA. 2 PALANCAS REGULADORAS (ALTURA Y ESPALDAR), SISTEMA DE ELEVACION NEUMATICA, BRAZOS AJUSTABLE EN ALTURA, CABECERO AJUSTABLE AN ALTURA Y ANGULO, BASE SOPORTE ALUMINIO CROMADA, 5 RUEDAS DOBLE PÍSTA DIAMETRO 60MM | G79: UND | K79: 2 | L79: 1960000 | M79: =+K79*L79 -> 3920000
B80: 13.04 | F80: SILLA GIRATORIA, BASE CROMADA. APOYO LUMBAR. SISTEMA SYNCRO. BRAZOS 3D. | G80: UND | K80: 9 | L80: 1080000 | M80: =+K80*L80 -> 9720000
B81: 13.05 | F81: MESA DE JUNTAS 10 PUESTOS SUPERFICIE EN MADERA DE 30MM ENCHAPADA EN FORMICA COLOR BLANCO. ESTRUCTURA: TUBO METÁLICO CUADRADO CALIBRE 16 CON TERMINACIÓN EN PINTURA ELECTROSTÁTICA. ACABADOS: PASACABLES Y BANDEJA DE CONEXION. MEDIDAS MINIMAS ANCHO 300CMS FONDO 120 CMS ALTO 73 CMS. 10 SILLA INTERLOCUTORA ISOSMART DE OFICINA SIN BRAZO COLOR NEGRO, MATERIAL DE ESTRUCTURA EN TUBERIA OVALA EN ACERO CON PINTURA ELECTROESTATICA, MATERIAL RELLENO EN ESPUMA LAMINADA DE 5 CM DE ESPESOR, MEDIDAS ANCHO 48 CMS, ALTURA 83 CMS, FONDO 43 CMS. | G81: UND | K81: 1 | L81: 7120000 | M81: =+K81*L81 -> 7120000
B82: 13.06 | F82: SILLA INTERLOCUTORA ISOCELES DE OFICINA SIN BRAZO COLOR NEGRO, MATERIAL DE ESTRUCTURA EN TUBERIA OVALA EN ACERO CON PINTURA ELECTROESTATICA, MATERIAL RELLENO EN ESPUMA LAMINADA DE 5 CM DE ESPESOR, MEDIDAS ANCHO 48 CMS, ALTURA 83 CMS, FONDO 43 CMS. | G82: UND | K82: 14 | L82: 420000 | M82: =+K82*L82 -> 5880000
B83: 13.07 | F83: ARCHIVADOR ESTANTE METÁLICO GRIS CON PUERTA- 5 ENTREPAÑOS INTERNOS - ALTO: 180 CMS. - FRENTE: 90 CMS. - FONDO: 45 CMS. - ELABORADO: LÁMINA CR 22. - BASE: 6 CMS. INCLUIDA. -CERRADURA CON LLAVES Y MANIJA. - ACABADO: PINTURA ELECTROSTÁTICA PREVIO DESENGRASE Y FOSFATADO. - COLORES: GRIS. | G83: UND | K83: 4 | L83: 2210000 | M83: =+K83*L83 -> 8840000
B84: 13.08 | F84: TANDEM DE 3 PUESTOS METALICO REF AEROPUERTO, ASIENTO Y ESPALDAR EN UNA SOLA PIEZA DE LAMINA PERFORADA CAL 16 PINTADO EN ELECTROSTATICA; BASES Y BRAZOS CROMADOS | G84: UND | K84: 1 | L84: 1390000 | M84: =+K84*L84 -> 1390000
B85: 13.09 | F85: TANDEM DE 2 PUESTOS METALICO REF AEROPUERTO, ASIENTO Y ESPALDAR EN UNA SOLA PIEZA DE LAMINA PERFORADA CAL 16 PINTADO EN ELECTROSTATICA; BASES Y BRAZOS CROMADOS | G85: UND | K85: 1 | L85: 1200000 | M85: =+K85*L85 -> 1200000
B86: 13.1 | F86: MUEBLE PARA IMPRESORA, MEDIDAS MEDIDAS 0.90x060.x0.73 MTS DE ALTO, CUERPO ELABORADO EN LAMINA COLD ROLLED CON UN ENTREPAÑO INTERNO Y ACABADO EN PINTURA ELECTROSTATICA, SUPERFICIE Y PUERTAS ELABORADO EN MELAMINA DE 15 MM BORDES EN CANTO RIGIDO TERMOFUNDIDO, CERRADURA Y MANIJAS EN ACERO. | G86: UND | K86: 3 | L86: 1500000 | M86: =+K86*L86 -> 4500000
B87: 13.11 | F87: TELEVISOR LED 55" SMART TV 3 PUERTOS HDMI, 2 PUERTOS USB, CONTROL REMOTO, RESOLUCION 4K ULTRA HD, ENTRADA A INTERNET, CONEXIÓN BLUETOOTH Y WIFI, MEDIDAS ALTO 72 CM, ANCHO 124 CM, LARGO 6 CM | G87: UND | K87: 3 | L87: 5140000 | M87: =+K87*L87 -> 15420000
B88: 13.12 | F88: SOPORTE PARA TV P4 DE 55" + TORNILLERIA UNIVERSAL PARA LA MAYORÍA DE LAS MARCAS. | G88: UND | K88: 3 | L88: 380000 | M88: =+K88*L88 -> 1140000
B89: SUB TOTAL OBRAS COSTO DIRECTO | M89: =SUM(M10:M88) -> 1.7203078e+08
B91: ADMINISTRACION | L91: =+M99 -> 0.2 | M91: =+L91*M89 -> 34406157
B92: IMPREVISTO | F92: SUBTOTAL OBRAS (INCLUYE IVA) | L92: =+M100 -> 0.05 | M92: =+L92*M89 -> 8601539.1
B93: UTILIDAD | F93: SUBTOTAL OBRAS (INCLUYE IVA) | L93: =+M101 -> 0.05 | M93: =+L93*M89 -> 8601539.1
B94: IVA/UTILIDAD | F94: IVA/UTILILIDAD | L94: 0.19 | M94: =+L94*M93 -> 1634292.4
B96: VALOR TOTAL | M96: =+ROUND(SUM(M89:M94),0) -> 225274310 | Q96: =+M96/260000000 -> 0.86643965
B98: NOTA 1: Se debe tener en cuenta que el PRECIO UNITARIO no incluye el valor de A.I.U. NOTA 2: Cuando la fracción decimal del peso sea igual o superior a 5 se aproximará por exceso al número entero siguiente del peso y cuando la fracción decimal del peso sea inferior a 5 se aproximará por defecto al número entero del peso. NOTA 3: El A.I.U y su discriminación deben estar en porcentaje (%). | G98: DESCRIPCION | M98: PORCENTAJE
G99: ADMINISTRACIÓN | L99: A= | M99: 0.2
G100: IMPREVISTO | L100: I= | M100: 0.05
G101: UTILIDAD | L101: U= | M101: 0.05
G102: TOTAL A.I.U | L102: A.I.U.= | M102: =+SUM(M99:M101) -> 0.3

Sheet PRESUPUESTO
B2: PRESUPUESTO DE OBRA CIVIL | I2: CODIGO: | J2: FT-TEC-01
I3: VESION: | J3: 2
I4: FECHA DE APROBACION: | J4: 44333
B6: OBJETO: | F6: OBRAS DE MANTENIMIENTO PREVENTIVO Y/O CORRECTIVO EN LAS SEDES EN PROPIEDAD DEL DISTRITO UBICADOS EN LA PLAZOLETA TELECOM LOCALES 107B SINTRAOFIPUCAR UNALDE FEDEJAC Y CERRAMIENTO DEL PREDIO UBICADO EN LA CALLE 49 CON VIA PERIMETRAL EN LA CIUDAD DE CARTAGENA
B8: Nº | C8: ÍTEM DE PAGO | D8: ESPECIFICACIONES | F8: DESCRIPCIÓN | G8: UND. | H8: CANTIDAD | I8: VALOR UNITARIO | J8: VALOR TOTAL
D9: GENERAL | E9: PARTICULAR
F10: CERRAMIENTO DEL PREDIO UBICADO EN LA MARIA
B11: 1 | F11: CERRAMIENTO EN POSTE DE CONCRETO Y ALAMBRE LISO
A12: 1 | B12: =B11+0.01 -> 1.01 | F12: LOCALIZACIÓN, TRAZADO, REPLANTEO Y NIVELACIÓN. INCLUYE ENTREGA DE PLANOS Y CARTERA. | G12: M2 | H12: =MEMORIAS!X36 -> 721.8777 | I12: =APUS!H42 -> 3253 | J12: =H12*I12 -> 2348268.2
A13: =A12+1 -> 2 | B13: =B12+0.01 -> 1.02 | F13: CERRAMIENTO (8 HILERAS DE ALAMBRE LISO CALIBRE 12, CON POSTE DE CONCRETO DE 10 CM X 10 CM Y 3 M DE ALTURA, CON BRAZO, 8 HUECOS. ENTERRADO COMO MIN. 0.60m, CON PEDESTAL EN CONCRETO 30X30, NTERCALADO CADA 1,2 M ENTRE POSTES Y CONTRAFUERTES AL INCIO Y FINAL DE CADA TRAMO Y ESQUINAS. CON AMARRE DE SEGURIDAD PARA CADA HILO DE ALAMBRE EN LOS POSTES | G13: ML | H13: =MEMORIAS!X73 -> 52.8 | I13: =APUS!H109 -> 166456 | J13: =H13*I13 -> 8788876.8
A14: =A13+1 -> 3 | B14: =B13+0.01 -> 1.03 | F14: Suministro e instalacion de Porton de acceso vehicular de doble hoja abatible en tuberia galvanizada estructural Ø2". Incluye soportes y Herrajes, esquema de pintura Anticorrosivo Esp=6 mils, acabado Poliuretano blanca Esp=12mils. Incluye marco, tensores, empotramiento y anclaje de tubería de soporte de giro a pedestal de 20cm x 20cm x 40cm fundido In Situ en concreto de 3500 PSI armado con acero de refuerzo corrugado grado 60, Fy = 4200 kg/cm², cuantía mínima de 80kg/m³. | G14: M2 | H14: =MEMORIAS!X110 -> 9.35 | I14: =APUS!H176 -> 529235 | J14: =H14*I14 -> 4948347.3
A15: =A14+1 -> 4 | B15: =B14+0.01 -> 1.04 | F15: Micropilote para soporte de postes metalicos de portones Ø 30cm x H = 0,8mt. Incluye acero de refuerzo, Q. Min = 120 Kg Incluyendo acero de anclaje y avance para transferencia de carga a cimentacion superior. | G15: UND | H15: =MEMORIAS!X147 -> 2 | I15: =APUS!H243 -> 390187 | J15: =H15*I15 -> 780374
A16: =A15+1 -> 5 | B16: =B15+0.01 -> 1.05 | F16: Viga de amarre en concreto reforzado de 3500 PSI H=0,20 x W=0,20. Incluye acero de refuerzo corrugado grado 60, Fy = 4200 kg/cm², cuantia minima de 95kg/m³. Incluye junta de dilatacion en ambas caras de viga con placa existente. | G16: ML | H16: =MEMORIAS!X183 -> 4.25 | I16: =APUS!H310 -> 135793 | J16: =H16*I16 -> 577120.25
A17: =A16+1 -> 6 | B17: =B16+0.01 -> 1.06 | F17: Perfilacion y poda con guadañadora de terreno natural, Incluye trasiego de material de residuo a punto de acopio temporal. | G17: M2 | H17: =MEMORIAS!X220 -> 814.56 | I17: =APUS!H376 -> 2372 | J17: =H17*I17 -> 1932136.3
A18: =A17+1 -> 7 | B18: =B17+0.01 -> 1.07 | F18: APLICACIÓN DE MATA MALEZA CON HERBICIDA NO SELECTIVO (GLIFOSATO - UNA APLICACIÓN 15 días despues de haber realizado el corte de maleza) | G18: M2 | H18: =MEMORIAS!X256 -> 814.56 | I18: =APUS!H442 -> 1039 | J18: =H18*I18 -> 846327.84
A19: =A18+1 -> 8 | B19: =B18+0.01 -> 1.08 | F19: SUMINISTRO E INSTALACION DE VALLA INFORMATIVA DE 1X 0.7 CON BASTIDOR EN MADERA. SEGÚN DISEÑO. | G19: UND | H19: =MEMORIAS!X292 -> 1 | I19: =APUS!H508 -> 384805 | J19: =H19*I19 -> 384805
F20: ADECUACIÓN LOCALES PROPIEDAD DEL DISTRITO (SINTRAOFIPUCAR, UNALDE Y FEDEJAC)
B21: =B11+1 -> 2 | F21: DEMOLICIONES Y DESMONTES
A22: =A19+1 -> 9 | B22: =B21+0.01 -> 2.01 | F22: Picada de Enchape de pisos y muros, bases de meson. (Incluye retiro de material sobrante y disposición final en R.S.) | G22: M2 | H22: =MEMORIAS!X329 -> 125.7 | I22: =APUS!H575 -> 15929 | J22: =H22*I22 -> 2002275.3
A23: =A22+1 -> 10 | B23: =B22+0.01 -> 2.02 | F23: Desmonte de Elementos Sanitarios (Incluye retiro de material sobrante y disposición final en R.S.) | G23: UND | H23: =MEMORIAS!X366 -> 7 | I23: =APUS!H642 -> 113661 | J23: =H23*I23 -> 795627
A24: =A23+1 -> 11 | B24: =B23+0.01 -> 2.03 | F24: DESMONTE PUERTAS CON MARCOS (INC. RETIRO DE SOBR.) | G24: UND | H24: =MEMORIAS!X403 -> 4 | I24: =APUS!H709 -> 80873 | J24: =H24*I24 -> 323492
A25: =A24+1 -> 12 | B25: =B24+0.01 -> 2.04 | F25: Desmonte de Cielo raso (Incluye retiro y disposicion final de escombros en sitio autorizado por la autoridad ambiental) | G25: M2 | H25: =MEMORIAS!X440 -> 84.35 | I25: =APUS!H776 -> 21400 | J25: =H25*I25 -> 1805090
A26: =A25+1 -> 13 | B26: =B25+0.01 -> 2.05 | F26: Demolicion de muro en drywall y divisiones (Incluye retiro de material sobrante y disposición final en R.S.) | G26: M2 | H26: =MEMORIAS!X477 -> 5.825 | I26: =APUS!H843 -> 23723 | J26: =H26*I26 -> 138186.48
A27: =A26+1 -> 14 | B27: =B26+0.01 -> 2.06 | F27: DESMONTE DE LAMPARAS | G27: UND | H27: =MEMORIAS!X514 -> 18 | I27: =APUS!H910 -> 17792 | J27: =H27*I27 -> 320256
A28: =A27+1 -> 15 | B28: =B27+0.01 -> 2.07 | F28: Desmonte Estructura Madera existente (Incluye retiro de material sobrante y disposición final en R.S.) | G28: M2 | H28: =MEMORIAS!X551 -> 12.22 | I28: =APUS!H977 -> 32045 | J28: =H28*I28 -> 391589.9
A29: =A28+1 -> 16 | B29: =B28+0.01 -> 2.08 | F29: Desinstalacion de baranda metalica. Incluye disposicion en punto de acopio temporal, autorizado por la supervision. | G29: ML | H29: =MEMORIAS!X588 -> 6.65 | I29: =APUS!H1044 -> 42272 | J29: =H29*I29 -> 281108.8
A30: =A29+1 -> 17 | B30: =B29+0.01 -> 2.09 | F30: Demolicion de muros e= 10-15cm, incluye desmonte de elementos ubicados en los vanos (marcos, puertas y ventanas) y desmonte de ductería embebida en los muros. (Incluye retiro y disposicion final de escombros en sitio autorizado por la autoridad ambiental). | G30: M2 | H30: =MEMORIAS!X625 -> 2.45 | I30: =APUS!H1111 -> 36441 | J30: =H30*I30 -> 89280.45
B31: =B21+1 -> 3 | F31: PISOS Y ENCHAPES
A32: =A30+1 -> 18 | B32: =B31+0.01 -> 3.01 | F32: Suministro e instalacion de enchape pisos tipo porcelana formato 60x60 color gris claro | G32: M2 | H32: =MEMORIAS!X662 -> 92.76 | I32: =APUS!H1178 -> 106857 | J32: =H32*I32 -> 9912055.3
A33: =A32+1 -> 19 | B33: =B32+0.01 -> 3.02 | F33: Suministro e instalacion de zocalo para pisos tipo porcelana Blanco o similar | G33: ML | H33: =MEMORIAS!X699 -> 95.52 | I33: =APUS!H1245 -> 22902 | J33: =H33*I33 -> 2187599
B34: =B31+1 -> 4 | F34: HIDROSANITARIOS
A35: =A33+1 -> 20 | B35: =B34+0.01 -> 4.01 | F35: Suministro e instalación de sanitario institucional blanco tipo Acuacer o similar incluye Grifería y accesorios. | G35: UND | H35: =MEMORIAS!X736 -> 3 | I35: =APUS!H1312 -> 1475748 | J35: =H35*I35 -> 4427244
A36: =A35+1 -> 21 | B36: =B35+0.01 -> 4.02 | F36: Suministro e instalación de orinal institucional con fluxometro blanco tipo Gotta o similar incluye Grifería y accesorios. | G36: UND | H36: =MEMORIAS!X773 -> 3 | I36: =APUS!H1379 -> 1281711 | J36: =H36*I36 -> 3845133
A37: =A36+1 -> 22 | B37: =B36+0.01 -> 4.03 | F37: Suministro e instalación de espejos ovalados color negro (50x100cm) para baños de 6 mm flotado | G37: UND | H37: =MEMORIAS!X810 -> 3 | I37: =APUS!H1446 -> 219350 | J37: =H37*I37 -> 658050
A38: =A37+1 -> 23 | B38: =B37+0.01 -> 4.04 | F38: Suministro e instalacion de Lavamanos de sobreponer redondo diametro 365mm alto 120mm , incluye griferia decorativa color negro, meson en piedra sinterizada color Bianco Rhino y mueble flortante en melamina de 18mm color Ceniza de 0.50 de fondo x 0.80 frente x 0.65 alto con dos puertas con un entrepaño interior y un entrepaño exterior (Incluye mantenimientos de tuberias sanitaria e hidraulicas) | G38: UND | H38: =MEMORIAS!X847 -> 3 | I38: =APUS!H1513 -> 2018848 | J38: =H38*I38 -> 6056544
A39: =A38+1 -> 24 | B39: =B38+0.01 -> 4.05 | F39: Suministro e instalacion punto Hidraulico 1/2" | G39: UND | H39: =MEMORIAS!X884 -> 4 | I39: =APUS!H1579 -> 29623 | J39: =H39*I39 -> 118492
A40: =A39+1 -> 25 | B40: =B39+0.01 -> 4.06 | F40: Suministro e instalacion punto sanitario 2" | G40: UND | H40: =MEMORIAS!X921 -> 4 | I40: =APUS!H1646 -> 38139 | J40: =H40*I40 -> 152556
A41: =A40+1 -> 26 | B41: =B40+0.01 -> 4.07 | F41: SUMINSITRO E INSTALACION E TUBERIA HIDRAULICA 1/2". Incluye accesorios como codos, tee y tapones. | G41: ML | H41: =MEMORIAS!X958 -> 14 | I41: =APUS!H1713 -> 30529 | J41: =H41*I41 -> 427406
A42: =A41+1 -> 27 | B42: =B41+0.01 -> 4.08 | F42: TUBERIA PVC SANITARIA DE 2" (incluye atraque en concreto). Incluye accesorios como codos, tee y tapones. | G42: ML | H42: =MEMORIAS!X995 -> 14 | I42: =APUS!H1780 -> 54927 | J42: =H42*I42 -> 768978
B43: =B34+1 -> 5 | F43: CIELO RASO, ESTUCO Y PINTURA
A44: =A42+1 -> 28 | B44: =B43+0.01 -> 5.01 | F44: SUMINISTRO E INSTALACIÓN DE CIELO RASO EN DRYWALL de 1/2" (incluye pintura 2 manos, soporte perfileria metaliza y accesorios de sujecion) | G44: M2 | H44: =MEMORIAS!X1032 -> 73.7 | I44: =APUS!H1847 -> 78229 | J44: =H44*I44 -> 5765477.3
A45: =A44+1 -> 29 | B45: =B44+0.01 -> 5.02 | F45: Pintura tipo 1 viniltex o similar de pintuco 2 manos en muros y cielo raso interior | G45: M2 | H45: =MEMORIAS!X1069 -> 309.24194 | I45: =APUS!H1914 -> 15216 | J45: =H45*I45 -> 4705425.3
A46: 30 | B46: =B45+0.01 -> 5.03 | F46: Estuco plastico sobre muros interior y exterior | G46: M2 | H46: =MEMORIAS!X1106 -> 35.09 | I46: =APUS!H1981 -> 21574 | J46: =H46*I46 -> 757031.66
B47: =B43+1 -> 6 | F47: CARPINTERIA EN MADERA Y METALICA
A48: =+A46+1 -> 31 | B48: =B47+0.01 -> 6.01 | F48: Suministro e instalación de vidrio templado en ventana de oficia sintraofipucar | G48: M2 | H48: =MEMORIAS!X1143 -> 0.7 | I48: =APUS!H2048 -> 232794 | J48: =H48*I48 -> 162955.8
A49: =A48+1 -> 32 | B49: =B48+0.01 -> 6.02 | F49: Mantenimiento y ajuste de puertas en aluminio y vidrio, incluye cambio de cerradura, ajuste de bisagras y lubricación. | G49: UND | H49: =MEMORIAS!X1180 -> 3 | I49: =APUS!H2115 -> 372791 | J49: =H49*I49 -> 1118373
A50: =A49+1 -> 33 | B50: =B49+0.01 -> 6.03 | F50: Suministro e instalacion de Puertas entamboradad en RH color ceniza, abatible 0,70 x 2,2m, incluye cerradura tipo palanca cuadrada color negro, bisagras y demás elementos para su instalación | G50: UND | H50: =MEMORIAS!X1217 -> 6 | I50: =APUS!H2182 -> 895469 | J50: =H50*I50 -> 5372814
A51: =A50+1 -> 34 | B51: =B50+0.01 -> 6.04 | F51: Suministro e instalación de puertas en vidrio templado de 12 mm, incluye cerradura con 2 llaves, herrajes en color negro y todo lo necesario para su correcto funcionamiento. | G51: M2 | H51: =MEMORIAS!X1254 -> 5.67 | I51: =APUS!H2249 -> 503582 | J51: =H51*I51 -> 2855309.9
A52: =A51+1 -> 35 | B52: =B51+0.01 -> 6.05 | F52: Mantenimiento y pintura en anticorrosivo y esmalte de la escalera metalica. | G52: M2 | H52: =MEMORIAS!X1291 -> 9.945 | I52: =APUS!H2316 -> 94353 | J52: =H52*I52 -> 938340.59
A53: =A52+1 -> 36 | B53: =B52+0.01 -> 6.06 | F53: SUMINISTRO E INSTALACION DE ESCALERA EN ESTRUCTURA METÁLICA, HUELLAS EN ACERO INOXIDABLE CON ACABADO LAGRIMADO DE 2MM, INCLUYE LIMPIEZA DE SUPERFICIE SSPC-SP 03, ANTICORROSIVO Y PINTURA EN POLIURETANO ESQUEMA DE e=6mils y e=6mils RESPECTIVAMENTE. Incluye todos los elementos de soporte y anclaje, como platinas y pernos. | G53: KG | H53: =MEMORIAS!X1328 -> 153.603 | I53: =APUS!H2383 -> 21249 | J53: =H53*I53 -> 3263910.1
A54: =A53+1 -> 37 | B54: =B53+0.01 -> 6.07 | F54: Suministro e instalacion de pasamanos para escalera en tuberia galvanizada de 2" x 1.5mm con esquema de pintura e=12mils anticorrosiva + poliuretano color negro. Incluye instalacion y accesorios de anclajes como platinas y pernos. | G54: ML | H54: =MEMORIAS!X1365 -> 2.95 | I54: =APUS!H2450 -> 200638 | J54: =H54*I54 -> 591882.1
B55: =B47+1 -> 7 | F55: ELECTRICOS
A56: =A54+1 -> 38 | B56: =B55+0.01 -> 7.01 | F56: PUNTOS ELECTRICOS | G56: UND | H56: =MEMORIAS!X1402 -> 4 | I56: =APUS!H2517 -> 198330 | J56: =H56*I56 -> 793320
A57: =A56+1 -> 39 | B57: =B56+0.01 -> 7.02 | F57: SUMINISTRO E INSTALACION DE TOMACORRIENTE | G57: UND | H57: =MEMORIAS!X1439 -> 4 | I57: =APUS!H2584 -> 42810 | J57: =H57*I57 -> 171240
A58: =A57+1 -> 40 | B58: =B57+0.01 -> 7.03 | F58: SUMINISTRO E INSTALACION DE INTERRUPTORES | G58: UND | H58: =MEMORIAS!X1476 -> 9 | I58: =APUS!H2651 -> 57211 | J58: =H58*I58 -> 514899
A59: =A58+1 -> 41 | B59: =B58+0.01 -> 7.04 | F59: Suminsitro e instalcion de luminaria panel led de 18 W luz neutra | G59: UND | H59: =MEMORIAS!X1513 -> 32 | I59: =APUS!H2718 -> 75356 | J59: =H59*I59 -> 2411392
B60: =B55+1 -> 8 | F60: COCINETA
A61: =A59+1 -> 42 | B61: =B60+0.01 -> 8.01 | F61: Suministro e instalacion de Lavaplatos institucional, incluye griferia mezcladora color negro, canastilla y sifon. | G61: UND | H61: =MEMORIAS!X1550 -> 2 | I61: =APUS!H2785 -> 570148 | J61: =H61*I61 -> 1140296
A62: =A61+1 -> 43 | B62: =B61+0.01 -> 8.02 | F62: Suministro e instalación de meson para cocineta en piedra piedra color Bianco Rhino, incluye cortes para lavaplatos, salpicadero de 20 cm y frentero 4cm. | G62: M2 | H62: =MEMORIAS!X1587 -> 1.7557 | I62: =APUS!H2852 -> 1087394 | J62: =H62*I62 -> 1909137.6
A63: =A62+1 -> 44 | B63: =B62+0.01 -> 8.03 | F63: Sumiistro e instalación de mueble en madera melaminica en oficina Sintraofipucar, incluye puertas, entrepaños, cortesy divisiones según diseño. | G63: UND | H63: =MEMORIAS!X1624 -> 1 | I63: =APUS!H2919 -> 2713077 | J63: =H63*I63 -> 2713077
A64: =A63+1 -> 45 | B64: =B63+0.01 -> 8.04 | F64: Sumiistro e instalación de mueble en madera melaminica en oficina Unalde, incluye puertas, entrepaños, cortesy divisiones según diseño. | G64: UND | H64: =MEMORIAS!X1661 -> 1 | I64: =APUS!H2986 -> 1639093 | J64: =H64*I64 -> 1639093
B65: =B60+1 -> 9 | F65: ENTREPISO
A66: =A64+1 -> 46 | B66: =B65+0.01 -> 9.01 | F66: Anclaje estructural para refuerzo horizontal y verticalcon varilla corrugada N°4 y epoxico Sicadur Anchorfix 4. Extencion de traslapo de 60cm + 20cm de anclaje. | G66: UND | H66: =MEMORIAS!X1698 -> 15 | I66: =APUS!H3053 -> 28204 | J66: =H66*I66 -> 423060
A67: =A66+1 -> 47 | B67: =B66+0.01 -> 9.02 | F67: Perno de Anclaje estructural para bases de estructura metalica en varilla roscada AC de 3/4" B7 y tres (3) tuercas 2H, con aplicación de epoxico Sicadur Anchorfix 4. Profundidad 20cm de anclaje. | G67: UND | H67: =MEMORIAS!X1735 -> 8 | I67: =APUS!H3120 -> 46358 | J67: =H67*I67 -> 370864
A68: =A67+1 -> 48 | B68: =B67+0.01 -> 9.03 | F68: SUMINISTRO E INSTALACION DE ESTRUCTURA METÁLICA PARA CUBIERTAS Y SUPER ESTRUCTURAS, INCLUYE LIMPIEZA DE SUPERFICIE SSPC-SP 03, ANTICORROSIVO Y PINTURA EN POLIURETANO ESQUEMA DE e=6mils y e=6mils RESPECTIVAMENTE. Incluye todos los elementos de soporte y anclaje, como platinas y pernos. | G68: KG | H68: =MEMORIAS!X1772 -> 108.56613 | I68: =APUS!H3187 -> 21329 | J68: =H68*I68 -> 2315606.9
A69: =A68+1 -> 49 | B69: =B68+0.01 -> 9.04 | F69: Placa en metaldeck e=10cm con refuerzo de acero en malla electrosoldada 15cm x 15cm x 4mm | G69: M2 | H69: =MEMORIAS!X1809 -> 4.05 | I69: =APUS!H3254 -> 220952 | J69: =H69*I69 -> 894855.6
B70: =B65+1 -> 10 | F70: MUROS Y DIVISIONES
A71: =A69+1 -> 50 | B71: =B70+0.01 -> 10.01 | F71: MUROS EN SUPERBOARD EN LAMINA DE 10 MM, MUROS DOBLE CARA, ANCHO DE MURO EN PERFILERÍA BASE 9 PARA ZONAS INTERNAS (incluye pintura 2 manos, soporte perfileria metaliza y accesorios de sujecion) | G71: ML | H71: =MEMORIAS!X1846 -> 5.6 | I71: =APUS!H3321 -> 149843 | J71: =H71*I71 -> 839120.8
A72: =A71+1 -> 51 | B72: =B71+0.01 -> 10.02 | F72: MUROS EN DRYWALL 2 CARAS (incluye pintura 2 manos, soporte perfileria metaliza y accesorios de sujecion) | G72: M2 | H72: =MEMORIAS!X1883 -> 26.5 | I72: =APUS!H3388 -> 177454 | J72: =H72*I72 -> 4702531
A73: =A72+1 -> 52 | B73: =B72+0.01 -> 10.03 | F73: Pañete sobre muros interior y exterior, impermeabilizado con sika mortero 101 o similar en muros de cerramientos | G73: M2 | H73: =MEMORIAS!X1920 -> 33.5 | I73: =APUS!H3455 -> 35479 | J73: =H73*I73 -> 1188546.5
B74: =B70+1 -> 11 | F74: PAISAJISMO Y ORNAMENTACIÓN
A75: =A73+1 -> 53 | B75: =B74+0.01 -> 11.01 | F75: Suministro y siembra de planta "Tronco de la felicidad" (Dracaena fragrans) - minimo 3 troncos por planta, altura total minimo 1,2m; incluye maceta en cerámica minimo de 50 cm de alto. | G75: UND | H75: =MEMORIAS!X1957 -> 4 | I75: =APUS!H3522 -> 208961 | J75: =H75*I75 -> 835844
B76: 12 | F76: SUMINISTRO E INSTALACION AIRES ACONDICIONADOS
A77: =+A75+1 -> 54 | B77: 12.01 | F77: SUMINISTRO E INSTALACION DE AIRE ACONDICIONADO MINI SPLIT 12000 BTU. Incluye Kit de instalacion de tuberia de cobre recubierta con rubatex y cinta vinilo hasta 4 mts. | G77: UND | H77: 2 | I77: =+APUS!H3589 -> 2583632 | J77: =+H77*I77 -> 5167264
A78: =+A77+1 -> 55 | B78: 12.02 | F78: Suministro e instalacion de TUBERIA EN COBRE DE 1/2" x 15mts. | G78: ROLLO | H78: 1 | I78: =+APUS!H3656 -> 610678 | J78: =+H78*I78 -> 610678
A79: =+A78+1 -> 56 | B79: 12.03 | F79: Suministro e instalacion de TUBERIA EN COBRE DE 1/4" x 15mts. | G79: ROLLO | H79: 1 | I79: =+APUS!H3723 -> 363648 | J79: =+H79*I79 -> 363648
A80: =+A79+1 -> 57 | B80: 12.04 | F80: Suministro e instalaciion de RUBATEX DE 3/4" x 1/2" | G80: ML | H80: 30 | I80: =+APUS!H3790 -> 12787 | J80: =+H80*I80 -> 383610
A81: =+A80+1 -> 58 | B81: 12.05 | F81: Suministro e instalaciion de CINTA VINILO a rubatex de 3/4" | G81: ML | H81: =+H80 -> 30 | I81: =+APUS!H3857 -> 8724 | J81: =+H81*I81 -> 261720
A82: =+A81+1 -> 59 | B82: 12.06 | F82: Suministro e instalacion de CABLE ENCAUCHETADO 3X12 | G82: ML | H82: 24 | I82: =+APUS!H3924 -> 22424 | J82: =+H82*I82 -> 538176
A83: =+A82+1 -> 60 | B83: 12.08 | F83: Breaker Enchufable Bipolar 2 X 20 AMP 6/10 KA | G83: UND | H83: 1 | I83: =+APUS!H3991 -> 62262 | J83: =+H83*I83 -> 62262
A84: =+A83+1 -> 61 | B84: 12.09 | F84: TENDIDO DE TUBERIA CONDUIT PVC De Ø 3/4" | G84: ML | H84: 6 | I84: =+APUS!H4058 -> 23109 | J84: =+H84*I84 -> 138654
A85: =+A84+1 -> 62 | B85: 12.1 | F85: Suministro e instalacion de Canaleta 25x30 mm Blanca. Incluye accesorios de fijacion | G85: ML | H85: 12 | I85: =+APUS!H4125 -> 14117 | J85: =+H85*I85 -> 169404
B86: 13 | F86: SUMINISTRO E INSTALACION MOBILIARIO
B87: 13.01 | F87: PUESTO DE TRABAJO-ESCRITORIO RECTANGULAR ESTRUCTURA METALICA CON ACABO EN PINTURA ELECTROESTATICA GRIS, BASE PEDESTAL CALIBRE 18, FALDON EN LAMINA PINTURA HORNEADA Y CANALETA PLASTICA 60X40 PARA DUCTOS DE CABLEADO No. 12 CALIBRADO (10 MTS) ; LIBRE DE HALOGENO CON UN PUNTO DE TOMA CORRIENTES DOBLE DE 20 AMPERIOS, CON CAJA 2X4" PARA CANALETA; 2 GAVETAS Y CAJON CARPETERO METÁLICO EN LAMINA COLD ROLLED CALIBRE 24, ORIFICIO PASACABLES. MEDIDAS: FRENTE 120 CM, FONDO 60CM, ALTO 73 CM, SUPERFICIE EN MADERA 25 MM Y FORMICA COLOR BLANCO, CON BORDES EN CANTO RIGIDO TERMOFUNDIDO. | G87: UND | H87: 9 | I87: 1930000 | J87: =+H87*I87 -> 17370000
B88: 13.02 | F88: ESCRITORIO RECTANGULAR EN L ESTRUCTURA METALICA CON ACABO EN PINTURA ELECTROESTATICA GRIS, FALDON EN LAMINA Y CANALETA PLASTICA 60X40 PARA DUCTOS DE CABLEADO No. 12 CALIBRADO (10 MTS); LIBRE DE HALOGENO CON UN PUNTO DE TOMA CORRIENTES DOBLE DE 20 AMPERIOS, CON CAJA 2X4" PARA CANALETA; 2 GAVETAS Y CAJON CARPETERO METÁLICO EN LAMINA COLD ROLLED CALIBRE 24, BASE PEDESTALES CALIBRE 18, ORIFICIO PASACABLES. MEDIDAS: FRENTE 150X150 CM, FONDO 60CM, ALTO 73 CM, SUPERFICIE EN MADERA 25 MM Y FORMICA COLOR BLANCO, CON BORDES EN CANTO RIGIDO TERMOFUNDIDO. | G88: UND | H88: 2 | I88: 2370000 | J88: =+H88*I88 -> 4740000
B89: 13.03 | F89: SILLA OFICINA ERGONÓMICA PRESIDENCIAL CON BRAZOS, SOPORTE LUMBAR COLOR NEGRO CON APOYACABEZAS Y ESPALDAR TAPIZADA EN MALLA. 2 PALANCAS REGULADORAS (ALTURA Y ESPALDAR), SISTEMA DE ELEVACION NEUMATICA, BRAZOS AJUSTABLE EN ALTURA, CABECERO AJUSTABLE AN ALTURA Y ANGULO, BASE SOPORTE ALUMINIO CROMADA, 5 RUEDAS DOBLE PÍSTA DIAMETRO 60MM | G89: UND | H89: 2 | I89: 1960000 | J89: =+H89*I89 -> 3920000
B90: 13.04 | F90: SILLA GIRATORIA, BASE CROMADA. APOYO LUMBAR. SISTEMA SYNCRO. BRAZOS 3D. | G90: UND | H90: 9 | I90: 1080000 | J90: =+H90*I90 -> 9720000
B91: 13.05 | F91: MESA DE JUNTAS 10 PUESTOS SUPERFICIE EN MADERA DE 30MM ENCHAPADA EN FORMICA COLOR BLANCO. ESTRUCTURA: TUBO METÁLICO CUADRADO CALIBRE 16 CON TERMINACIÓN EN PINTURA ELECTROSTÁTICA. ACABADOS: PASACABLES Y BANDEJA DE CONEXION. MEDIDAS MINIMAS ANCHO 300CMS FONDO 120 CMS ALTO 73 CMS. 10 SILLA INTERLOCUTORA ISOSMART DE OFICINA SIN BRAZO COLOR NEGRO, MATERIAL DE ESTRUCTURA EN TUBERIA OVALA EN ACERO CON PINTURA ELECTROESTATICA, MATERIAL RELLENO EN ESPUMA LAMINADA DE 5 CM DE ESPESOR, MEDIDAS ANCHO 48 CMS, ALTURA 83 CMS, FONDO 43 CMS. | G91: UND | H91: 1 | I91: 7120000 | J91: =+H91*I91 -> 7120000
B92: 13.06 | F92: SILLA INTERLOCUTORA ISOCELES DE OFICINA SIN BRAZO COLOR NEGRO, MATERIAL DE ESTRUCTURA EN TUBERIA OVALA EN ACERO CON PINTURA ELECTROESTATICA, MATERIAL RELLENO EN ESPUMA LAMINADA DE 5 CM DE ESPESOR, MEDIDAS ANCHO 48 CMS, ALTURA 83 CMS, FONDO 43 CMS. | G92: UND | H92: 14 | I92: 420000 | J92: =+H92*I92 -> 5880000
B93: 13.07 | F93: ARCHIVADOR ESTANTE METÁLICO GRIS CON PUERTA- 5 ENTREPAÑOS INTERNOS - ALTO: 180 CMS. - FRENTE: 90 CMS. - FONDO: 45 CMS. - ELABORADO: LÁMINA CR 22. - BASE: 6 CMS. INCLUIDA. -CERRADURA CON LLAVES Y MANIJA. - ACABADO: PINTURA ELECTROSTÁTICA PREVIO DESENGRASE Y FOSFATADO. - COLORES: GRIS. | G93: UND | H93: 4 | I93: 2210000 | J93: =+H93*I93 -> 8840000
B94: 13.08 | F94: TANDEM DE 3 PUESTOS METALICO REF AEROPUERTO, ASIENTO Y ESPALDAR EN UNA SOLA PIEZA DE LAMINA PERFORADA CAL 16 PINTADO EN ELECTROSTATICA; BASES Y BRAZOS CROMADOS | G94: UND | H94: 1 | I94: 1390000 | J94: =+H94*I94 -> 1390000
B95: 13.09 | F95: TANDEM DE 2 PUESTOS METALICO REF AEROPUERTO, ASIENTO Y ESPALDAR EN UNA SOLA PIEZA DE LAMINA PERFORADA CAL 16 PINTADO EN ELECTROSTATICA; BASES Y BRAZOS CROMADOS | G95: UND | H95: 1 | I95: 1200000 | J95: =+H95*I95 -> 1200000
B96: 13.1 | F96: MUEBLE PARA IMPRESORA, MEDIDAS MEDIDAS 0.90x060.x0.73 MTS DE ALTO, CUERPO ELABORADO EN LAMINA COLD ROLLED CON UN ENTREPAÑO INTERNO Y ACABADO EN PINTURA ELECTROSTATICA, SUPERFICIE Y PUERTAS ELABORADO EN MELAMINA DE 15 MM BORDES EN CANTO RIGIDO TERMOFUNDIDO, CERRADURA Y MANIJAS EN ACERO. | G96: UND | H96: 3 | I96: 1500000 | J96: =+H96*I96 -> 4500000
B97: 13.11 | F97: TELEVISOR LED 55" SMART TV 3 PUERTOS HDMI, 2 PUERTOS USB, CONTROL REMOTO, RESOLUCION 4K ULTRA HD, ENTRADA A INTERNET, CONEXIÓN BLUETOOTH Y WIFI, MEDIDAS ALTO 72 CM, ANCHO 124 CM, LARGO 6 CM | G97: UND | H97: 3 | I97: 5140000 | J97: =+H97*I97 -> 15420000
B98: 13.12 | F98: SOPORTE PARA TV P4 DE 55" + TORNILLERIA UNIVERSAL PARA LA MAYORÍA DE LAS MARCAS. | G98: UND | H98: 3 | I98: 380000 | J98: =+H98*I98 -> 1140000
B99: SUB TOTAL OBRAS COSTO DIRECTO | J99: =SUM(J12:J98) -> 1.9263704e+08
B101: ADMINISTRACION | I101: =+J109 -> 0.2 | J101: =+I101*J99 -> 38527408
B102: IMPREVISTO | F102: SUBTOTAL OBRAS (INCLUYE IVA) | I102: =+J110 -> 0.05 | J102: =+I102*J99 -> 9631851.9
B103: UTILIDAD | F103: SUBTOTAL OBRAS (INCLUYE IVA) | I103: =+J111 -> 0.05 | J103: =+I103*J99 -> 9631851.9
B104: IVA/UTILIDAD | F104: IVA/UTILILIDAD | I104: 0.19 | J104: =+I104*J103 -> 1830051.9
...

Sheet MEMORIAS
G2: MEMORIAS DE CANTIDADES | R2: CODIGO: | V2: FT-TEC-03
R3: VESION: | V3: 1
R4: FECHA DE APROBACION: | V4: 44236
B5: PROYECTO: | G5: OBRAS DE MANTENIMIENTO EN LOS CEMENTERIOS DISTRITALES DE CARTAGENA DE INDIAS
B7: CAPITULO | H7: ITEM | P7: DESCRIPCIÓN DE LA ACTIVIDAD:
B8: =PRESUPUESTO!$B$11 -> 1 | H8: =PRESUPUESTO!B12 -> 1.01 | J8: =PRESUPUESTO!F11 -> CERRAMIENTO EN POSTE DE CONCRETO Y ALAMBRE LISO | P8: =PRESUPUESTO!F12 -> LOCALIZACIÓN, TRAZADO, REPLANTEO Y NIVELACIÓN. INCLUYE ENTREGA DE PLANOS Y CARTERA.
B9: ESQUEMA O REGISTRO FOTOGRAFICO | P9: LOCALIZACION | Q9: DIMENSIONES | T9: UND | U9: CANT. | V9: TOTALES
Q10: LONG (m) | R10: ANCHO (m) | S10: ALTURA (m) | V10: ml | W10: m2 | X10: m3
P11: PREDIO LA MARIA | W11: 721.8777
P34: OBSERVACIONES | R34: TOTALES | X34: =SUM(W11:W33) -> 721.8777
B35: RESPONSABLE DE LOS CALCULOS: | J35: APRUEBA:
Q36: TOTAL | X36: =X34 -> 721.8777
G39: MEMORIAS DE CANTIDADES | R39: CODIGO: | V39: FT-TEC-03
R40: VESION: | V40: 1
R41: FECHA DE APROBACION: | V41: 44236
B42: PROYECTO: | G42: OBRAS DE MANTENIMIENTO EN LOS CEMENTERIOS DISTRITALES DE CARTAGENA DE INDIAS
B44: CAPITULO | H44: ITEM | P44: DESCRIPCIÓN DE LA ACTIVIDAD:
B45: =PRESUPUESTO!$B$11 -> 1 | H45: =PRESUPUESTO!B13 -> 1.02 | J45: =PRESUPUESTO!$F$11 -> CERRAMIENTO EN POSTE DE CONCRETO Y ALAMBRE LISO | P45: =PRESUPUESTO!F13 -> CERRAMIENTO (8 HILERAS DE ALAMBRE LISO CALIBRE 12, CON POSTE DE CONCRETO DE 10 CM X 10 CM Y 3 M DE ALTURA, CON BRAZO, 8 HUECOS. ENTERRADO COMO MIN. 0.60m, CON PEDESTAL EN CONCRETO 30X30, NTERCALADO CADA 1,2 M ENTRE POSTES Y CONTRAFUERTES AL INCIO Y FINAL DE CADA TRAMO Y ESQUINAS. CON AMARRE DE SEGURIDAD PARA CADA HILO DE ALAMBRE EN LOS POSTES
B46: ESQUEMA O REGISTRO FOTOGRAFICO | P46: LOCALIZACION | Q46: DIMENSIONES | T46: UND | U46: CANT. | V46: TOTALES
Q47: LONG (m) | R47: ANCHO (m) | S47: ALTURA (m) | V47: ml | W47: m2 | X47: m3
P48: PREDIO LA MARIA | Q48: =56.8-4 -> 52.8 | V48: =Q48 -> 52.8
P71: OBSERVACIONES | R71: TOTALES | X71: =SUM(V48:V70) -> 52.8
B72: RESPONSABLE DE LOS CALCULOS: | J72: APRUEBA:
Q73: TOTAL | X73: =X71 -> 52.8
G76: MEMORIAS DE CANTIDADES | R76: CODIGO: | V76: FT-TEC-03
R77: VESION: | V77: 1
R78: FECHA DE APROBACION: | V78: 44236
B79: PROYECTO: | G79: OBRAS DE MANTENIMIENTO EN LOS CEMENTERIOS DISTRITALES DE CARTAGENA DE INDIAS
B81: CAPITULO | H81: ITEM | P81: DESCRIPCIÓN DE LA ACTIVIDAD:
B82: =PRESUPUESTO!$B$11 -> 1 | H82: =PRESUPUESTO!B14 -> 1.03 | J82: =PRESUPUESTO!$F$11 -> CERRAMIENTO EN POSTE DE CONCRETO Y ALAMBRE LISO | P82: =PRESUPUESTO!F14 -> Suministro e instalacion de Porton de acceso vehicular de doble hoja abatible en tuberia galvanizada estructural Ø2". Incluye soportes y Herrajes, esquema de pintura Anticorrosivo Esp=6 mils, acabado Poliuretano blanca Esp=12mils. Incluye marco, tensores, empotramiento y anclaje de tubería de soporte de giro a pedestal de 20cm x 20cm x 40cm fundido In Situ en concreto de 3500 PSI armado con acero de refuerzo corrugado grado 60, Fy = 4200 kg/cm², cuantía mínima de 80kg/m³.
B83: ESQUEMA O REGISTRO FOTOGRAFICO | P83: LOCALIZACION | Q83: DIMENSIONES | T83: UND | U83: CANT. | V83: TOTALES
Q84: LONG (m) | R84: ANCHO (m) | S84: ALTURA (m) | V84: ml | W84: m2 | X84: m3
P85: PREDIO LA MARIA | Q85: 4.25 | S85: 2.2 | W85: =Q85*S85 -> 9.35
P108: OBSERVACIONES | R108: TOTALES | X108: =SUM(W85:W107) -> 9.35
B109: RESPONSABLE DE LOS CALCULOS: | J109: APRUEBA:
Q110: TOTAL | X110: =X108 -> 9.35
G113: MEMORIAS DE CANTIDADES | R113: CODIGO: | V113: FT-TEC-03
R114: VESION: | V114: 1
R115: FECHA DE APROBACION: | V115: 44236
B116: PROYECTO: | G116: OBRAS DE MANTENIMIENTO EN LOS CEMENTERIOS DISTRITALES DE CARTAGENA DE INDIAS
B118: CAPITULO | H118: ITEM | P118: DESCRIPCIÓN DE LA ACTIVIDAD:
B119: =PRESUPUESTO!$B$11 -> 1 | H119: =PRESUPUESTO!B15 -> 1.04 | J119: =PRESUPUESTO!$F$11 -> CERRAMIENTO EN POSTE DE CONCRETO Y ALAMBRE LISO | P119: =PRESUPUESTO!F15 -> Micropilote para soporte de postes metalicos de portones Ø 30cm x H = 0,8mt. Incluye acero de refuerzo, Q. Min = 120 Kg Incluyendo acero de anclaje y avance para transferencia de carga a cimentacion superior.
B120: ESQUEMA O REGISTRO FOTOGRAFICO | P120: LOCALIZACION | Q120: DIMENSIONES | T120: UND | U120: CANT. | V120: TOTALES
Q121: LONG (m) | R121: ANCHO (m) | S121: ALTURA (m) | V121: ml | W121: m2 | X121: m3
P122: PORTON DE ACCESO | U122: 2
P145: OBSERVACIONES | R145: TOTALES | X145: =SUM(U122:U144) -> 2
B146: RESPONSABLE DE LOS CALCULOS: | J146: APRUEBA:
Q147: TOTAL | X147: =X145 -> 2
G149: MEMORIAS DE CANTIDADES | R149: CODIGO: | V149: FT-TEC-03
R150: VESION: | V150: 1
R151: FECHA DE APROBACION: | V151: 44236
B152: PROYECTO: | G152: OBRAS DE MANTENIMIENTO EN LOS CEMENTERIOS DISTRITALES DE CARTAGENA DE INDIAS
B154: CAPITULO | H154: ITEM | P154: DESCRIPCIÓN DE LA ACTIVIDAD:
B155: =PRESUPUESTO!$B$11 -> 1 | H155: =PRESUPUESTO!B16 -> 1.05 | J155: =PRESUPUESTO!$F$11 -> CERRAMIENTO EN POSTE DE CONCRETO Y ALAMBRE LISO | P155: =PRESUPUESTO!F16 -> Viga de amarre en concreto reforzado de 3500 PSI H=0,20 x W=0,20. Incluye acero de refuerzo corrugado grado 60, Fy = 4200 kg/cm², cuantia minima de 95kg/m³. Incluye junta de dilatacion en ambas caras de viga con placa existente.
B156: ESQUEMA O REGISTRO FOTOGRAFICO | P156: LOCALIZACION | Q156: DIMENSIONES | T156: UND | U156: CANT. | V156: TOTALES
Q157: LONG (m) | R157: ANCHO (m) | S157: ALTURA (m) | V157: ml | W157: m2 | X157: m3
P158: PORTON DE ACCESO | Q158: 4.25 | V158: =Q158 -> 4.25
P181: OBSERVACIONES | R181: TOTALES | X181: =SUM(V158:V180) -> 4.25
B182: RESPONSABLE DE LOS CALCULOS: | J182: APRUEBA:
Q183: TOTAL | X183: =X181 -> 4.25
G186: MEMORIAS DE CANTIDADES | R186: CODIGO: | V186: FT-TEC-03
R187: VESION: | V187: 1
R188: FECHA DE APROBACION: | V188: 44236
B189: PROYECTO: | G189: OBRAS DE MANTENIMIENTO EN LOS CEMENTERIOS DISTRITALES DE CARTAGENA DE INDIAS
B191: CAPITULO | H191: ITEM | P191: DESCRIPCIÓN DE LA ACTIVIDAD:
B192: =PRESUPUESTO!$B$11 -> 1 | H192: =PRESUPUESTO!B17 -> 1.06 | J192: =PRESUPUESTO!$F$11 -> CERRAMIENTO EN POSTE DE CONCRETO Y ALAMBRE LISO | P192: =PRESUPUESTO!F17 -> Perfilacion y poda con guadañadora de terreno natural, Incluye trasiego de material de residuo a punto de acopio temporal.
B193: ESQUEMA O REGISTRO FOTOGRAFICO | P193: LOCALIZACION | Q193: DIMENSIONES | T193: UND | U193: CANT. | V193: TOTALES
Q194: LONG (m) | R194: ANCHO (m) | S194: ALTURA (m) | V194: ml | W194: m2 | X194: m3
P195: PREDIO LA MARIA | W195: 814.56
P218: OBSERVACIONES | R218: TOTALES | X218: =SUM(W195:W217) -> 814.56
B219: RESPONSABLE DE LOS CALCULOS: | J219: APRUEBA:
Q220: TOTAL | X220: =X218 -> 814.56
G222: MEMORIAS DE CANTIDADES | R222: CODIGO: | V222: FT-TEC-03
R223: VESION: | V223: 1
R224: FECHA DE APROBACION: | V224: 44236
B225: PROYECTO: | G225: OBRAS DE MANTENIMIENTO EN LOS CEMENTERIOS DISTRITALES DE CARTAGENA DE INDIAS
B227: CAPITULO | H227: ITEM | P227: DESCRIPCIÓN DE LA ACTIVIDAD:
B228: =PRESUPUESTO!$B$11 -> 1 | H228: =PRESUPUESTO!B18 -> 1.07 | J228: =PRESUPUESTO!$F$11 -> CERRAMIENTO EN POSTE DE CONCRETO Y ALAMBRE LISO | P228: =PRESUPUESTO!F18 -> APLICACIÓN DE MATA MALEZA CON HERBICIDA NO SELECTIVO (GLIFOSATO - UNA APLICACIÓN 15 días despues de haber realizado el corte de maleza)
B229: ESQUEMA O REGISTRO FOTOGRAFICO | P229: LOCALIZACION | Q229: DIMENSIONES | T229: UND | U229: CANT. | V229: TOTALES
Q230: LONG (m) | R230: ANCHO (m) | S230: ALTURA (m) | V230: ml | W230: m2 | X230: m3
P231: PREDIO LA MARIA | W231: 814.56
P254: OBSERVACIONES | R254: TOTALES | X254: =SUM(W231:W253) -> 814.56
B255: RESPONSABLE DE LOS CALCULOS: | J255: APRUEBA:
Q256: TOTAL | X256: =X254 -> 814.56
G258: MEMORIAS DE CANTIDADES | R258: CODIGO: | V258: FT-TEC-03
R259: VESION: | V259: 1
R260: FECHA DE APROBACION: | V260: 44236
B261: PROYECTO: | G261: OBRAS DE MANTENIMIENTO EN LOS CEMENTERIOS DISTRITALES DE CARTAGENA DE INDIAS
B263: CAPITULO | H263: ITEM | P263: DESCRIPCIÓN DE LA ACTIVIDAD:
B264: =PRESUPUESTO!$B$11 -> 1 | H264: =PRESUPUESTO!B19 -> 1.08 | J264: =PRESUPUESTO!$F$11 -> CERRAMIENTO EN POSTE DE CONCRETO Y ALAMBRE LISO | P264: =PRESUPUESTO!F19 -> SUMINISTRO E INSTALACION DE VALLA INFORMATIVA DE 1X 0.7 CON BASTIDOR EN MADERA. SEGÚN DISEÑO.
B265: ESQUEMA O REGISTRO FOTOGRAFICO | P265: LOCALIZACION | Q265: DIMENSIONES | T265: UND | U265: CANT. | V265: TOTALES
Q266: LONG (m) | R266: ANCHO (m) | S266: ALTURA (m) | V266: ml | W266: m2 | X266: m3
U268: 1
P290: OBSERVACIONES | R290: TOTALES | X290: =SUM(U267:U289) -> 1
B291: RESPONSABLE DE LOS CALCULOS: | J291: APRUEBA:
Q292: TOTAL | X292: =X290 -> 1
G295: MEMORIAS DE CANTIDADES | R295: CODIGO: | V295: FT-TEC-03
R296: VESION: | V296: 1
R297: FECHA DE APROBACION: | V297: 44236
B298: PROYECTO: | G298: OBRAS DE MANTENIMIENTO EN LOS CEMENTERIOS DISTRITALES DE CARTAGENA DE INDIAS
...

Sheet APUS
D1: ANALISIS DE PRECIOS UNITARIOS | G1: CODIGO | H1: FT-TEC-02
G2: VERSION
G3: FECHA DE APROBACION | H3: 44901
B6: ITEM: | C6: =PRESUPUESTO!F12 -> LOCALIZACIÓN, TRAZADO, REPLANTEO Y NIVELACIÓN. INCLUYE ENTREGA DE PLANOS Y CARTERA. | H6: UNIDAD
B7: =PRESUPUESTO!B12 -> 1.01 | H7: =PRESUPUESTO!G12 -> M2
B8: I. EQUIPO
B9: Descripción | D9: Unidad | E9: Cantidad | F9: Costo | G9: Vr. Unitario
B10: Herramientas menores | D10: Glb | E10: 0.05 | F10: =+H40 -> 1266.5761 | G10: =F10*E10 -> 63.328804
B11: Estacion total y Nivel | D11: DIA | E11: =1/(F37) -> 0.0028571429 | F11: 650000 | G11: =+F11*E11 -> 1857.1429
G12: =+F12*E12 -> 0
G13: =+F13*E13 -> 0
G14: SUB-TOTAL | H14: =+SUM(G10:G13) -> 1920.4717
B16: II. MATERIALES EN OBRA
B17: Descripción | D17: Unidad | E17: Cantidad | F17: Vr. Unitario | G17: Vr. Parcial
B18: CONSUMIBLES | D18: GLB | E18: =+E10 -> 0.05 | F18: =+F10*0.5 -> 633.28804 | G18: =F18*E18 -> 31.664402
B19: Listón de cativo de 2" x 4 " x 10' | D19: Und | E19: =1/(F37*3) -> 0.00095238095 | F19: =20700*1.04 -> 21528 | G19: =F19*E19 -> 20.502857
B20: Puntilla Con Cabeza 2-1/2Pg 500G | D20: Und | E20: =+E19*3 -> 0.0028571429 | F20: 4900 | G20: =F20*E20 -> 14
G21: =F21*E21 -> 0
G22: =F22*E22 -> 0
G23: =F23*E23 -> 0
G24: =F24*E24 -> 0
G25: =F25*E25 -> 0
G26: SUB-TOTAL | H26: =+SUM(G18:G25) -> 66.167259
B28: III. TRANSPORTE
B29: Descripción | D29: VOL. o PESO | E29: DISTANCIA | F29: M3 o Ton/Km | G29: TARIFA | H29: Vr. Unitario
G30: =F30*E30 -> 0 | H30: =+E30*F30*G30 -> 0
G31: =F31*E31 -> 0 | H31: =+E31*F31*G31 -> 0
G32: =F32*E32 -> 0 | H32: =+E32*F32*G32 -> 0
G33: SUB-TOTAL | H33: =+SUM(H30:H32) -> 0
B35: IV. MANO DE OBRA
B36: Trabajador | C36: Jornal | D36: Prest.Soc. | E36: Jornal Total | F36: Rendimiento | G36: Vr.Unitario
B37: Topografo | C37: =+VLOOKUP(B37,MO!$D$13:$E$80,2,FALSE) -> 113880 | D37: 0.85 | E37: =C37+(C37*D37) -> 210678 | F37: 350 | G37: =+E37/F37 -> 601.93714
B38: Cadenero | C38: =+VLOOKUP(B38,MO!$D$13:$E$80,2,FALSE) -> 54567.5 | D38: 0.85 | E38: =C38+(C38*D38) -> 100949.87 | F38: =+F37 -> 350 | G38: =+E38/F38 -> 288.42821
B39: Dibujante | C39: =+VLOOKUP(B39,MO!$D$13:$E$80,2,FALSE) -> 71175 | D39: 0.85 | E39: =C39+(C39*D39) -> 131673.75 | F39: =+F38 -> 350 | G39: =+E39/F39 -> 376.21071
G40: SUB-TOTAL | H40: =+SUM(G37:G39) -> 1266.5761
F42: TOTAL COSTO DIRECTO | H42: =ROUND(H40+H33+H26+H14,0) -> 3253
B44: V. COSTO INDIRECTO
B45: DESCRIPCION | F45: %
B46: ADMINISTRACION | F46: 0.2 | H46: =H42*F46 -> 650.6
B47: IMPREVISTO | F47: 0.05 | H47: =H42*F47 -> 162.65
B48: UTILIDAD | F48: 0.05 | H48: =H42*F48 -> 162.65
G49: SUB-TOTAL | H49: =+SUM(H46:H48) -> 975.9
C51: OBSERVACIONES INTERVENTORÍA | F51: COSTO TOTAL | H51: =H42+H49 -> 4228.9
F53: Firma
F54: Nombre:
F55: Representante Legal del Contratista o su Apoderado
F56: Matricula No. :
C58: APROBACIÓN POR INTERVENTORÍA
C59: NOTA:
C60: 1
C61: 2
C62: 3
F63: Firma
F64: Nombre:
F65: Representante Legal del Interventor o su Apoderado
F66: Matricula No. :
D68: ANALISIS DE PRECIOS UNITARIOS | G68: CODIGO | H68: FT-TEC-02
G69: VERSION
G70: FECHA DE APROBACION | H70: 44901
B73: ITEM: | C73: =PRESUPUESTO!F13 -> CERRAMIENTO (8 HILERAS DE ALAMBRE LISO CALIBRE 12, CON POSTE DE CONCRETO DE 10 CM X 10 CM Y 3 M DE ALTURA, CON BRAZO, 8 HUECOS. ENTERRADO COMO MIN. 0.60m, CON PEDESTAL EN CONCRETO 30X30, NTERCALADO CADA 1,2 M ENTRE POSTES Y CONTRAFUERTES AL INCIO Y FINAL DE CADA TRAMO Y ESQUINAS. CON AMARRE DE SEGURIDAD PARA CADA HILO DE ALAMBRE EN LOS POSTES | H73: UNIDAD
B74: =PRESUPUESTO!B13 -> 1.02 | H74: =PRESUPUESTO!G13 -> ML
B75: I. EQUIPO
B76: Descripción | D76: Unidad | E76: Cantidad | F76: Costo | G76: Vr. Unitario
B77: Herramientas menores | D77: Glb | E77: 0.05 | F77: =+H107 -> 50161.429 | G77: =F77*E77 -> 2508.0714
B78: VIBRADOR A GASOLINA | D78: DIA | E78: =1/32 -> 0.03125 | F78: =6000*8 -> 48000 | G78: =+F78*E78 -> 1500
G79: =+F79*E79 -> 0
G80: =+F80*E80 -> 0
G81: SUB-TOTAL | H81: =+SUM(G77:G80) -> 4008.0714
B83: II. MATERIALES EN OBRA
B84: Descripción | D84: Unidad | E84: Cantidad | F84: Vr. Unitario | G84: Vr. Parcial
B85: CONSUMIBLES | D85: GLB | E85: =+E77 -> 0.05 | F85: =+F77*0.5 -> 25080.714 | G85: =F85*E85 -> 1254.0357
B86: Poste de concreto con brazo para cerramiento de 3 m de altura dim 10x10 , 8 huecos. Incluye transporte al sitio del trabajo | D86: Un | E86: =+(1+(2/30)) -> 1.0666667 | F86: 67000 | G86: =E86*F86 -> 71466.667
B87: Alambre liso calibre 12 | D87: Mt | E87: 8 | F87: 500 | G87: =E87*F87 -> 4000
B88: Concreto 3500 psi , para base | D88: M3 | E88: =(0.3*0.3*0.6) -> 0.054 | F88: 621593.27 | G88: =E88*F88 -> 33566.037
B89: Alambre para amarre calibre 12 | D89: mt | E89: =8*0.5 -> 4 | F89: 500 | G89: =E89*F89 -> 2000
G90: =F90*E90 -> 0
G91: =F91*E91 -> 0
G92: =F92*E92 -> 0
G93: SUB-TOTAL | H93: =+SUM(G85:G92) -> 112286.74
B95: III. TRANSPORTE
B96: Descripción | D96: VOL. o PESO | E96: DISTANCIA | F96: M3 o Ton/Km | G96: TARIFA | H96: Vr. Unitario
G97: =F97*E97 -> 0 | H97: =+E97*F97*G97 -> 0
G98: =F98*E98 -> 0 | H98: =+E98*F98*G98 -> 0
G99: =F99*E99 -> 0 | H99: =+E99*F99*G99 -> 0
G100: SUB-TOTAL | H100: =+SUM(H97:H99) -> 0
B102: IV. MANO DE OBRA
B103: Trabajador | C103: Jornal | D103: Prest.Soc. | E103: Jornal Total | F103: Rendimiento | G103: Vr.Unitario
B104: oficial | C104: =+VLOOKUP(B104,MO!$D$13:$E$80,2,FALSE) -> 94900 | D104: 0.85 | E104: =C104+(C104*D104) -> 175565 | F104: 7 | G104: =+E104/F104 -> 25080.714
B105: ayudante (2) | C105: =+VLOOKUP(B105,MO!$D$13:$E$80,2,FALSE) -> 94900 | D105: 0.85 | E105: =C105+(C105*D105) -> 175565 | F105: =F104 -> 7 | G105: =+E105/F105 -> 25080.714
G107: SUB-TOTAL | H107: =+SUM(G104:G106) -> 50161.429
F109: TOTAL COSTO DIRECTO | H109: =ROUND(H107+H100+H93+H81,0) -> 166456
B111: V. COSTO INDIRECTO
B112: DESCRIPCION | F112: %
B113: ADMINISTRACION | F113: 0.2 | H113: =H109*F113 -> 33291.2
B114: IMPREVISTO | F114: 0.05 | H114: =H109*F114 -> 8322.8
B115: UTILIDAD | F115: 0.05 | H115: =H109*F115 -> 8322.8
G116: SUB-TOTAL | H116: =+SUM(H113:H115) -> 49936.8
C118: OBSERVACIONES INTERVENTORÍA | F118: COSTO TOTAL | H118: =H109+H116 -> 216392.8
F120: Firma
F121: Nombre:
...

Sheet BALANCE GENERAL
B2: ACTA PARCIAL N° 1 | I2: CODIGO: | J2: FT-TEC-01
I3: VESION: | J3: 2
I4: FECHA DE APROBACION: | J4: 44333
B6: OBJETO: | F6: OBRAS DE MANTENIMIENTO PREVENTIVO Y/O CORRECTIVO EN LAS SEDES EN PROPIEDAD DEL DISTRITO UBICADOS EN LA PLAZOLETA TELECOM LOCALES 107B SINTRAOFIPUCAR UNALDE FEDEJAC Y CERRAMIENTO DEL PREDIO UBICADO EN LA CALLE 49 CON VIA PERIMETRAL EN LA CIUDAD DE CARTAGENA
B8: CONDICIONES INICIALES | K8: MODIFICATORIO N° 1 | M8: CONDICIONES ACTUALIZADAS | O8: ACTA PARCIAL N° 1 | Q8: ACTA PARCIAL N° 2 | S8: ACUMULADO | U8: POR EJECUTAR
B9: Nº | C9: ÍTEM DE PAGO | D9: ESPECIFICACIONES | F9: DESCRIPCIÓN | G9: UND. | H9: CANTIDAD | I9: VALOR UNITARIO | J9: VALOR TOTAL | K9: CANTIDAD | M9: CANTIDAD | N9: VALOR TOTAL | O9: CANTIDAD | P9: VALOR TOTAL | Q9: CANTIDAD | R9: VALOR TOTAL | S9: CANTIDAD | T9: VALOR TOTAL | U9: CANTIDAD | V9: VALOR TOTAL
D10: GENERAL | E10: PARTICULAR | K10: MAYOR (+) | L10: MENOR (-)
F11: CERRAMIENTO DEL PREDIO UBICADO EN LA MARIA
B12: 1 | F12: CERRAMIENTO EN POSTE DE CONCRETO Y ALAMBRE LISO
A13: 1 | B13: =B12+0.01 -> 1.01 | F13: LOCALIZACIÓN, TRAZADO, REPLANTEO Y NIVELACIÓN. INCLUYE ENTREGA DE PLANOS Y CARTERA. | G13: M2 | H13: =MEMORIAS!X36 -> 721.8777 | I13: =APUS!H42 -> 3253 | J13: =H13*I13 -> 2348268.2 | K13: =IF(Hoja1!K13>0,Hoja1!K13,0) -> 0 | L13: =IF(Hoja1!K13<0,-Hoja1!K13,0) -> 0 | M13: =+H13+K13-L13 -> 721.8777 | N13: =+M13*I13 -> 2348268.2 | O13: =IF(X13="X",0,IFERROR(VLOOKUP(B13,'MEMORIAS ATP N° 1'!Q:AA,11,FALSE),0)) -> 0 | P13: =+I13*O13 -> 0 | R13: =+Q13*I13 -> 0 | S13: =+O13+Q13 -> 0 | T13: =+S13*I13 -> 0 | U13: =+M13-S13 -> 721.8777 | V13: =+U13*I13 -> 2348268.2
A14: =A13+1 -> 2 | B14: =B13+0.01 -> 1.02 | F14: CERRAMIENTO (8 HILERAS DE ALAMBRE LISO CALIBRE 12, CON POSTE DE CONCRETO DE 10 CM X 10 CM Y 3 M DE ALTURA, CON BRAZO, 8 HUECOS. ENTERRADO COMO MIN. 0.60m, CON PEDESTAL EN CONCRETO 30X30, NTERCALADO CADA 1,2 M ENTRE POSTES Y CONTRAFUERTES AL INCIO Y FINAL DE CADA TRAMO Y ESQUINAS. CON AMARRE DE SEGURIDAD PARA CADA HILO DE ALAMBRE EN LOS POSTES | G14: ML | H14: =MEMORIAS!X73 -> 52.8 | I14: =APUS!H109 -> 166456 | J14: =H14*I14 -> 8788876.8 | K14: =IF(Hoja1!K14>0,Hoja1!K14,0) -> 0 | L14: =IF(Hoja1!K14<0,-Hoja1!K14,0) -> 0 | M14: =+H14+K14-L14 -> 52.8 | N14: =+M14*I14 -> 8788876.8 | O14: =IF(X14="X",0,IFERROR(VLOOKUP(B14,'MEMORIAS ATP N° 1'!Q:AA,11,FALSE),0)) -> 0 | P14: =+I14*O14 -> 0 | R14: =+Q14*I14 -> 0 | S14: =+O14+Q14 -> 0 | T14: =+S14*I14 -> 0 | U14: =+M14-S14 -> 52.8 | V14: =+U14*I14 -> 8788876.8
A15: =A14+1 -> 3 | B15: =B14+0.01 -> 1.03 | F15: Suministro e instalacion de Porton de acceso vehicular de doble hoja abatible en tuberia galvanizada estructural Ø2". Incluye soportes y Herrajes, esquema de pintura Anticorrosivo Esp=6 mils, acabado Poliuretano blanca Esp=12mils. Incluye marco, tensores, empotramiento y anclaje de tubería de soporte de giro a pedestal de 20cm x 20cm x 40cm fundido In Situ en concreto de 3500 PSI armado con acero de refuerzo corrugado grado 60, Fy = 4200 kg/cm², cuantía mínima de 80kg/m³. | G15: M2 | H15: =MEMORIAS!X110 -> 9.35 | I15: =APUS!H176 -> 529235 | J15: =H15*I15 -> 4948347.3 | K15: =IF(Hoja1!K15>0,Hoja1!K15,0) -> 0 | L15: =IF(Hoja1!K15<0,-Hoja1!K15,0) -> 0 | M15: =+H15+K15-L15 -> 9.35 | N15: =+M15*I15 -> 4948347.3 | O15: =IF(X15="X",0,IFERROR(VLOOKUP(B15,'MEMORIAS ATP N° 1'!Q:AA,11,FALSE),0)) -> 0 | P15: =+I15*O15 -> 0 | R15: =+Q15*I15 -> 0 | S15: =+O15+Q15 -> 0 | T15: =+S15*I15 -> 0 | U15: =+M15-S15 -> 9.35 | V15: =+U15*I15 -> 4948347.3
A16: =A15+1 -> 4 | B16: =B15+0.01 -> 1.04 | F16: Micropilote para soporte de postes metalicos de portones Ø 30cm x H = 0,8mt. Incluye acero de refuerzo, Q. Min = 120 Kg Incluyendo acero de anclaje y avance para transferencia de carga a cimentacion superior. | G16: UND | H16: =MEMORIAS!X147 -> 2 | I16: =APUS!H243 -> 390187 | J16: =H16*I16 -> 780374 | K16: =IF(Hoja1!K16>0,Hoja1!K16,0) -> 0 | L16: =IF(Hoja1!K16<0,-Hoja1!K16,0) -> 0 | M16: =+H16+K16-L16 -> 2 | N16: =+M16*I16 -> 780374 | O16: =IF(X16="X",0,IFERROR(VLOOKUP(B16,'MEMORIAS ATP N° 1'!Q:AA,11,FALSE),0)) -> 0 | P16: =+I16*O16 -> 0 | R16: =+Q16*I16 -> 0 | S16: =+O16+Q16 -> 0 | T16: =+S16*I16 -> 0 | U16: =+M16-S16 -> 2 | V16: =+U16*I16 -> 780374
A17: =A16+1 -> 5 | B17: =B16+0.01 -> 1.05 | F17: Viga de amarre en concreto reforzado de 3500 PSI H=0,20 x W=0,20. Incluye acero de refuerzo corrugado grado 60, Fy = 4200 kg/cm², cuantia minima de 95kg/m³. Incluye junta de dilatacion en ambas caras de viga con placa existente. | G17: ML | H17: =MEMORIAS!X183 -> 4.25 | I17: =APUS!H310 -> 135793 | J17: =H17*I17 -> 577120.25 | K17: =IF(Hoja1!K17>0,Hoja1!K17,0) -> 0 | L17: =IF(Hoja1!K17<0,-Hoja1!K17,0) -> 0 | M17: =+H17+K17-L17 -> 4.25 | N17: =+M17*I17 -> 577120.25 | O17: =IF(X17="X",0,IFERROR(VLOOKUP(B17,'MEMORIAS ATP N° 1'!Q:AA,11,FALSE),0)) -> 0 | P17: =+I17*O17 -> 0 | R17: =+Q17*I17 -> 0 | S17: =+O17+Q17 -> 0 | T17: =+S17*I17 -> 0 | U17: =+M17-S17 -> 4.25 | V17: =+U17*I17 -> 577120.25
A18: =A17+1 -> 6 | B18: =B17+0.01 -> 1.06 | F18: Perfilacion y poda con guadañadora de terreno natural, Incluye trasiego de material de residuo a punto de acopio temporal. | G18: M2 | H18: =MEMORIAS!X220 -> 814.56 | I18: =APUS!H376 -> 2372 | J18: =H18*I18 -> 1932136.3 | K18: =IF(Hoja1!K18>0,Hoja1!K18,0) -> 0 | L18: =IF(Hoja1!K18<0,-Hoja1!K18,0) -> 0 | M18: =+H18+K18-L18 -> 814.56 | N18: =+M18*I18 -> 1932136.3 | O18: =IF(X18="X",0,IFERROR(VLOOKUP(B18,'MEMORIAS ATP N° 1'!Q:AA,11,FALSE),0)) -> 0 | P18: =+I18*O18 -> 0 | R18: =+Q18*I18 -> 0 | S18: =+O18+Q18 -> 0 | T18: =+S18*I18 -> 0 | U18: =+M18-S18 -> 814.56 | V18: =+U18*I18 -> 1932136.3
A19: =A18+1 -> 7 | B19: =B18+0.01 -> 1.07 | F19: APLICACIÓN DE MATA MALEZA CON HERBICIDA NO SELECTIVO (GLIFOSATO - UNA APLICACIÓN 15 días despues de haber realizado el corte de maleza) | G19: M2 | H19: =MEMORIAS!X256 -> 814.56 | I19: =APUS!H442 -> 1039 | J19: =H19*I19 -> 846327.84 | K19: =IF(Hoja1!K19>0,Hoja1!K19,0) -> 0 | L19: =IF(Hoja1!K19<0,-Hoja1!K19,0) -> 0 | M19: =+H19+K19-L19 -> 814.56 | N19: =+M19*I19 -> 846327.84 | O19: =IF(X19="X",0,IFERROR(VLOOKUP(B19,'MEMORIAS ATP N° 1'!Q:AA,11,FALSE),0)) -> 0 | P19: =+I19*O19 -> 0 | R19: =+Q19*I19 -> 0 | S19: =+O19+Q19 -> 0 | T19: =+S19*I19 -> 0 | U19: =+M19-S19 -> 814.56 | V19: =+U19*I19 -> 846327.84
A20: =A19+1 -> 8 | B20: =B19+0.01 -> 1.08 | F20: SUMINISTRO E INSTALACION DE VALLA INFORMATIVA DE 1X 0.7 CON BASTIDOR EN MADERA. SEGÚN DISEÑO. | G20: UND | H20: =MEMORIAS!X292 -> 1 | I20: =APUS!H508 -> 384805 | J20: =H20*I20 -> 384805 | K20: =IF(Hoja1!K20>0,Hoja1!K20,0) -> 0 | L20: =IF(Hoja1!K20<0,-Hoja1!K20,0) -> 0 | M20: =+H20+K20-L20 -> 1 | N20: =+M20*I20 -> 384805 | O20: =IF(X20="X",0,IFERROR(VLOOKUP(B20,'MEMORIAS ATP N° 1'!Q:AA,11,FALSE),0)) -> 0 | P20: =+I20*O20 -> 0 | R20: =+Q20*I20 -> 0 | S20: =+O20+Q20 -> 0 | T20: =+S20*I20 -> 0 | U20: =+M20-S20 -> 1 | V20: =+U20*I20 -> 384805
F21: ADECUACIÓN LOCALES PROPIEDAD DEL DISTRITO (SINTRAOFIPUCAR, UNALDE Y FEDEJAC)
B22: =B12+1 -> 2 | F22: DEMOLICIONES Y DESMONTES
A23: =A20+1 -> 9 | B23: =B22+0.01 -> 2.01 | F23: Picada de Enchape de pisos y muros, bases de meson. (Incluye retiro de material sobrante y disposición final en R.S.) | G23: M2 | H23: =MEMORIAS!X329 -> 125.7 | I23: =APUS!H575 -> 15929 | J23: =H23*I23 -> 2002275.3 | K23: =IF(Hoja1!K23>0,Hoja1!K23,0) -> 0 | L23: =IF(Hoja1!K23<0,-Hoja1!K23,0) -> 0 | M23: =+H23+K23-L23 -> 125.7 | N23: =+M23*I23 -> 2002275.3 | O23: =IF(X23="X",0,IFERROR(VLOOKUP(B23,'MEMORIAS ATP N° 1'!Q:AA,11,FALSE),0)) -> 116.1874 | P23: =+I23*O23 -> 1850749.1 | R23: =+Q23*I23 -> 0 | S23: =+O23 -> 116.1874 | T23: =+S23*I23 -> 1850749.1 | U23: =+M23-S23 -> 9.5126 | V23: =+U23*I23 -> 151526.21
A24: =A23+1 -> 10 | B24: =B23+0.01 -> 2.02 | F24: Desmonte de Elementos Sanitarios (Incluye retiro de material sobrante y disposición final en R.S.) | G24: UND | H24: =MEMORIAS!X366 -> 7 | I24: =APUS!H642 -> 113661 | J24: =H24*I24 -> 795627 | K24: =IF(Hoja1!K24>0,Hoja1!K24,0) -> 0 | L24: =IF(Hoja1!K24<0,-Hoja1!K24,0) -> 0 | M24: =+H24+K24-L24 -> 7 | N24: =+M24*I24 -> 795627 | O24: =IF(X24="X",0,IFERROR(VLOOKUP(B24,'MEMORIAS ATP N° 1'!Q:AA,11,FALSE),0)) -> 7 | P24: =+I24*O24 -> 795627 | R24: =+Q24*I24 -> 0 | S24: =+O24 -> 7 | T24: =+S24*I24 -> 795627 | U24: =+M24-S24 -> 0 | V24: =+U24*I24 -> 0
A25: =A24+1 -> 11 | B25: =B24+0.01 -> 2.03 | F25: DESMONTE PUERTAS CON MARCOS (INC. RETIRO DE SOBR.) | G25: UND | H25: =MEMORIAS!X403 -> 4 | I25: =APUS!H709 -> 80873 | J25: =H25*I25 -> 323492 | K25: =IF(Hoja1!K25>0,Hoja1!K25,0) -> 0 | L25: =IF(Hoja1!K25<0,-Hoja1!K25,0) -> 0 | M25: =+H25+K25-L25 -> 4 | N25: =+M25*I25 -> 323492 | O25: =IF(X25="X",0,IFERROR(VLOOKUP(B25,'MEMORIAS ATP N° 1'!Q:AA,11,FALSE),0)) -> 4 | P25: =+I25*O25 -> 323492 | R25: =+Q25*I25 -> 0 | S25: =+O25 -> 4 | T25: =+S25*I25 -> 323492 | U25: =+M25-S25 -> 0 | V25: =+U25*I25 -> 0
A26: =A25+1 -> 12 | B26: =B25+0.01 -> 2.04 | F26: Desmonte de Cielo raso (Incluye retiro y disposicion final de escombros en sitio autorizado por la autoridad ambiental) | G26: M2 | H26: =MEMORIAS!X440 -> 84.35 | I26: =APUS!H776 -> 21400 | J26: =H26*I26 -> 1805090 | K26: =IF(Hoja1!K26>0,Hoja1!K26,0) -> 0 | L26: =IF(Hoja1!K26<0,-Hoja1!K26,0) -> 0 | M26: =+H26+K26-L26 -> 84.35 | N26: =+M26*I26 -> 1805090 | O26: =IF(X26="X",0,IFERROR(VLOOKUP(B26,'MEMORIAS ATP N° 1'!Q:AA,11,FALSE),0)) -> 73.5739 | P26: =+I26*O26 -> 1574481.5 | R26: =+Q26*I26 -> 0 | S26: =+O26 -> 73.5739 | T26: =+S26*I26 -> 1574481.5 | U26: =+M26-S26 -> 10.7761 | V26: =+U26*I26 -> 230608.54
A27: =A26+1 -> 13 | B27: =B26+0.01 -> 2.05 | F27: Demolicion de muro en drywall y divisiones (Incluye retiro de material sobrante y disposición final en R.S.) | G27: M2 | H27: =MEMORIAS!X477 -> 5.825 | I27: =APUS!H843 -> 23723 | J27: =H27*I27 -> 138186.48 | K27: =IF(Hoja1!K27>0,Hoja1!K27,0) -> 0 | L27: =IF(Hoja1!K27<0,-Hoja1!K27,0) -> 0 | M27: =+H27+K27-L27 -> 5.825 | N27: =+M27*I27 -> 138186.48 | O27: =IF(X27="X",0,IFERROR(VLOOKUP(B27,'MEMORIAS ATP N° 1'!Q:AA,11,FALSE),0)) -> 0 | P27: =+I27*O27 -> 0 | R27: =+Q27*I27 -> 0 | S27: =+O27 -> 0 | T27: =+S27*I27 -> 0 | U27: =+M27-S27 -> 5.825 | V27: =+U27*I27 -> 138186.48
A28: =A27+1 -> 14 | B28: =B27+0.01 -> 2.06 | F28: DESMONTE DE LAMPARAS | G28: UND | H28: =MEMORIAS!X514 -> 18 | I28: =APUS!H910 -> 17792 | J28: =H28*I28 -> 320256 | K28: =IF(Hoja1!K28>0,Hoja1!K28,0) -> 0 | L28: =IF(Hoja1!K28<0,-Hoja1!K28,0) -> 0 | M28: =+H28+K28-L28 -> 18 | N28: =+M28*I28 -> 320256 | O28: =IF(X28="X",0,IFERROR(VLOOKUP(B28,'MEMORIAS ATP N° 1'!Q:AA,11,FALSE),0)) -> 18 | P28: =+I28*O28 -> 320256 | R28: =+Q28*I28 -> 0 | S28: =+O28 -> 18 | T28: =+S28*I28 -> 320256 | U28: =+M28-S28 -> 0 | V28: =+U28*I28 -> 0
A29: =A28+1 -> 15 | B29: =B28+0.01 -> 2.07 | F29: Desmonte Estructura Madera existente (Incluye retiro de material sobrante y disposición final en R.S.) | G29: M2 | H29: =MEMORIAS!X551 -> 12.22 | I29: =APUS!H977 -> 32045 | J29: =H29*I29 -> 391589.9 | K29: =IF(Hoja1!K29>0,Hoja1!K29,0) -> 0 | L29: =IF(Hoja1!K29<0,-Hoja1!K29,0) -> 0 | M29: =+H29+K29-L29 -> 12.22 | N29: =+M29*I29 -> 391589.9 | O29: =IF(X29="X",0,IFERROR(VLOOKUP(B29,'MEMORIAS ATP N° 1'!Q:AA,11,FALSE),0)) -> 5.825 | P29: =+I29*O29 -> 186662.12 | R29: =+Q29*I29 -> 0 | S29: =+O29 -> 5.825 | T29: =+S29*I29 -> 186662.12 | U29: =+M29-S29 -> 6.395 | V29: =+U29*I29 -> 204927.78
A30: =A29+1 -> 16 | B30: =B29+0.01 -> 2.08 | F30: Desinstalacion de baranda metalica. Incluye disposicion en punto de acopio temporal, autorizado por la supervision. | G30: ML | H30: =MEMORIAS!X588 -> 6.65 | I30: =APUS!H1044 -> 42272 | J30: =H30*I30 -> 281108.8 | K30: =IF(Hoja1!K30>0,Hoja1!K30,0) -> 0 | L30: =IF(Hoja1!K30<0,-Hoja1!K30,0) -> 0 | M30: =+H30+K30-L30 -> 6.65 | N30: =+M30*I30 -> 281108.8 | O30: =IF(X30="X",0,IFERROR(VLOOKUP(B30,'MEMORIAS ATP N° 1'!Q:AA,11,FALSE),0)) -> 6.65 | P30: =+I30*O30 -> 281108.8 | R30: =+Q30*I30 -> 0 | S30: =+O30 -> 6.65 | T30: =+S30*I30 -> 281108.8 | U30: =+M30-S30 -> 0 | V30: =+U30*I30 -> 0
A31: =A30+1 -> 17 | B31: =B30+0.01 -> 2.09 | F31: Demolicion de muros e= 10-15cm, incluye desmonte de elementos ubicados en los vanos (marcos, puertas y ventanas) y desmonte de ductería embebida en los muros. (Incluye retiro y disposicion final de escombros en sitio autorizado por la autoridad ambiental). | G31: M2 | H31: =MEMORIAS!X625 -> 2.45 | I31: =APUS!H1111 -> 36441 | J31: =H31*I31 -> 89280.45 | K31: =IF(Hoja1!K31>0,Hoja1!K31,0) -> 0 | L31: =IF(Hoja1!K31<0,-Hoja1!K31,0) -> 0 | M31: =+H31+K31-L31 -> 2.45 | N31: =+M31*I31 -> 89280.45 | O31: =IF(X31="X",0,IFERROR(VLOOKUP(B31,'MEMORIAS ATP N° 1'!Q:AA,11,FALSE),0)) -> 2.45 | P31: =+I31*O31 -> 89280.45 | R31: =+Q31*I31 -> 0 | S31: =+O31 -> 2.45 | T31: =+S31*I31 -> 89280.45 | U31: =+M31-S31 -> 0 | V31: =+U31*I31 -> 0
B32: =B22+1 -> 3 | F32: PISOS Y ENCHAPES
A33: =A31+1 -> 18 | B33: =B32+0.01 -> 3.01 | F33: Suministro e instalacion de enchape pisos tipo porcelana formato 60x60 color gris claro | G33: M2 | H33: =MEMORIAS!X662 -> 92.76 | I33: =APUS!H1178 -> 106857 | J33: =H33*I33 -> 9912055.3 | K33: =IF(Hoja1!K33>0,Hoja1!K33,0) -> 0 | L33: =IF(Hoja1!K33<0,-Hoja1!K33,0) -> 0 | M33: =+H33+K33-L33 -> 92.76 | N33: =+M33*I33 -> 9912055.3 | O33: =IF(X33="X",0,IFERROR(VLOOKUP(B33,'MEMORIAS ATP N° 1'!Q:AA,11,FALSE),0)) -> 0 | P33: =+I33*O33 -> 0 | R33: =+Q33*I33 -> 0 | S33: =+O33 -> 0 | T33: =+S33*I33 -> 0 | U33: =+M33-S33 -> 92.76 | V33: =+U33*I33 -> 9912055.3
A34: =A33+1 -> 19 | B34: =B33+0.01 -> 3.02 | F34: Suministro e instalacion de zocalo para pisos tipo porcelana Blanco o similar | G34: ML | H34: =MEMORIAS!X699 -> 95.52 | I34: =APUS!H1245 -> 22902 | J34: =H34*I34 -> 2187599 | K34: =IF(Hoja1!K34>0,Hoja1!K34,0) -> 0 | L34: =IF(Hoja1!K34<0,-Hoja1!K34,0) -> 0 | M34: =+H34+K34-L34 -> 95.52 | N34: =+M34*I34 -> 2187599 | O34: =IF(X34="X",0,IFERROR(VLOOKUP(B34,'MEMORIAS ATP N° 1'!Q:AA,11,FALSE),0)) -> 0 | P34: =+I34*O34 -> 0 | R34: =+Q34*I34 -> 0 | S34: =+O34 -> 0 | T34: =+S34*I34 -> 0 | U34: =+M34-S34 -> 95.52 | V34: =+U34*I34 -> 2187599
B35: =B32+1 -> 4 | F35: HIDROSANITARIOS
A36: =A34+1 -> 20 | B36: =B35+0.01 -> 4.01 | F36: Suministro e instalación de sanitario institucional blanco tipo Acuacer o similar incluye Grifería y accesorios. | G36: UND | H36: =MEMORIAS!X736 -> 3 | I36: =APUS!H1312 -> 1475748 | J36: =H36*I36 -> 4427244 | K36: =IF(Hoja1!K36>0,Hoja1!K36,0) -> 0 | L36: =IF(Hoja1!K36<0,-Hoja1!K36,0) -> 0 | M36: =+H36+K36-L36 -> 3 | N36: =+M36*I36 -> 4427244 | O36: =IF(X36="X",0,IFERROR(VLOOKUP(B36,'MEMORIAS ATP N° 1'!Q:AA,11,FALSE),0)) -> 3 | P36: =+I36*O36 -> 4427244 | R36: =+Q36*I36 -> 0 | S36: =+O36 -> 3 | T36: =+S36*I36 -> 4427244 | U36: =+M36-S36 -> 0 | V36: =+U36*I36 -> 0
A37: =A36+1 -> 21 | B37: =B36+0.01 -> 4.02 | F37: Suministro e instalación de orinal institucional con fluxometro blanco tipo Gotta o similar incluye Grifería y accesorios. | G37: UND | H37: =MEMORIAS!X773 -> 3 | I37: =APUS!H1379 -> 1281711 | J37: =H37*I37 -> 3845133 | K37: =IF(Hoja1!K37>0,Hoja1!K37,0) -> 0 | L37: =IF(Hoja1!K37<0,-Hoja1!K37,0) -> 0 | M37: =+H37+K37-L37 -> 3 | N37: =+M37*I37 -> 3845133 | O37: =IF(X37="X",0,IFERROR(VLOOKUP(B37,'MEMORIAS ATP N° 1'!Q:AA,11,FALSE),0)) -> 3 | P37: =+I37*O37 -> 3845133 | R37: =+Q37*I37 -> 0 | S37: =+O37 -> 3 | T37: =+S37*I37 -> 3845133 | U37: =+M37-S37 -> 0 | V37: =+U37*I37 -> 0
A38: =A37+1 -> 22 | B38: =B37+0.01 -> 4.03 | F38: Suministro e instalación de espejos ovalados color negro (50x100cm) para baños de 6 mm flotado | G38: UND | H38: =MEMORIAS!X810 -> 3 | I38: =APUS!H1446 -> 219350 | J38: =H38*I38 -> 658050 | K38: =IF(Hoja1!K38>0,Hoja1!K38,0) -> 0 | L38: =IF(Hoja1!K38<0,-Hoja1!K38,0) -> 0 | M38: =+H38+K38-L38 -> 3 | N38: =+M38*I38 -> 658050 | O38: =IF(X38="X",0,IFERROR(VLOOKUP(B38,'MEMORIAS ATP N° 1'!Q:AA,11,FALSE),0)) -> 3 | P38: =+I38*O38 -> 658050 | R38: =+Q38*I38 -> 0 | S38: =+O38 -> 3 | T38: =+S38*I38 -> 658050 | U38: =+M38-S38 -> 0 | V38: =+U38*I38 -> 0
A39: =A38+1 -> 23 | B39: =B38+0.01 -> 4.04 | F39: Suministro e instalacion de Lavamanos de sobreponer redondo diametro 365mm alto 120mm , incluye griferia decorativa color negro, meson en piedra sinterizada color Bianco Rhino y mueble flortante en melamina de 18mm color Ceniza de 0.50 de fondo x 0.80 frente x 0.65 alto con dos puertas con un entrepaño interior y un entrepaño exterior (Incluye mantenimientos de tuberias sanitaria e hidraulicas) | G39: UND | H39: =MEMORIAS!X847 -> 3 | I39: =APUS!H1513 -> 2018848 | J39: =H39*I39 -> 6056544 | K39: =IF(Hoja1!K39>0,Hoja1!K39,0) -> 0 | L39: =IF(Hoja1!K39<0,-Hoja1!K39,0) -> 0 | M39: =+H39+K39-L39 -> 3 | N39: =+M39*I39 -> 6056544 | O39: =IF(X39="X",0,IFERROR(VLOOKUP(B39,'MEMORIAS ATP N° 1'!Q:AA,11,FALSE),0)) -> 3 | P39: =+I39*O39 -> 6056544 | R39: =+Q39*I39 -> 0 | S39: =+O39 -> 3 | T39: =+S39*I39 -> 6056544 | U39: =+M39-S39 -> 0 | V39: =+U39*I39 -> 0
A40: =A39+1 -> 24 | B40: =B39+0.01 -> 4.05 | F40: Suministro e instalacion punto Hidraulico 1/2" | G40: UND | H40: =MEMORIAS!X884 -> 4 | I40: =APUS!H1579 -> 29623 | J40: =H40*I40 -> 118492 | K40: =IF(Hoja1!K40>0,Hoja1!K40,0) -> 0 | L40: =IF(Hoja1!K40<0,-Hoja1!K40,0) -> 0 | M40: =+H40+K40-L40 -> 4 | N40: =+M40*I40 -> 118492 | O40: =IF(X40="X",0,IFERROR(VLOOKUP(B40,'MEMORIAS ATP N° 1'!Q:AA,11,FALSE),0)) -> 4 | P40: =+I40*O40 -> 118492 | R40: =+Q40*I40 -> 0 | S40: =+O40 -> 4 | T40: =+S40*I40 -> 118492 | U40: =+M40-S40 -> 0 | V40: =+U40*I40 -> 0
A41: =A40+1 -> 25 | B41: =B40+0.01 -> 4.06 | F41: Suministro e instalacion punto sanitario 2" | G41: UND | H41: =MEMORIAS!X921 -> 4 | I41: =APUS!H1646 -> 38139 | J41: =H41*I41 -> 152556 | K41: =IF(Hoja1!K41>0,Hoja1!K41,0) -> 0 | L41: =IF(Hoja1!K41<0,-Hoja1!K41,0) -> 0 | M41: =+H41+K41-L41 -> 4 | N41: =+M41*I41 -> 152556 | O41: =IF(X41="X",0,IFERROR(VLOOKUP(B41,'MEMORIAS ATP N° 1'!Q:AA,11,FALSE),0)) -> 4 | P41: =+I41*O41 -> 152556 | R41: =+Q41*I41 -> 0 | S41: =+O41 -> 4 | T41: =+S41*I41 -> 152556 | U41: =+M41-S41 -> 0 | V41: =+U41*I41 -> 0
A42: =A41+1 -> 26 | B42: =B41+0.01 -> 4.07 | F42: SUMINSITRO E INSTALACION E TUBERIA HIDRAULICA 1/2". Incluye accesorios como codos, tee y tapones. | G42: ML | H42: =MEMORIAS!X958 -> 14 | I42: =APUS!H1713 -> 30529 | J42: =H42*I42 -> 427406 | K42: =IF(Hoja1!K42>0,Hoja1!K42,0) -> 0 | L42: =IF(Hoja1!K42<0,-Hoja1!K42,0) -> 0 | M42: =+H42+K42-L42 -> 14 | N42: =+M42*I42 -> 427406 | O42: =IF(X42="X",0,IFERROR(VLOOKUP(B42,'MEMORIAS ATP N° 1'!Q:AA,11,FALSE),0)) -> 6.45 | P42: =+I42*O42 -> 196912.05 | R42: =+Q42*I42 -> 0 | S42: =+O42 -> 6.45 | T42: =+S42*I42 -> 196912.05 | U42: =+M42-S42 -> 7.55 | V42: =+U42*I42 -> 230493.95
A43: =A42+1 -> 27 | B43: =B42+0.01 -> 4.08 | F43: TUBERIA PVC SANITARIA DE 2" (incluye atraque en concreto). Incluye accesorios como codos, tee y tapones. | G43: ML | H43: =MEMORIAS!X995 -> 14 | I43: =APUS!H1780 -> 54927 | J43: =H43*I43 -> 768978 | K43: =IF(Hoja1!K43>0,Hoja1!K43,0) -> 0 | L43: =IF(Hoja1!K43<0,-Hoja1!K43,0) -> 0 | M43: =+H43+K43-L43 -> 14 | N43: =+M43*I43 -> 768978 | O43: =IF(X43="X",0,IFERROR(VLOOKUP(B43,'MEMORIAS ATP N° 1'!Q:AA,11,FALSE),0)) -> 5.03 | P43: =+I43*O43 -> 276282.81 | R43: =+Q43*I43 -> 0 | S43: =+O43 -> 5.03 | T43: =+S43*I43 -> 276282.81 | U43: =+M43-S43 -> 8.97 | V43: =+U43*I43 -> 492695.19
B44: =B35+1 -> 5 | F44: CIELO RASO, ESTUCO Y PINTURA
A45: =A43+1 -> 28 | B45: =B44+0.01 -> 5.01 | F45: SUMINISTRO E INSTALACIÓN DE CIELO RASO EN DRYWALL de 1/2" (incluye pintura 2 manos, soporte perfileria metaliza y accesorios de sujecion) | G45: M2 | H45: =MEMORIAS!X1032 -> 73.7 | I45: =APUS!H1847 -> 78229 | J45: =H45*I45 -> 5765477.3 | K45: =IF(Hoja1!K45>0,Hoja1!K45,0) -> 0 | L45: =IF(Hoja1!K45<0,-Hoja1!K45,0) -> 0 | M45: =+H45+K45-L45 -> 73.7 | N45: =+M45*I45 -> 5765477.3 | O45: =IF(X45="X",0,IFERROR(VLOOKUP(B45,'MEMORIAS ATP N° 1'!Q:AA,11,FALSE),0)) -> 73.5739 | P45: =+I45*O45 -> 5755612.6 | R45: =+Q45*I45 -> 0 | S45: =+O45 -> 73.5739 | T45: =+S45*I45 -> 5755612.6 | U45: =+M45-S45 -> 0.1261 | V45: =+U45*I45 -> 9864.6769
A46: =A45+1 -> 29 | B46: =B45+0.01 -> 5.02 | F46: Pintura tipo 1 viniltex o similar de pintuco 2 manos en muros y cielo raso interior | G46: M2 | H46: =MEMORIAS!X1069 -> 309.24194 | I46: =APUS!H1914 -> 15216 | J46: =H46*I46 -> 4705425.3 | K46: =IF(Hoja1!K46>0,Hoja1!K46,0) -> 0 | L46: =IF(Hoja1!K46<0,-Hoja1!K46,0) -> 0 | M46: =+H46+K46-L46 -> 309.24194 | N46: =+M46*I46 -> 4705425.3 | O46: =IF(X46="X",0,IFERROR(VLOOKUP(B46,'MEMORIAS ATP N° 1'!Q:AA,11,FALSE),0)) -> 15.5664 | P46: =+I46*O46 -> 236858.34 | R46: =+Q46*I46 -> 0 | S46: =+O46 -> 15.5664 | T46: =+S46*I46 -> 236858.34 | U46: =+M46-S46 -> 293.67554 | V46: =+U46*I46 -> 4468567
A47: 30 | B47: =B46+0.01 -> 5.03 | F47: Estuco plastico sobre muros interior y exterior | G47: M2 | H47: =MEMORIAS!X1106 -> 35.09 | I47: =APUS!H1981 -> 21574 | J47: =H47*I47 -> 757031.66 | K47: =IF(Hoja1!K47>0,Hoja1!K47,0) -> 0 | L47: =IF(Hoja1!K47<0,-Hoja1!K47,0) -> 0 | M47: =+H47+K47-L47 -> 35.09 | N47: =+M47*I47 -> 757031.66 | O47: =IF(X47="X",0,IFERROR(VLOOKUP(B47,'MEMORIAS ATP N° 1'!Q:AA,11,FALSE),0)) -> 25.468 | P47: =+I47*O47 -> 549446.63 | R47: =+Q47*I47 -> 0 | S47: =+O47 -> 25.468 | T47: =+S47*I47 -> 549446.63 | U47: =+M47-S47 -> 9.622 | V47: =+U47*I47 -> 207585.03
B48: =B44+1 -> 6 | F48: CARPINTERIA EN MADERA Y METALICA
A49: =+A47+1 -> 31 | B49: =B48+0.01 -> 6.01 | F49: Suministro e instalación de vidrio templado en ventana de oficia sintraofipucar | G49: M2 | H49: =MEMORIAS!X1143 -> 0.7 | I49: =APUS!H2048 -> 232794 | J49: =H49*I49 -> 162955.8 | K49: =IF(Hoja1!K49>0,Hoja1!K49,0) -> 0 | L49: =IF(Hoja1!K49<0,-Hoja1!K49,0) -> 0 | M49: =+H49+K49-L49 -> 0.7 | N49: =+M49*I49 -> 162955.8 | O49: =IF(X49="X",0,IFERROR(VLOOKUP(B49,'MEMORIAS ATP N° 1'!Q:AA,11,FALSE),0)) -> 0 | P49: =+I49*O49 -> 0 | R49: =+Q49*I49 -> 0 | S49: =+O49 -> 0 | T49: =+S49*I49 -> 0 | U49: =+M49-S49 -> 0.7 | V49: =+U49*I49 -> 162955.8
A50: =A49+1 -> 32 | B50: =B49+0.01 -> 6.02 | F50: Mantenimiento y ajuste de puertas en aluminio y vidrio, incluye cambio de cerradura, ajuste de bisagras y lubricación. | G50: UND | H50: =MEMORIAS!X1180 -> 3 | I50: =APUS!H2115 -> 372791 | J50: =H50*I50 -> 1118373 | K50: =IF(Hoja1!K50>0,Hoja1!K50,0) -> 0 | L50: =IF(Hoja1!K50<0,-Hoja1!K50,0) -> 0 | M50: =+H50+K50-L50 -> 3 | N50: =+M50*I50 -> 1118373 | O50: =IF(X50="X",0,IFERROR(VLOOKUP(B50,'MEMORIAS ATP N° 1'!Q:AA,11,FALSE),0)) -> 0 | P50: =+I50*O50 -> 0 | R50: =+Q50*I50 -> 0 | S50: =+O50 -> 0 | T50: =+S50*I50 -> 0 | U50: =+M50-S50 -> 3 | V50: =+U50*I50 -> 1118373
A51: =A50+1 -> 33 | B51: =B50+0.01 -> 6.03 | F51: Suministro e instalacion de Puertas entamboradad en RH color ceniza, abatible 0,70 x 2,2m, incluye cerradura tipo palanca cuadrada color negro, bisagras y demás elementos para su instalación | G51: UND | H51: =MEMORIAS!X1217 -> 6 | I51: =APUS!H2182 -> 895469 | J51: =H51*I51 -> 5372814 | K51: =IF(Hoja1!K51>0,Hoja1!K51,0) -> 0 | L51: =IF(Hoja1!K51<0,-Hoja1!K51,0) -> 0 | M51: =+H51+K51-L51 -> 6 | N51: =+M51*I51 -> 5372814 | O51: =IF(X51="X",0,IFERROR(VLOOKUP(B51,'MEMORIAS ATP N° 1'!Q:AA,11,FALSE),0)) -> 6 | P51: =+I51*O51 -> 5372814 | R51: =+Q51*I51 -> 0 | S51: =+O51 -> 6 | T51: =+S51*I51 -> 5372814 | U51: =+M51-S51 -> 0 | V51: =+U51*I51 -> 0
A52: =A51+1 -> 34 | B52: =B51+0.01 -> 6.04 | F52: Suministro e instalación de puertas en vidrio templado de 12 mm, incluye cerradura con 2 llaves, herrajes en color negro y todo lo necesario para su correcto funcionamiento. | G52: M2 | H52: =MEMORIAS!X1254 -> 5.67 | I52: =APUS!H2249 -> 503582 | J52: =H52*I52 -> 2855309.9 | K52: =IF(Hoja1!K52>0,Hoja1!K52,0) -> 0 | L52: =IF(Hoja1!K52<0,-Hoja1!K52,0) -> 0 | M52: =+H52+K52-L52 -> 5.67 | N52: =+M52*I52 -> 2855309.9 | O52: =IF(X52="X",0,IFERROR(VLOOKUP(B52,'MEMORIAS ATP N° 1'!Q:AA,11,FALSE),0)) -> 0 | P52: =+I52*O52 -> 0 | R52: =+Q52*I52 -> 0 | S52: =+O52 -> 0 | T52: =+S52*I52 -> 0 | U52: =+M52-S52 -> 5.67 | V52: =+U52*I52 -> 2855309.9
A53: =A52+1 -> 35 | B53: =B52+0.01 -> 6.05 | F53: Mantenimiento y pintura en anticorrosivo y esmalte de la escalera metalica. | G53: M2 | H53: =MEMORIAS!X1291 -> 9.945 | I53: =APUS!H2316 -> 94353 | J53: =H53*I53 -> 938340.59 | K53: =IF(Hoja1!K53>0,Hoja1!K53,0) -> 0 | L53: =IF(Hoja1!K53<0,-Hoja1!K53,0) -> 0 | M53: =+H53+K53-L53 -> 9.945 | N53: =+M53*I53 -> 938340.59 | O53: =IF(X53="X",0,IFERROR(VLOOKUP(B53,'MEMORIAS ATP N° 1'!Q:AA,11,FALSE),0)) -> 7.65 | P53: =+I53*O53 -> 721800.45 | R53: =+Q53*I53 -> 0 | S53: =+O53 -> 7.65 | T53: =+S53*I53 -> 721800.45 | U53: =+M53-S53 -> 2.295 | V53: =+U53*I53 -> 216540.13
A54: =A53+1 -> 36 | B54: =B53+0.01 -> 6.06 | F54: SUMINISTRO E INSTALACION DE ESCALERA EN ESTRUCTURA METÁLICA, HUELLAS EN ACERO INOXIDABLE CON ACABADO LAGRIMADO DE 2MM, INCLUYE LIMPIEZA DE SUPERFICIE SSPC-SP 03, ANTICORROSIVO Y PINTURA EN POLIURETANO ESQUEMA DE e=6mils y e=6mils RESPECTIVAMENTE. Incluye todos los elementos de soporte y anclaje, como platinas y pernos. | G54: KG | H54: =MEMORIAS!X1328 -> 153.603 | I54: =APUS!H2383 -> 21249 | J54: =H54*I54 -> 3263910.1 | K54: =IF(Hoja1!K54>0,Hoja1!K54,0) -> 0 | L54: =IF(Hoja1!K54<0,-Hoja1!K54,0) -> 0 | M54: =+H54+K54-L54 -> 153.603 | N54: =+M54*I54 -> 3263910.1 | O54: =IF(X54="X",0,IFERROR(VLOOKUP(B54,'MEMORIAS ATP N° 1'!Q:AA,11,FALSE),0)) -> 0 | P54: =+I54*O54 -> 0 | R54: =+Q54*I54 -> 0 | S54: =+O54 -> 0 | T54: =+S54*I54 -> 0 | U54: =+M54-S54 -> 153.603 | V54: =+U54*I54 -> 3263910.1
A55: =A54+1 -> 37 | B55: =B54+0.01 -> 6.07 | F55: Suministro e instalacion de pasamanos para escalera en tuberia galvanizada de 2" x 1.5mm con esquema de pintura e=12mils anticorrosiva + poliuretano color negro. Incluye instalacion y accesorios de anclajes como platinas y pernos. | G55: ML | H55: =MEMORIAS!X1365 -> 2.95 | I55: =APUS!H2450 -> 200638 | J55: =H55*I55 -> 591882.1 | K55: =IF(Hoja1!K55>0,Hoja1!K55,0) -> 0 | L55: =IF(Hoja1!K55<0,-Hoja1!K55,0) -> 0 | M55: =+H55+K55-L55 -> 2.95 | N55: =+M55*I55 -> 591882.1 | O55: =IF(X55="X",0,IFERROR(VLOOKUP(B55,'MEMORIAS ATP N° 1'!Q:AA,11,FALSE),0)) -> 0 | P55: =+I55*O55 -> 0 | R55: =+Q55*I55 -> 0 | S55: =+O55 -> 0 | T55: =+S55*I55 -> 0 | U55: =+M55-S55 -> 2.95 | V55: =+U55*I55 -> 591882.1
B56: =B48+1 -> 7 | F56: ELECTRICOS
A57: =A55+1 -> 38 | B57: =B56+0.01 -> 7.01 | F57: PUNTOS ELECTRICOS | G57: UND | H57: =MEMORIAS!X1402 -> 4 | I57: =APUS!H2517 -> 198330 | J57: =H57*I57 -> 793320 | K57: =IF(Hoja1!K57>0,Hoja1!K57,0) -> 0 | L57: =IF(Hoja1!K57<0,-Hoja1!K57,0) -> 0 | M57: =+H57+K57-L57 -> 4 | N57: =+M57*I57 -> 793320 | O57: =IF(X57="X",0,IFERROR(VLOOKUP(B57,'MEMORIAS ATP N° 1'!Q:AA,11,FALSE),0)) -> 4 | P57: =+I57*O57 -> 793320 | R57: =+Q57*I57 -> 0 | S57: =+O57 -> 4 | T57: =+S57*I57 -> 793320 | U57: =+M57-S57 -> 0 | V57: =+U57*I57 -> 0
A58: =A57+1 -> 39 | B58: =B57+0.01 -> 7.02 | F58: SUMINISTRO E INSTALACION DE TOMACORRIENTE | G58: UND | H58: =MEMORIAS!X1439 -> 4 | I58: =APUS!H2584 -> 42810 | J58: =H58*I58 -> 171240 | K58: =IF(Hoja1!K58>0,Hoja1!K58,0) -> 0 | L58: =IF(Hoja1!K58<0,-Hoja1!K58,0) -> 0 | M58: =+H58+K58-L58 -> 4 | N58: =+M58*I58 -> 171240 | O58: =IF(X58="X",0,IFERROR(VLOOKUP(B58,'MEMORIAS ATP N° 1'!Q:AA,11,FALSE),0)) -> 4 | P58: =+I58*O58 -> 171240 | R58: =+Q58*I58 -> 0 | S58: =+O58 -> 4 | T58: =+S58*I58 -> 171240 | U58: =+M58-S58 -> 0 | V58: =+U58*I58 -> 0
A59: =A58+1 -> 40 | B59: =B58+0.01 -> 7.03 | F59: SUMINISTRO E INSTALACION DE INTERRUPTORES | G59: UND | H59: =MEMORIAS!X1476 -> 9 | I59: =APUS!H2651 -> 57211 | J59: =H59*I59 -> 514899 | K59: =IF(Hoja1!K59>0,Hoja1!K59,0) -> 0 | L59: =IF(Hoja1!K59<0,-Hoja1!K59,0) -> 0 | M59: =+H59+K59-L59 -> 9 | N59: =+M59*I59 -> 514899 | O59: =IF(X59="X",0,IFERROR(VLOOKUP(B59,'MEMORIAS ATP N° 1'!Q:AA,11,FALSE),0)) -> 9 | P59: =+I59*O59 -> 514899 | R59: =+Q59*I59 -> 0 | S59: =+O59 -> 9 | T59: =+S59*I59 -> 514899 | U59: =+M59-S59 -> 0 | V59: =+U59*I59 -> 0
A60: =A59+1 -> 41 | B60: =B59+0.01 -> 7.04 | F60: Suminsitro e instalcion de luminaria panel led de 18 W luz neutra | G60: UND | H60: =MEMORIAS!X1513 -> 32 | I60: =APUS!H2718 -> 75356 | J60: =H60*I60 -> 2411392 | K60: =IF(Hoja1!K60>0,Hoja1!K60,0) -> 0 | L60: =IF(Hoja1!K60<0,-Hoja1!K60,0) -> 0 | M60: =+H60+K60-L60 -> 32 | N60: =+M60*I60 -> 2411392 | O60: =IF(X60="X",0,IFERROR(VLOOKUP(B60,'MEMORIAS ATP N° 1'!Q:AA,11,FALSE),0)) -> 28 | P60: =+I60*O60 -> 2109968 | R60: =+Q60*I60 -> 0 | S60: =+O60 -> 28 | T60: =+S60*I60 -> 2109968 | U60: =+M60-S60 -> 4 | V60: =+U60*I60 -> 301424
B61: =B56+1 -> 8 | F61: COCINETA
A62: =A60+1 -> 42 | B62: =B61+0.01 -> 8.01 | F62: Suministro e instalacion de Lavaplatos institucional, incluye griferia mezcladora color negro, canastilla y sifon. | G62: UND | H62: =MEMORIAS!X1550 -> 2 | I62: =APUS!H2785 -> 570148 | J62: =H62*I62 -> 1140296 | K62: =IF(Hoja1!K62>0,Hoja1!K62,0) -> 0 | L62: =IF(Hoja1!K62<0,-Hoja1!K62,0) -> 0 | M62: =+H62+K62-L62 -> 2 | N62: =+M62*I62 -> 1140296 | O62: =IF(X62="X",0,IFERROR(VLOOKUP(B62,'MEMORIAS ATP N° 1'!Q:AA,11,FALSE),0)) -> 0 | P62: =+I62*O62 -> 0 | R62: =+Q62*I62 -> 0 | S62: =+O62 -> 0 | T62: =+S62*I62 -> 0 | U62: =+M62-S62 -> 2 | V62: =+U62*I62 -> 1140296
A63: =A62+1 -> 43 | B63: =B62+0.01 -> 8.02 | F63: Suministro e instalación de meson para cocineta en piedra piedra color Bianco Rhino, incluye cortes para lavaplatos, salpicadero de 20 cm y frentero 4cm. | G63: M2 | H63: =MEMORIAS!X1587 -> 1.7557 | I63: =APUS!H2852 -> 1087394 | J63: =H63*I63 -> 1909137.6 | K63: =IF(Hoja1!K63>0,Hoja1!K63,0) -> 0 | L63: =IF(Hoja1!K63<0,-Hoja1!K63,0) -> 0 | M63: =+H63+K63-L63 -> 1.7557 | N63: =+M63*I63 -> 1909137.6 | O63: =IF(X63="X",0,IFERROR(VLOOKUP(B63,'MEMORIAS ATP N° 1'!Q:AA,11,FALSE),0)) -> 0 | P63: =+I63*O63 -> 0 | R63: =+Q63*I63 -> 0 | S63: =+O63 -> 0 | T63: =+S63*I63 -> 0 | U63: =+M63-S63 -> 1.7557 | V63: =+U63*I63 -> 1909137.6
A64: =A63+1 -> 44 | B64: =B63+0.01 -> 8.03 | F64: Sumiistro e instalación de mueble en madera melaminica en oficina Sintraofipucar, incluye puertas, entrepaños, cortesy divisiones según diseño. | G64: UND | H64: =MEMORIAS!X1624 -> 1 | I64: =APUS!H2919 -> 2713077 | J64: =H64*I64 -> 2713077 | K64: =IF(Hoja1!K64>0,Hoja1!K64,0) -> 0 | L64: =IF(Hoja1!K64<0,-Hoja1!K64,0) -> 0 | M64: =+H64+K64-L64 -> 1 | N64: =+M64*I64 -> 2713077 | O64: =IF(X64="X",0,IFERROR(VLOOKUP(B64,'MEMORIAS ATP N° 1'!Q:AA,11,FALSE),0)) -> 0 | P64: =+I64*O64 -> 0 | R64: =+Q64*I64 -> 0 | S64: =+O64 -> 0 | T64: =+S64*I64 -> 0 | U64: =+M64-S64 -> 1 | V64: =+U64*I64 -> 2713077
A65: =A64+1 -> 45 | B65: =B64+0.01 -> 8.04 | F65: Sumiistro e instalación de mueble en madera melaminica en oficina Unalde, incluye puertas, entrepaños, cortesy divisiones según diseño. | G65: UND | H65: =MEMORIAS!X1661 -> 1 | I65: =APUS!H2986 -> 1639093 | J65: =H65*I65 -> 1639093 | K65: =IF(Hoja1!K65>0,Hoja1!K65,0) -> 0 | L65: =IF(Hoja1!K65<0,-Hoja1!K65,0) -> 0 | M65: =+H65+K65-L65 -> 1 | N65: =+M65*I65 -> 1639093 | O65: =IF(X65="X",0,IFERROR(VLOOKUP(B65,'MEMORIAS ATP N° 1'!Q:AA,11,FALSE),0)) -> 0 | P65: =+I65*O65 -> 0 | R65: =+Q65*I65 -> 0 | S65: =+O65 -> 0 | T65: =+S65*I65 -> 0 | U65: =+M65-S65 -> 1 | V65: =+U65*I65 -> 1639093
B66: =B61+1 -> 9 | F66: ENTREPISO
A67: =A65+1 -> 46 | B67: =B66+0.01 -> 9.01 | F67: Anclaje estructural para refuerzo horizontal y verticalcon varilla corrugada N°4 y epoxico Sicadur Anchorfix 4. Extencion de traslapo de 60cm + 20cm de anclaje. | G67: UND | H67: =MEMORIAS!X1698 -> 15 | I67: =APUS!H3053 -> 28204 | J67: =H67*I67 -> 423060 | K67: =IF(Hoja1!K67>0,Hoja1!K67,0) -> 0 | L67: =IF(Hoja1!K67<0,-Hoja1!K67,0) -> 0 | M67: =+H67+K67-L67 -> 15 | N67: =+M67*I67 -> 423060 | O67: =IF(X67="X",0,IFERROR(VLOOKUP(B67,'MEMORIAS ATP N° 1'!Q:AA,11,FALSE),0)) -> 0 | P67: =+I67*O67 -> 0 | R67: =+Q67*I67 -> 0 | S67: =+O67 -> 0 | T67: =+S67*I67 -> 0 | U67: =+M67-S67 -> 15 | V67: =+U67*I67 -> 423060
A68: =A67+1 -> 47 | B68: =B67+0.01 -> 9.02 | F68: Perno de Anclaje estructural para bases de estructura metalica en varilla roscada AC de 3/4" B7 y tres (3) tuercas 2H, con aplicación de epoxico Sicadur Anchorfix 4. Profundidad 20cm de anclaje. | G68: UND | H68: =MEMORIAS!X1735 -> 8 | I68: =APUS!H3120 -> 46358 | J68: =H68*I68 -> 370864 | K68: =IF(Hoja1!K68>0,Hoja1!K68,0) -> 0 | L68: =IF(Hoja1!K68<0,-Hoja1!K68,0) -> 0 | M68: =+H68+K68-L68 -> 8 | N68: =+M68*I68 -> 370864 | O68: =IF(X68="X",0,IFERROR(VLOOKUP(B68,'MEMORIAS ATP N° 1'!Q:AA,11,FALSE),0)) -> 0 | P68: =+I68*O68 -> 0 | R68: =+Q68*I68 -> 0 | S68: =+O68 -> 0 | T68: =+S68*I68 -> 0 | U68: =+M68-S68 -> 8 | V68: =+U68*I68 -> 370864
A69: =A68+1 -> 48 | B69: =B68+0.01 -> 9.03 | F69: SUMINISTRO E INSTALACION DE ESTRUCTURA METÁLICA PARA CUBIERTAS Y SUPER ESTRUCTURAS, INCLUYE LIMPIEZA DE SUPERFICIE SSPC-SP 03, ANTICORROSIVO Y PINTURA EN POLIURETANO ESQUEMA DE e=6mils y e=6mils RESPECTIVAMENTE. Incluye todos los elementos de soporte y anclaje, como platinas y pernos. | G69: KG | H69: =MEMORIAS!X1772 -> 108.56613 | I69: =APUS!H3187 -> 21329 | J69: =H69*I69 -> 2315606.9 | K69: =IF(Hoja1!K69>0,Hoja1!K69,0) -> 0 | L69: =IF(Hoja1!K69<0,-Hoja1!K69,0) -> 0 | M69: =+H69+K69-L69 -> 108.56613 | N69: =+M69*I69 -> 2315606.9 | O69: =IF(X69="X",0,IFERROR(VLOOKUP(B69,'MEMORIAS ATP N° 1'!Q:AA,11,FALSE),0)) -> 0 | P69: =+I69*O69 -> 0 | R69: =+Q69*I69 -> 0 | S69: =+O69 -> 0 | T69: =+S69*I69 -> 0 | U69: =+M69-S69 -> 108.56613 | V69: =+U69*I69 -> 2315606.9
A70: =A69+1 -> 49 | B70: =B69+0.01 -> 9.04 | F70: Placa en metaldeck e=10cm con refuerzo de acero en malla electrosoldada 15cm x 15cm x 4mm | G70: M2 | H70: =MEMORIAS!X1809 -> 4.05 | I70: =APUS!H3254 -> 220952 | J70: =H70*I70 -> 894855.6 | K70: =IF(Hoja1!K70>0,Hoja1!K70,0) -> 0 | L70: =IF(Hoja1!K70<0,-Hoja1!K70,0) -> 0 | M70: =+H70+K70-L70 -> 4.05 | N70: =+M70*I70 -> 894855.6 | O70: =IF(X70="X",0,IFERROR(VLOOKUP(B70,'MEMORIAS ATP N° 1'!Q:AA,11,FALSE),0)) -> 0 | P70: =+I70*O70 -> 0 | R70: =+Q70*I70 -> 0 | S70: =+O70 -> 0 | T70: =+S70*I70 -> 0 | U70: =+M70-S70 -> 4.05 | V70: =+U70*I70 -> 894855.6
B71: =B66+1 -> 10 | F71: MUROS Y DIVISIONES
A72: =A70+1 -> 50 | B72: =B71+0.01 -> 10.01 | F72: MUROS EN SUPERBOARD EN LAMINA DE 10 MM, MUROS DOBLE CARA, ANCHO DE MURO EN PERFILERÍA BASE 9 PARA ZONAS INTERNAS (incluye pintura 2 manos, soporte perfileria metaliza y accesorios de sujecion) | G72: ML | H72: =MEMORIAS!X1846 -> 5.6 | I72: =APUS!H3321 -> 149843 | J72: =H72*I72 -> 839120.8 | K72: =IF(Hoja1!K72>0,Hoja1!K72,0) -> 0 | L72: =IF(Hoja1!K72<0,-Hoja1!K72,0) -> 0 | M72: =+H72+K72-L72 -> 5.6 | N72: =+M72*I72 -> 839120.8 | O72: =IF(X72="X",0,IFERROR(VLOOKUP(B72,'MEMORIAS ATP N° 1'!Q:AA,11,FALSE),0)) -> 0 | P72: =+I72*O72 -> 0 | R72: =+Q72*I72 -> 0 | S72: =+O72 -> 0 | T72: =+S72*I72 -> 0 | U72: =+M72-S72 -> 5.6 | V72: =+U72*I72 -> 839120.8
A73: =A72+1 -> 51 | B73: =B72+0.01 -> 10.02 | F73: MUROS EN DRYWALL 2 CARAS (incluye pintura 2 manos, soporte perfileria metaliza y accesorios de sujecion) | G73: M2 | H73: =MEMORIAS!X1883 -> 26.5 | I73: =APUS!H3388 -> 177454 | J73: =H73*I73 -> 4702531 | K73: =IF(Hoja1!K73>0,Hoja1!K73,0) -> 0 | L73: =IF(Hoja1!K73<0,-Hoja1!K73,0) -> 0 | M73: =+H73+K73-L73 -> 26.5 | N73: =+M73*I73 -> 4702531 | O73: =IF(X73="X",0,IFERROR(VLOOKUP(B73,'MEMORIAS ATP N° 1'!Q:AA,11,FALSE),0)) -> 0 | P73: =+I73*O73 -> 0 | R73: =+Q73*I73 -> 0 | S73: =+O73 -> 0 | T73: =+S73*I73 -> 0 | U73: =+M73-S73 -> 26.5 | V73: =+U73*I73 -> 4702531
A74: =A73+1 -> 52 | B74: =B73+0.01 -> 10.03 | F74: Pañete sobre muros interior y exterior, impermeabilizado con sika mortero 101 o similar en muros de cerramientos | G74: M2 | H74: =MEMORIAS!X1920 -> 33.5 | I74: =APUS!H3455 -> 35479 | J74: =H74*I74 -> 1188546.5 | K74: =IF(Hoja1!K74>0,Hoja1!K74,0) -> 0 | L74: =IF(Hoja1!K74<0,-Hoja1!K74,0) -> 0 | M74: =+H74+K74-L74 -> 33.5 | N74: =+M74*I74 -> 1188546.5 | O74: =IF(X74="X",0,IFERROR(VLOOKUP(B74,'MEMORIAS ATP N° 1'!Q:AA,11,FALSE),0)) -> 25.468 | P74: =+I74*O74 -> 903579.17 | R74: =+Q74*I74 -> 0 | S74: =+O74 -> 25.468 | T74: =+S74*I74 -> 903579.17 | U74: =+M74-S74 -> 8.032 | V74: =+U74*I74 -> 284967.33
B75: =B71+1 -> 11 | F75: PAISAJISMO Y ORNAMENTACIÓN
A76: =A74+1 -> 53 | B76: =B75+0.01 -> 11.01 | F76: Suministro y siembra de planta "Tronco de la felicidad" (Dracaena fragrans) - minimo 3 troncos por planta, altura total minimo 1,2m; incluye maceta en cerámica minimo de 50 cm de alto. | G76: UND | H76: =MEMORIAS!X1957 -> 4 | I76: =APUS!H3522 -> 208961 | J76: =H76*I76 -> 835844 | K76: =IF(Hoja1!K76>0,Hoja1!K76,0) -> 0 | L76: =IF(Hoja1!K76<0,-Hoja1!K76,0) -> 0 | M76: =+H76+K76-L76 -> 4 | N76: =+M76*I76 -> 835844 | O76: =IF(X76="X",0,IFERROR(VLOOKUP(B76,'MEMORIAS ATP N° 1'!Q:AA,11,FALSE),0)) -> 0 | P76: =+I76*O76 -> 0 | R76: =+Q76*I76 -> 0 | S76: =+O76 -> 0 | T76: =+S76*I76 -> 0 | U76: =+M76-S76 -> 4 | V76: =+U76*I76 -> 835844
B77: 12 | F77: SUMINISTRO E INSTALACION AIRES ACONDICIONADOS
A78: =+A76+1 -> 54 | B78: 12.01 | F78: SUMINISTRO E INSTALACION DE AIRE ACONDICIONADO MINI SPLIT 12000 BTU. Incluye Kit de instalacion de tuberia de cobre recubierta con rubatex y cinta vinilo hasta 4 mts. | G78: UND | H78: 2 | I78: =+APUS!H3589 -> 2583632 | J78: =+H78*I78 -> 5167264 | K78: =IF(Hoja1!K78>0,Hoja1!K78,0) -> 0 | L78: =IF(Hoja1!K78<0,-Hoja1!K78,0) -> 0 | M78: =+H78+K78-L78 -> 2 | N78: =+M78*I78 -> 5167264 | O78: =IF(X78="X",0,IFERROR(VLOOKUP(B78,'MEMORIAS ATP N° 1'!Q:AA,11,FALSE),0)) -> 0 | P78: =+I78*O78 -> 0 | R78: =+Q78*I78 -> 0 | S78: =+O78 -> 0 | T78: =+S78*I78 -> 0 | U78: =+M78-S78 -> 2 | V78: =+U78*I78 -> 5167264
A79: =+A78+1 -> 55 | B79: 12.02 | F79: Suministro e instalacion de TUBERIA EN COBRE DE 1/2" x 15mts. | G79: ROLLO | H79: 1 | I79: =+APUS!H3656 -> 610678 | J79: =+H79*I79 -> 610678 | K79: =IF(Hoja1!K79>0,Hoja1!K79,0) -> 0 | L79: =IF(Hoja1!K79<0,-Hoja1!K79,0) -> 0 | M79: =+H79+K79-L79 -> 1 | N79: =+M79*I79 -> 610678 | O79: =IF(X79="X",0,IFERROR(VLOOKUP(B79,'MEMORIAS ATP N° 1'!Q:AA,11,FALSE),0)) -> 0 | P79: =+I79*O79 -> 0 | R79: =+Q79*I79 -> 0 | S79: =+O79 -> 0 | T79: =+S79*I79 -> 0 | U79: =+M79-S79 -> 1 | V79: =+U79*I79 -> 610678
A80: =+A79+1 -> 56 | B80: 12.03 | F80: Suministro e instalacion de TUBERIA EN COBRE DE 1/4" x 15mts. | G80: ROLLO | H80: 1 | I80: =+APUS!H3723 -> 363648 | J80: =+H80*I80 -> 363648 | K80: =IF(Hoja1!K80>0,Hoja1!K80,0) -> 0 | L80: =IF(Hoja1!K80<0,-Hoja1!K80,0) -> 0 | M80: =+H80+K80-L80 -> 1 | N80: =+M80*I80 -> 363648 | O80: =IF(X80="X",0,IFERROR(VLOOKUP(B80,'MEMORIAS ATP N° 1'!Q:AA,11,FALSE),0)) -> 0 | P80: =+I80*O80 -> 0 | R80: =+Q80*I80 -> 0 | S80: =+O80 -> 0 | T80: =+S80*I80 -> 0 | U80: =+M80-S80 -> 1 | V80: =+U80*I80 -> 363648
A81: =+A80+1 -> 57 | B81: 12.04 | F81: Suministro e instalaciion de RUBATEX DE 3/4" x 1/2" | G81: ML | H81: 30 | I81: =+APUS!H3790 -> 12787 | J81: =+H81*I81 -> 383610 | K81: =IF(Hoja1!K81>0,Hoja1!K81,0) -> 0 | L81: =IF(Hoja1!K81<0,-Hoja1!K81,0) -> 0 | M81: =+H81+K81-L81 -> 30 | N81: =+M81*I81 -> 383610 | O81: =IF(X81="X",0,IFERROR(VLOOKUP(B81,'MEMORIAS ATP N° 1'!Q:AA,11,FALSE),0)) -> 0 | P81: =+I81*O81 -> 0 | R81: =+Q81*I81 -> 0 | S81: =+O81 -> 0 | T81: =+S81*I81 -> 0 | U81: =+M81-S81 -> 30 | V81: =+U81*I81 -> 383610
A82: =+A81+1 -> 58 | B82: 12.05 | F82: Suministro e instalaciion de CINTA VINILO a rubatex de 3/4" | G82: ML | H82: =+H81 -> 30 | I82: =+APUS!H3857 -> 8724 | J82: =+H82*I82 -> 261720 | K82: =IF(Hoja1!K82>0,Hoja1!K82,0) -> 0 | L82: =IF(Hoja1!K82<0,-Hoja1!K82,0) -> 0 | M82: =+H82+K82-L82 -> 30 | N82: =+M82*I82 -> 261720 | O82: =IF(X82="X",0,IFERROR(VLOOKUP(B82,'MEMORIAS ATP N° 1'!Q:AA,11,FALSE),0)) -> 0 | P82: =+I82*O82 -> 0 | R82: =+Q82*I82 -> 0 | S82: =+O82 -> 0 | T82: =+S82*I82 -> 0 | U82: =+M82-S82 -> 30 | V82: =+U82*I82 -> 261720
A83: =+A82+1 -> 59 | B83: 12.06 | F83: Suministro e instalacion de CABLE ENCAUCHETADO 3X12 | G83: ML | H83: 24 | I83: =+APUS!H3924 -> 22424 | J83: =+H83*I83 -> 538176 | K83: =IF(Hoja1!K83>0,Hoja1!K83,0) -> 0 | L83: =IF(Hoja1!K83<0,-Hoja1!K83,0) -> 0 | M83: =+H83+K83-L83 -> 24 | N83: =+M83*I83 -> 538176 | O83: =IF(X83="X",0,IFERROR(VLOOKUP(B83,'MEMORIAS ATP N° 1'!Q:AA,11,FALSE),0)) -> 0 | P83: =+I83*O83 -> 0 | R83: =+Q83*I83 -> 0 | S83: =+O83 -> 0 | T83: =+S83*I83 -> 0 | U83: =+M83-S83 -> 24 | V83: =+U83*I83 -> 538176
A84: =+A83+1 -> 60 | B84: 12.08 | F84: Breaker Enchufable Bipolar 2 X 20 AMP 6/10 KA | G84: UND | H84: 1 | I84: =+APUS!H3991 -> 62262 | J84: =+H84*I84 -> 62262 | K84: =IF(Hoja1!K84>0,Hoja1!K84,0) -> 0 | L84: =IF(Hoja1!K84<0,-Hoja1!K84,0) -> 0 | M84: =+H84+K84-L84 -> 1 | N84: =+M84*I84 -> 62262 | O84: =IF(X84="X",0,IFERROR(VLOOKUP(B84,'MEMORIAS ATP N° 1'!Q:AA,11,FALSE),0)) -> 0 | P84: =+I84*O84 -> 0 | R84: =+Q84*I84 -> 0 | S84: =+O84 -> 0 | T84: =+S84*I84 -> 0 | U84: =+M84-S84 -> 1 | V84: =+U84*I84 -> 62262
A85: =+A84+1 -> 61 | B85: 12.09 | F85: TENDIDO DE TUBERIA CONDUIT PVC De Ø 3/4" | G85: ML | H85: 6 | I85: =+APUS!H4058 -> 23109 | J85: =+H85*I85 -> 138654 | K85: =IF(Hoja1!K85>0,Hoja1!K85,0) -> 0 | L85: =IF(Hoja1!K85<0,-Hoja1!K85,0) -> 0 | M85: =+H85+K85-L85 -> 6 | N85: =+M85*I85 -> 138654 | O85: =IF(X85="X",0,IFERROR(VLOOKUP(B85,'MEMORIAS ATP N° 1'!Q:AA,11,FALSE),0)) -> 0 | P85: =+I85*O85 -> 0 | R85: =+Q85*I85 -> 0 | S85: =+O85 -> 0 | T85: =+S85*I85 -> 0 | U85: =+M85-S85 -> 6 | V85: =+U85*I85 -> 138654
A86: =+A85+1 -> 62 | B86: 12.1 | F86: Suministro e instalacion de Canaleta 25x30 mm Blanca. Incluye accesorios de fijacion | G86: ML | H86: 12 | I86: =+APUS!H4125 -> 14117 | J86: =+H86*I86 -> 169404 | K86: =IF(Hoja1!K86>0,Hoja1!K86,0) -> 0 | L86: =IF(Hoja1!K86<0,-Hoja1!K86,0) -> 0 | M86: =+H86+K86-L86 -> 12 | N86: =+M86*I86 -> 169404 | O86: =IF(X86="X",0,IFERROR(VLOOKUP(B86,'MEMORIAS ATP N° 1'!Q:AA,11,FALSE),0)) -> 0 | P86: =+I86*O86 -> 0 | R86: =+Q86*I86 -> 0 | S86: =+O86 -> 0 | T86: =+S86*I86 -> 0 | U86: =+M86-S86 -> 12 | V86: =+U86*I86 -> 169404
B87: 13 | F87: SUMINISTRO E INSTALACION MOBILIARIO
B88: 13.01 | F88: PUESTO DE TRABAJO-ESCRITORIO RECTANGULAR ESTRUCTURA METALICA CON ACABO EN PINTURA ELECTROESTATICA GRIS, BASE PEDESTAL CALIBRE 18, FALDON EN LAMINA PINTURA HORNEADA Y CANALETA PLASTICA 60X40 PARA DUCTOS DE CABLEADO No. 12 CALIBRADO (10 MTS) ; LIBRE DE HALOGENO CON UN PUNTO DE TOMA CORRIENTES DOBLE DE 20 AMPERIOS, CON CAJA 2X4" PARA CANALETA; 2 GAVETAS Y CAJON CARPETERO METÁLICO EN LAMINA COLD ROLLED CALIBRE 24, ORIFICIO PASACABLES. MEDIDAS: FRENTE 120 CM, FONDO 60CM, ALTO 73 CM, SUPERFICIE EN MADERA 25 MM Y FORMICA COLOR BLANCO, CON BORDES EN CANTO RIGIDO TERMOFUNDIDO. | G88: UND | H88: 9 | I88: 1930000 | J88: =+H88*I88 -> 17370000 | K88: =IF(Hoja1!K88>0,Hoja1!K88,0) -> 0 | L88: =IF(Hoja1!K88<0,-Hoja1!K88,0) -> 0 | M88: =+H88+K88-L88 -> 9 | N88: =+M88*I88 -> 17370000 | O88: =IF(X88="X",0,IFERROR(VLOOKUP(B88,'MEMORIAS ATP N° 1'!Q:AA,11,FALSE),0)) -> 0 | P88: =+I88*O88 -> 0 | R88: =+Q88*I88 -> 0 | S88: =+O88 -> 0 | T88: =+S88*I88 -> 0 | U88: =+M88-S88 -> 9 | V88: =+U88*I88 -> 17370000
B89: 13.02 | F89: ESCRITORIO RECTANGULAR EN L ESTRUCTURA METALICA CON ACABO EN PINTURA ELECTROESTATICA GRIS, FALDON EN LAMINA Y CANALETA PLASTICA 60X40 PARA DUCTOS DE CABLEADO No. 12 CALIBRADO (10 MTS); LIBRE DE HALOGENO CON UN PUNTO DE TOMA CORRIENTES DOBLE DE 20 AMPERIOS, CON CAJA 2X4" PARA CANALETA; 2 GAVETAS Y CAJON CARPETERO METÁLICO EN LAMINA COLD ROLLED CALIBRE 24, BASE PEDESTALES CALIBRE 18, ORIFICIO PASACABLES. MEDIDAS: FRENTE 150X150 CM, FONDO 60CM, ALTO 73 CM, SUPERFICIE EN MADERA 25 MM Y FORMICA COLOR BLANCO, CON BORDES EN CANTO RIGIDO TERMOFUNDIDO. | G89: UND | H89: 2 | I89: 2370000 | J89: =+H89*I89 -> 4740000 | K89: =IF(Hoja1!K89>0,Hoja1!K89,0) -> 0 | L89: =IF(Hoja1!K89<0,-Hoja1!K89,0) -> 0 | M89: =+H89+K89-L89 -> 2 | N89: =+M89*I89 -> 4740000 | O89: =IF(X89="X",0,IFERROR(VLOOKUP(B89,'MEMORIAS ATP N° 1'!Q:AA,11,FALSE),0)) -> 0 | P89: =+I89*O89 -> 0 | R89: =+Q89*I89 -> 0 | S89: =+O89 -> 0 | T89: =+S89*I89 -> 0 | U89: =+M89-S89 -> 2 | V89: =+U89*I89 -> 4740000
B90: 13.03 | F90: SILLA OFICINA ERGONÓMICA PRESIDENCIAL CON BRAZOS, SOPORTE LUMBAR COLOR NEGRO CON APOYACABEZAS Y ESPALDAR TAPIZADA EN MALLA. 2 PALANCAS REGULADORAS (ALTURA Y ESPALDAR), SISTEMA DE ELEVACION NEUMATICA, BRAZOS AJUSTABLE EN ALTURA, CABECERO AJUSTABLE AN ALTURA Y ANGULO, BASE SOPORTE ALUMINIO CROMADA, 5 RUEDAS DOBLE PÍSTA DIAMETRO 60MM | G90: UND | H90: 2 | I90: 1960000 | J90: =+H90*I90 -> 3920000 | K90: =IF(Hoja1!K90>0,Hoja1!K90,0) -> 0 | L90: =IF(Hoja1!K90<0,-Hoja1!K90,0) -> 0 | M90: =+H90+K90-L90 -> 2 | N90: =+M90*I90 -> 3920000 | O90: =IF(X90="X",0,IFERROR(VLOOKUP(B90,'MEMORIAS ATP N° 1'!Q:AA,11,FALSE),0)) -> 0 | P90: =+I90*O90 -> 0 | R90: =+Q90*I90 -> 0 | S90: =+O90 -> 0 | T90: =+S90*I90 -> 0 | U90: =+M90-S90 -> 2 | V90: =+U90*I90 -> 3920000
B91: 13.04 | F91: SILLA GIRATORIA, BASE CROMADA. APOYO LUMBAR. SISTEMA SYNCRO. BRAZOS 3D. | G91: UND | H91: 9 | I91: 1080000 | J91: =+H91*I91 -> 9720000 | K91: =IF(Hoja1!K91>0,Hoja1!K91,0) -> 0 | L91: =IF(Hoja1!K91<0,-Hoja1!K91,0) -> 0 | M91: =+H91+K91-L91 -> 9 | N91: =+M91*I91 -> 9720000 | O91: =IF(X91="X",0,IFERROR(VLOOKUP(B91,'MEMORIAS ATP N° 1'!Q:AA,11,FALSE),0)) -> 0 | P91: =+I91*O91 -> 0 | R91: =+Q91*I91 -> 0 | S91: =+O91 -> 0 | T91: =+S91*I91 -> 0 | U91: =+M91-S91 -> 9 | V91: =+U91*I91 -> 9720000
B92: 13.05 | F92: MESA DE JUNTAS 10 PUESTOS SUPERFICIE EN MADERA DE 30MM ENCHAPADA EN FORMICA COLOR BLANCO. ESTRUCTURA: TUBO METÁLICO CUADRADO CALIBRE 16 CON TERMINACIÓN EN PINTURA ELECTROSTÁTICA. ACABADOS: PASACABLES Y BANDEJA DE CONEXION. MEDIDAS MINIMAS ANCHO 300CMS FONDO 120 CMS ALTO 73 CMS. 10 SILLA INTERLOCUTORA ISOSMART DE OFICINA SIN BRAZO COLOR NEGRO, MATERIAL DE ESTRUCTURA EN TUBERIA OVALA EN ACERO CON PINTURA ELECTROESTATICA, MATERIAL RELLENO EN ESPUMA LAMINADA DE 5 CM DE ESPESOR, MEDIDAS ANCHO 48 CMS, ALTURA 83 CMS, FONDO 43 CMS. | G92: UND | H92: 1 | I92: 7120000 | J92: =+H92*I92 -> 7120000 | K92: =IF(Hoja1!K92>0,Hoja1!K92,0) -> 0 | L92: =IF(Hoja1!K92<0,-Hoja1!K92,0) -> 0 | M92: =+H92+K92-L92 -> 1 | N92: =+M92*I92 -> 7120000 | O92: =IF(X92="X",0,IFERROR(VLOOKUP(B92,'MEMORIAS ATP N° 1'!Q:AA,11,FALSE),0)) -> 0 | P92: =+I92*O92 -> 0 | R92: =+Q92*I92 -> 0 | S92: =+O92 -> 0 | T92: =+S92*I92 -> 0 | U92: =+M92-S92 -> 1 | V92: =+U92*I92 -> 7120000
B93: 13.06 | F93: SILLA INTERLOCUTORA ISOCELES DE OFICINA SIN BRAZO COLOR NEGRO, MATERIAL DE ESTRUCTURA EN TUBERIA OVALA EN ACERO CON PINTURA ELECTROESTATICA, MATERIAL RELLENO EN ESPUMA LAMINADA DE 5 CM DE ESPESOR, MEDIDAS ANCHO 48 CMS, ALTURA 83 CMS, FONDO 43 CMS. | G93: UND | H93: 14 | I93: 420000 | J93: =+H93*I93 -> 5880000 | K93: =IF(Hoja1!K93>0,Hoja1!K93,0) -> 0 | L93: =IF(Hoja1!K93<0,-Hoja1!K93,0) -> 0 | M93: =+H93+K93-L93 -> 14 | N93: =+M93*I93 -> 5880000 | O93: =IF(X93="X",0,IFERROR(VLOOKUP(B93,'MEMORIAS ATP N° 1'!Q:AA,11,FALSE),0)) -> 0 | P93: =+I93*O93 -> 0 | R93: =+Q93*I93 -> 0 | S93: =+O93 -> 0 | T93: =+S93*I93 -> 0 | U93: =+M93-S93 -> 14 | V93: =+U93*I93 -> 5880000
B94: 13.07 | F94: ARCHIVADOR ESTANTE METÁLICO GRIS CON PUERTA- 5 ENTREPAÑOS INTERNOS - ALTO: 180 CMS. - FRENTE: 90 CMS. - FONDO: 45 CMS. - ELABORADO: LÁMINA CR 22. - BASE: 6 CMS. INCLUIDA. -CERRADURA CON LLAVES Y MANIJA. - ACABADO: PINTURA ELECTROSTÁTICA PREVIO DESENGRASE Y FOSFATADO. - COLORES: GRIS. | G94: UND | H94: 4 | I94: 2210000 | J94: =+H94*I94 -> 8840000 | K94: =IF(Hoja1!K94>0,Hoja1!K94,0) -> 0 | L94: =IF(Hoja1!K94<0,-Hoja1!K94,0) -> 0 | M94: =+H94+K94-L94 -> 4 | N94: =+M94*I94 -> 8840000 | O94: =IF(X94="X",0,IFERROR(VLOOKUP(B94,'MEMORIAS ATP N° 1'!Q:AA,11,FALSE),0)) -> 0 | P94: =+I94*O94 -> 0 | R94: =+Q94*I94 -> 0 | S94: =+O94 -> 0 | T94: =+S94*I94 -> 0 | U94: =+M94-S94 -> 4 | V94: =+U94*I94 -> 8840000
B95: 13.08 | F95: TANDEM DE 3 PUESTOS METALICO REF AEROPUERTO, ASIENTO Y ESPALDAR EN UNA SOLA PIEZA DE LAMINA PERFORADA CAL 16 PINTADO EN ELECTROSTATICA; BASES Y BRAZOS CROMADOS | G95: UND | H95: 1 | I95: 1390000 | J95: =+H95*I95 -> 1390000 | K95: =IF(Hoja1!K95>0,Hoja1!K95,0) -> 0 | L95: =IF(Hoja1!K95<0,-Hoja1!K95,0) -> 0 | M95: =+H95+K95-L95 -> 1 | N95: =+M95*I95 -> 1390000 | O95: =IF(X95="X",0,IFERROR(VLOOKUP(B95,'MEMORIAS ATP N° 1'!Q:AA,11,FALSE),0)) -> 0 | P95: =+I95*O95 -> 0 | R95: =+Q95*I95 -> 0 | S95: =+O95 -> 0 | T95: =+S95*I95 -> 0 | U95: =+M95-S95 -> 1 | V95: =+U95*I95 -> 1390000
B96: 13.09 | F96: TANDEM DE 2 PUESTOS METALICO REF AEROPUERTO, ASIENTO Y ESPALDAR EN UNA SOLA PIEZA DE LAMINA PERFORADA CAL 16 PINTADO EN ELECTROSTATICA; BASES Y BRAZOS CROMADOS | G96: UND | H96: 1 | I96: 1200000 | J96: =+H96*I96 -> 1200000 | K96: =IF(Hoja1!K96>0,Hoja1!K96,0) -> 0 | L96: =IF(Hoja1!K96<0,-Hoja1!K96,0) -> 0 | M96: =+H96+K96-L96 -> 1 | N96: =+M96*I96 -> 1200000 | O96: =IF(X96="X",0,IFERROR(VLOOKUP(B96,'MEMORIAS ATP N° 1'!Q:AA,11,FALSE),0)) -> 0 | P96: =+I96*O96 -> 0 | R96: =+Q96*I96 -> 0 | S96: =+O96 -> 0 | T96: =+S96*I96 -> 0 | U96: =+M96-S96 -> 1 | V96: =+U96*I96 -> 1200000
B97: 13.1 | F97: MUEBLE PARA IMPRESORA, MEDIDAS MEDIDAS 0.90x060.x0.73 MTS DE ALTO, CUERPO ELABORADO EN LAMINA COLD ROLLED CON UN ENTREPAÑO INTERNO Y ACABADO EN PINTURA ELECTROSTATICA, SUPERFICIE Y PUERTAS ELABORADO EN MELAMINA DE 15 MM BORDES EN CANTO RIGIDO TERMOFUNDIDO, CERRADURA Y MANIJAS EN ACERO. | G97: UND | H97: 3 | I97: 1500000 | J97: =+H97*I97 -> 4500000 | K97: =IF(Hoja1!K97>0,Hoja1!K97,0) -> 0 | L97: =IF(Hoja1!K97<0,-Hoja1!K97,0) -> 0 | M97: =+H97+K97-L97 -> 3 | N97: =+M97*I97 -> 4500000 | O97: =IF(X97="X",0,IFERROR(VLOOKUP(B97,'MEMORIAS ATP N° 1'!Q:AA,11,FALSE),0)) -> 0 | P97: =+I97*O97 -> 0 | R97: =+Q97*I97 -> 0 | S97: =+O97 -> 0 | T97: =+S97*I97 -> 0 | U97: =+M97-S97 -> 3 | V97: =+U97*I97 -> 4500000
B98: 13.11 | F98: TELEVISOR LED 55" SMART TV 3 PUERTOS HDMI, 2 PUERTOS USB, CONTROL REMOTO, RESOLUCION 4K ULTRA HD, ENTRADA A INTERNET, CONEXIÓN BLUETOOTH Y WIFI, MEDIDAS ALTO 72 CM, ANCHO 124 CM, LARGO 6 CM | G98: UND | H98: 3 | I98: 5140000 | J98: =+H98*I98 -> 15420000 | K98: =IF(Hoja1!K98>0,Hoja1!K98,0) -> 0 | L98: =IF(Hoja1!K98<0,-Hoja1!K98,0) -> 0 | M98: =+H98+K98-L98 -> 3 | N98: =+M98*I98 -> 15420000 | O98: =IF(X98="X",0,IFERROR(VLOOKUP(B98,'MEMORIAS ATP N° 1'!Q:AA,11,FALSE),0)) -> 2 | P98: =+I98*O98 -> 10280000 | R98: =+Q98*I98 -> 0 | S98: =+O98 -> 2 | T98: =+S98*I98 -> 10280000 | U98: =+M98-S98 -> 1 | V98: =+U98*I98 -> 5140000
B99: 13.12 | F99: SOPORTE PARA TV P4 DE 55" + TORNILLERIA UNIVERSAL PARA LA MAYORÍA DE LAS MARCAS. | G99: UND | H99: 3 | I99: 380000 | J99: =+H99*I99 -> 1140000 | K99: =IF(Hoja1!K99>0,Hoja1!K99,0) -> 0 | L99: =IF(Hoja1!K99<0,-Hoja1!K99,0) -> 0 | M99: =+H99+K99-L99 -> 3 | N99: =+M99*I99 -> 1140000 | O99: =IF(X99="X",0,IFERROR(VLOOKUP(B99,'MEMORIAS ATP N° 1'!Q:AA,11,FALSE),0)) -> 2 | P99: =+I99*O99 -> 760000 | R99: =+Q99*I99 -> 0 | S99: =+O99 -> 2 | T99: =+S99*I99 -> 760000 | U99: =+M99-S99 -> 1 | V99: =+U99*I99 -> 380000
B100: 14 | F100: ITEMS NO PREVISTO
B101: N.P. PRELIMINARES
A102: =+A99+1 -> 1 | B102: 14.01.1 | F102: Demolición de plantilla en mal estado (Incluye retiro de material sobrante y disposición final en R.S.) | G102: M2 | H102: 0 | I102: =+APUS!H4192 -> 22301 | J102: =+H102*I102 -> 0 | K102: =IF(Hoja1!K102>0,Hoja1!K102,0) -> 0 | L102: =IF(Hoja1!K102<0,-Hoja1!K102,0) -> 0 | M102: =+H102+K102-L102 -> 0 | N102: =+M102*I102 -> 0 | O102: =IF(X102="X",0,IFERROR(VLOOKUP(B102,'MEMORIAS ATP N° 1'!Q:AA,11,FALSE),0)) -> 0 | P102: =+I102*O102 -> 0 | Q102: =+'MEMORIAS ATP N° 2'!AA2776 -> 91.3914 | R102: =+Q102*I102 -> 2038119.6 | S102: =+O102 -> 0 | T102: =+S102*I102 -> 0 | U102: =+M102-S102 -> 0 | V102: =+U102*I102 -> 0 | X102: X
A103: =+A102+1 -> 2 | B103: 14.01.2 | F103: Demolición de tablón de piso en arcilla (Incluye retiro de material sobrante y disposición final en R.S.) | G103: M2 | H103: 0 | I103: =+APUS!H4259 -> 17615 | J103: =+H103*I103 -> 0 | K103: =IF(Hoja1!K103>0,Hoja1!K103,0) -> 0 | L103: =IF(Hoja1!K103<0,-Hoja1!K103,0) -> 0 | M103: =+H103+K103-L103 -> 0 | N103: =+M103*I103 -> 0 | O103: =IF(X103="X",0,IFERROR(VLOOKUP(B103,'MEMORIAS ATP N° 1'!Q:AA,11,FALSE),0)) -> 0 | P103: =+I103*O103 -> 0 | Q103: =+'MEMORIAS ATP N° 2'!AA2815 -> 34.5344 | R103: =+Q103*I103 -> 608323.46 | S103: =+O103 -> 0 | T103: =+S103*I103 -> 0 | U103: =+M103-S103 -> 0 | V103: =+U103*I103 -> 0 | X103: X
...

Sheet Hoja1

Sheet MEMORIAS ATP N° 1
G296: MEMORIAS DE CANTIDADES | U296: CODIGO: | Y296: FT-TEC-03
U297: VESION: | Y297: 1
U298: FECHA DE APROBACION: | Y298: 44236
B299: PROYECTO: | G299: =+'BALANCE GENERAL'!$F$6 -> OBRAS DE MANTENIMIENTO PREVENTIVO Y/O CORRECTIVO EN LAS SEDES EN PROPIEDAD DEL DISTRITO UBICADOS EN LA PLAZOLETA TELECOM LOCALES 107B SINTRAOFIPUCAR UNALDE FEDEJAC Y CERRAMIENTO DEL PREDIO UBICADO EN LA CALLE 49 CON VIA PERIMETRAL EN LA CIUDAD DE CARTAGENA
B301: CAPITULO | H301: ITEM | R301: DESCRIPCIÓN DE LA ACTIVIDAD:
B302: =PRESUPUESTO!$B$21 -> 2 | H302: =PRESUPUESTO!B22 -> 2.01 | J302: =PRESUPUESTO!$F$21 -> DEMOLICIONES Y DESMONTES | R302: =PRESUPUESTO!F22 -> Picada de Enchape de pisos y muros, bases de meson. (Incluye retiro de material sobrante y disposición final en R.S.)
B303: ESQUEMA O REGISTRO FOTOGRAFICO | R303: LOCALIZACION | S303: ESPACIO | T303: DIMENSIONES | W303: UND | X303: CANT. | Y303: TOTALES
T304: LONG (m) | U304: ANCHO (m) | V304: ALTURA (m) | Y304: ml | Z304: m2 | AA304: m3
P305: =+H302 -> 2.01 | R305: SINTRAOFIPUCAR | S305: PISO 1 - OFICINA | T305: 5 | U305: 3.4 | W305: =IF(COUNT(T305:V305)=1,"m",IF(COUNT(T305:V305)=2,"m2",IF(COUNT(T305:V305)=3,"m3",""))) -> m2 | X305: =IF(S305="","",1) -> 1 | Y305: =IFERROR(IF(COUNT(T305:V305)=1,PRODUCT(T305:V305)*X305,""),"") | Z305: =IFERROR(IF(COUNT(T305:V305)=2,PRODUCT(T305:V305)*X305,""),"") -> 17 | AA305: =IFERROR(IF(COUNT(T305:V305)=3,PRODUCT(T305:V305)*X305,""),"")
P306: =+H302 -> 2.01 | R306: SINTRAOFIPUCAR | S306: PISO 1 - COCINETA | T306: 1.6 | U306: 1.65 | W306: =IF(COUNT(T306:V306)=1,"m",IF(COUNT(T306:V306)=2,"m2",IF(COUNT(T306:V306)=3,"m3",""))) -> m2 | X306: =IF(S306="","",1) -> 1 | Y306: =IFERROR(IF(COUNT(T306:V306)=1,PRODUCT(T306:V306)*X306,""),"") | Z306: =IFERROR(IF(COUNT(T306:V306)=2,PRODUCT(T306:V306)*X306,""),"") -> 2.64 | AA306: =IFERROR(IF(COUNT(T306:V306)=3,PRODUCT(T306:V306)*X306,""),"")
P307: =+H302 -> 2.01 | R307: SINTRAOFIPUCAR | S307: PISO 1 - BAÑO - PISO | T307: 1.62 | U307: 1.52 | W307: =IF(COUNT(T307:V307)=1,"m",IF(COUNT(T307:V307)=2,"m2",IF(COUNT(T307:V307)=3,"m3",""))) -> m2 | X307: =IF(S307="","",1) -> 1 | Y307: =IFERROR(IF(COUNT(T307:V307)=1,PRODUCT(T307:V307)*X307,""),"") | Z307: =IFERROR(IF(COUNT(T307:V307)=2,PRODUCT(T307:V307)*X307,""),"") -> 2.4624 | AA307: =IFERROR(IF(COUNT(T307:V307)=3,PRODUCT(T307:V307)*X307,""),"")
P308: =+H302 -> 2.01 | R308: SINTRAOFIPUCAR | S308: PISO 1 - BAÑO - PAREDES | T308: 5.6 | V308: 2.22 | W308: =IF(COUNT(T308:V308)=1,"m",IF(COUNT(T308:V308)=2,"m2",IF(COUNT(T308:V308)=3,"m3",""))) -> m2 | X308: =IF(S308="","",1) -> 1 | Y308: =IFERROR(IF(COUNT(T308:V308)=1,PRODUCT(T308:V308)*X308,""),"") | Z308: =IFERROR(IF(COUNT(T308:V308)=2,PRODUCT(T308:V308)*X308,""),"") -> 12.432 | AA308: =IFERROR(IF(COUNT(T308:V308)=3,PRODUCT(T308:V308)*X308,""),"")
P309: =+H302 -> 2.01 | AA309: =IFERROR(IF(COUNT(T309:V309)=3,PRODUCT(T309:V309)*X309,""),"")
P310: =+H302 -> 2.01 | R310: UNALDE | S310: PISO 1 - OFICINAS | T310: 5.07 | U310: 3.42 | W310: =IF(COUNT(T310:V310)=1,"m",IF(COUNT(T310:V310)=2,"m2",IF(COUNT(T310:V310)=3,"m3",""))) -> m2 | X310: =IF(S310="","",1) -> 1 | Y310: =IFERROR(IF(COUNT(T310:V310)=1,PRODUCT(T310:V310)*X310,""),"") | Z310: =IFERROR(IF(COUNT(T310:V310)=2,PRODUCT(T310:V310)*X310,""),"") -> 17.3394 | AA310: =IFERROR(IF(COUNT(T310:V310)=3,PRODUCT(T310:V310)*X310,""),"")
P311: =+H302 -> 2.01 | R311: UNALDE | S311: PISO 1 - COCINETA | T311: 0.45 | U311: 1.05 | W311: =IF(COUNT(T311:V311)=1,"m",IF(COUNT(T311:V311)=2,"m2",IF(COUNT(T311:V311)=3,"m3",""))) -> m2 | X311: =IF(S311="","",1) -> 1 | Y311: =IFERROR(IF(COUNT(T311:V311)=1,PRODUCT(T311:V311)*X311,""),"") | Z311: =IFERROR(IF(COUNT(T311:V311)=2,PRODUCT(T311:V311)*X311,""),"") -> 0.4725 | AA311: =IFERROR(IF(COUNT(T311:V311)=3,PRODUCT(T311:V311)*X311,""),"")
P312: =+H302 -> 2.01 | R312: UNALDE | S312: PISO 1 - BAÑO FONDO | T312: 0.94 | U312: 3.35 | W312: =IF(COUNT(T312:V312)=1,"m",IF(COUNT(T312:V312)=2,"m2",IF(COUNT(T312:V312)=3,"m3",""))) -> m2 | X312: =IF(S312="","",1) -> 1 | Y312: =IFERROR(IF(COUNT(T312:V312)=1,PRODUCT(T312:V312)*X312,""),"") | Z312: =IFERROR(IF(COUNT(T312:V312)=2,PRODUCT(T312:V312)*X312,""),"") -> 3.149 | AA312: =IFERROR(IF(COUNT(T312:V312)=3,PRODUCT(T312:V312)*X312,""),"")
P313: =+H302 -> 2.01 | R313: UNALDE | S313: PISO 1 - BAÑO - ENTRADA | T313: 0.5 | U313: 1 | W313: =IF(COUNT(T313:V313)=1,"m",IF(COUNT(T313:V313)=2,"m2",IF(COUNT(T313:V313)=3,"m3",""))) -> m2 | X313: =IF(S313="","",1) -> 1 | Y313: =IFERROR(IF(COUNT(T313:V313)=1,PRODUCT(T313:V313)*X313,""),"") | Z313: =IFERROR(IF(COUNT(T313:V313)=2,PRODUCT(T313:V313)*X313,""),"") -> 0.5 | AA313: =IFERROR(IF(COUNT(T313:V313)=3,PRODUCT(T313:V313)*X313,""),"")
P314: =+H302 -> 2.01 | R314: UNALDE | S314: PISO - BAÑO - DEBAJO DE ESCALERAS | T314: 0.5 | U314: 1 | W314: =IF(COUNT(T314:V314)=1,"m",IF(COUNT(T314:V314)=2,"m2",IF(COUNT(T314:V314)=3,"m3",""))) -> m2 | X314: =IF(S314="","",1) -> 1 | Y314: =IFERROR(IF(COUNT(T314:V314)=1,PRODUCT(T314:V314)*X314,""),"") | Z314: =IFERROR(IF(COUNT(T314:V314)=2,PRODUCT(T314:V314)*X314,""),"") -> 0.5 | AA314: =IFERROR(IF(COUNT(T314:V314)=3,PRODUCT(T314:V314)*X314,""),"")
P315: =+H302 -> 2.01 | R315: UNALDE | S315: PISO 2 - OFICINA | T315: 3.97 | U315: 3.36 | W315: =IF(COUNT(T315:V315)=1,"m",IF(COUNT(T315:V315)=2,"m2",IF(COUNT(T315:V315)=3,"m3",""))) -> m2 | X315: =IF(S315="","",1) -> 1 | Y315: =IFERROR(IF(COUNT(T315:V315)=1,PRODUCT(T315:V315)*X315,""),"") | Z315: =IFERROR(IF(COUNT(T315:V315)=2,PRODUCT(T315:V315)*X315,""),"") -> 13.3392 | AA315: =IFERROR(IF(COUNT(T315:V315)=3,PRODUCT(T315:V315)*X315,""),"")
P316: =+H302 -> 2.01 | R316: UNALDE | S316: PISO 2 - ESPACIO MURO | T316: 1.07 | U316: 0.43 | W316: =IF(COUNT(T316:V316)=1,"m",IF(COUNT(T316:V316)=2,"m2",IF(COUNT(T316:V316)=3,"m3",""))) -> m2 | X316: =IF(S316="","",1) -> 1 | Y316: =IFERROR(IF(COUNT(T316:V316)=1,PRODUCT(T316:V316)*X316,""),"") | Z316: =IFERROR(IF(COUNT(T316:V316)=2,PRODUCT(T316:V316)*X316,""),"") -> 0.4601 | AA316: =IFERROR(IF(COUNT(T316:V316)=3,PRODUCT(T316:V316)*X316,""),"")
P317: =+H302 -> 2.01 | AA317: =IFERROR(IF(COUNT(T317:V317)=3,PRODUCT(T317:V317)*X317,""),"")
P318: =+H302 -> 2.01 | R318: FEDEJAC | S318: PISO 1 - OFICINAS | T318: 3.66 | U318: 3.4 | W318: =IF(COUNT(T318:V318)=1,"m",IF(COUNT(T318:V318)=2,"m2",IF(COUNT(T318:V318)=3,"m3",""))) -> m2 | X318: =IF(S318="","",1) -> 1 | Y318: =IFERROR(IF(COUNT(T318:V318)=1,PRODUCT(T318:V318)*X318,""),"") | Z318: =IFERROR(IF(COUNT(T318:V318)=2,PRODUCT(T318:V318)*X318,""),"") -> 12.444 | AA318: =IFERROR(IF(COUNT(T318:V318)=3,PRODUCT(T318:V318)*X318,""),"")
P319: =+H302 -> 2.01 | R319: FEDEJAC | S319: PISO 1 - ESCALERAS | T319: 1.66 | U319: 1.62 | W319: =IF(COUNT(T319:V319)=1,"m",IF(COUNT(T319:V319)=2,"m2",IF(COUNT(T319:V319)=3,"m3",""))) -> m2 | X319: =IF(S319="","",1) -> 1 | Y319: =IFERROR(IF(COUNT(T319:V319)=1,PRODUCT(T319:V319)*X319,""),"") | Z319: =IFERROR(IF(COUNT(T319:V319)=2,PRODUCT(T319:V319)*X319,""),"") -> 2.6892 | AA319: =IFERROR(IF(COUNT(T319:V319)=3,PRODUCT(T319:V319)*X319,""),"")
P320: =+H302 -> 2.01 | R320: FEDEJAC | S320: PISO 1 - BAÑOS - PISO | T320: 1.65 | U320: 1.62 | W320: =IF(COUNT(T320:V320)=1,"m",IF(COUNT(T320:V320)=2,"m2",IF(COUNT(T320:V320)=3,"m3",""))) -> m2 | X320: =IF(S320="","",1) -> 1 | Y320: =IFERROR(IF(COUNT(T320:V320)=1,PRODUCT(T320:V320)*X320,""),"") | Z320: =IFERROR(IF(COUNT(T320:V320)=2,PRODUCT(T320:V320)*X320,""),"") -> 2.673 | AA320: =IFERROR(IF(COUNT(T320:V320)=3,PRODUCT(T320:V320)*X320,""),"")
P321: =+H302 -> 2.01 | R321: FEDEJAC | S321: PISO 1 - BAÑOS - PAREDES | T321: 5.62 | V321: 2.2 | W321: =IF(COUNT(T321:V321)=1,"m",IF(COUNT(T321:V321)=2,"m2",IF(COUNT(T321:V321)=3,"m3",""))) -> m2 | X321: =IF(S321="","",1) -> 1 | Y321: =IFERROR(IF(COUNT(T321:V321)=1,PRODUCT(T321:V321)*X321,""),"") | Z321: =IFERROR(IF(COUNT(T321:V321)=2,PRODUCT(T321:V321)*X321,""),"") -> 12.364 | AA321: =IFERROR(IF(COUNT(T321:V321)=3,PRODUCT(T321:V321)*X321,""),"")
P322: =+H302 -> 2.01 | R322: FEDEJAC | S322: PISO 2 - OFICINAS | T322: 3.86 | U322: 3.4 | W322: =IF(COUNT(T322:V322)=1,"m",IF(COUNT(T322:V322)=2,"m2",IF(COUNT(T322:V322)=3,"m3",""))) -> m2 | X322: =IF(S322="","",1) -> 1 | Y322: =IFERROR(IF(COUNT(T322:V322)=1,PRODUCT(T322:V322)*X322,""),"") | Z322: =IFERROR(IF(COUNT(T322:V322)=2,PRODUCT(T322:V322)*X322,""),"") -> 13.124 | AA322: =IFERROR(IF(COUNT(T322:V322)=3,PRODUCT(T322:V322)*X322,""),"")
P323: =+H302 -> 2.01 | R323: FEDEJAC | S323: PISO 2 - OFICINAS | T323: 1.42 | U323: 1.83 | W323: =IF(COUNT(T323:V323)=1,"m",IF(COUNT(T323:V323)=2,"m2",IF(COUNT(T323:V323)=3,"m3",""))) -> m2 | X323: =IF(S323="","",1) -> 1 | Y323: =IFERROR(IF(COUNT(T323:V323)=1,PRODUCT(T323:V323)*X323,""),"") | Z323: =IFERROR(IF(COUNT(T323:V323)=2,PRODUCT(T323:V323)*X323,""),"") -> 2.5986 | AA323: =IFERROR(IF(COUNT(T323:V323)=3,PRODUCT(T323:V323)*X323,""),"")
P324: =+H302 -> 2.01 | W324: =IF(COUNT(T324:V324)=1,"m",IF(COUNT(T324:V324)=2,"m2",IF(COUNT(T324:V324)=3,"m3",""))) | X324: =IF(S324="","",1) | Y324: =IFERROR(IF(COUNT(T324:V324)=1,PRODUCT(T324:V324)*X324,""),"") | Z324: =IFERROR(IF(COUNT(T324:V324)=2,PRODUCT(T324:V324)*X324,""),"") | AA324: =IFERROR(IF(COUNT(T324:V324)=3,PRODUCT(T324:V324)*X324,""),"")
P325: =+H302 -> 2.01 | W325: =IF(COUNT(T325:V325)=1,"m",IF(COUNT(T325:V325)=2,"m2",IF(COUNT(T325:V325)=3,"m3",""))) | X325: =IF(S325="","",1) | Y325: =IFERROR(IF(COUNT(T325:V325)=1,PRODUCT(T325:V325)*X325,""),"") | Z325: =IFERROR(IF(COUNT(T325:V325)=2,PRODUCT(T325:V325)*X325,""),"") | AA325: =IFERROR(IF(COUNT(T325:V325)=3,PRODUCT(T325:V325)*X325,""),"")
P326: =+H302 -> 2.01 | W326: =IF(COUNT(T326:V326)=1,"m",IF(COUNT(T326:V326)=2,"m2",IF(COUNT(T326:V326)=3,"m3",""))) | X326: =IF(S326="","",1) | Y326: =IFERROR(IF(COUNT(T326:V326)=1,PRODUCT(T326:V326)*X326,""),"") | Z326: =IFERROR(IF(COUNT(T326:V326)=2,PRODUCT(T326:V326)*X326,""),"") | AA326: =IFERROR(IF(COUNT(T326:V326)=3,PRODUCT(T326:V326)*X326,""),"")
P327: =+H302 -> 2.01 | W327: =IF(COUNT(T327:V327)=1,"m",IF(COUNT(T327:V327)=2,"m2",IF(COUNT(T327:V327)=3,"m3",""))) | X327: =IF(S327="","",1) | Y327: =IFERROR(IF(COUNT(T327:V327)=1,PRODUCT(T327:V327)*X327,""),"") | Z327: =IFERROR(IF(COUNT(T327:V327)=2,PRODUCT(T327:V327)*X327,""),"") | AA327: =IFERROR(IF(COUNT(T327:V327)=3,PRODUCT(T327:V327)*X327,""),"")
Q328: =+H302 -> 2.01 | R328: OBSERVACIONES | U328: TOTALES | AA328: =SUM(Z305:Z327) -> 116.1874
B329: RESPONSABLE DE LOS CALCULOS: | J329: APRUEBA:
T330: TOTAL | AA330: =AA328 -> 116.1874
G333: MEMORIAS DE CANTIDADES | U333: CODIGO: | Y333: FT-TEC-03
U334: VESION: | Y334: 1
U335: FECHA DE APROBACION: | Y335: 44236
B336: PROYECTO: | G336: =+'BALANCE GENERAL'!$F$6 -> OBRAS DE MANTENIMIENTO PREVENTIVO Y/O CORRECTIVO EN LAS SEDES EN PROPIEDAD DEL DISTRITO UBICADOS EN LA PLAZOLETA TELECOM LOCALES 107B SINTRAOFIPUCAR UNALDE FEDEJAC Y CERRAMIENTO DEL PREDIO UBICADO EN LA CALLE 49 CON VIA PERIMETRAL EN LA CIUDAD DE CARTAGENA
B338: CAPITULO | H338: ITEM | R338: DESCRIPCIÓN DE LA ACTIVIDAD:
B339: =PRESUPUESTO!$B$21 -> 2 | H339: =PRESUPUESTO!B23 -> 2.02 | J339: =PRESUPUESTO!$F$21 -> DEMOLICIONES Y DESMONTES | R339: =PRESUPUESTO!F23 -> Desmonte de Elementos Sanitarios (Incluye retiro de material sobrante y disposición final en R.S.)
B340: ESQUEMA O REGISTRO FOTOGRAFICO | R340: LOCALIZACION | S340: ESPACIO | T340: DIMENSIONES | W340: UND | X340: CANT. | Y340: TOTALES
T341: LONG (m) | U341: ANCHO (m) | V341: ALTURA (m) | Y341: ml | Z341: m2 | AA341: m3
P342: =+H339 -> 2.02 | R342: SINTRAOFIPUCAR | S342: SANITARIO | W342: UND | X342: =IF(S342="","",1) -> 1 | Y342: =IFERROR(IF(COUNT(T342:V342)=1,PRODUCT(T342:V342)*X342,""),"") | Z342: =IFERROR(IF(COUNT(T342:V342)=2,PRODUCT(T342:V342)*X342,""),"") | AA342: =IFERROR(IF(COUNT(T342:V342)=3,PRODUCT(T342:V342)*X342,""),"")
P343: =+H339 -> 2.02 | R343: SINTRAOFIPUCAR | S343: ORINAL | W343: UND | X343: =IF(S343="","",1) -> 1 | Y343: =IFERROR(IF(COUNT(T343:V343)=1,PRODUCT(T343:V343)*X343,""),"") | Z343: =IFERROR(IF(COUNT(T343:V343)=2,PRODUCT(T343:V343)*X343,""),"") | AA343: =IFERROR(IF(COUNT(T343:V343)=3,PRODUCT(T343:V343)*X343,""),"")
P344: =+H339 -> 2.02 | R344: SINTRAOFIPUCAR | S344: LAVAMANOS | W344: UND | X344: =IF(S344="","",1) -> 1 | Y344: =IFERROR(IF(COUNT(T344:V344)=1,PRODUCT(T344:V344)*X344,""),"") | Z344: =IFERROR(IF(COUNT(T344:V344)=2,PRODUCT(T344:V344)*X344,""),"") | AA344: =IFERROR(IF(COUNT(T344:V344)=3,PRODUCT(T344:V344)*X344,""),"")
P345: =+H339 -> 2.02 | W345: =IF(COUNT(T345:V345)=1,"m",IF(COUNT(T345:V345)=2,"m2",IF(COUNT(T345:V345)=3,"m3",""))) | X345: =IF(S345="","",1) | Y345: =IFERROR(IF(COUNT(T345:V345)=1,PRODUCT(T345:V345)*X345,""),"") | Z345: =IFERROR(IF(COUNT(T345:V345)=2,PRODUCT(T345:V345)*X345,""),"") | AA345: =IFERROR(IF(COUNT(T345:V345)=3,PRODUCT(T345:V345)*X345,""),"")
P346: =+H339 -> 2.02 | AA346: =IFERROR(IF(COUNT(T346:V346)=3,PRODUCT(T346:V346)*X346,""),"")
P347: =+H339 -> 2.02 | R347: UNALDE | S347: LAVAMANOS | W347: UND | X347: =IF(S347="","",1) -> 1 | Y347: =IFERROR(IF(COUNT(T347:V347)=1,PRODUCT(T347:V347)*X347,""),"") | Z347: =IFERROR(IF(COUNT(T347:V347)=2,PRODUCT(T347:V347)*X347,""),"") | AA347: =IFERROR(IF(COUNT(T347:V347)=3,PRODUCT(T347:V347)*X347,""),"")
P348: =+H339 -> 2.02 | R348: UNALDE | S348: SANITARIO | W348: UND | X348: =IF(S348="","",1) -> 1 | Y348: =IFERROR(IF(COUNT(T348:V348)=1,PRODUCT(T348:V348)*X348,""),"") | Z348: =IFERROR(IF(COUNT(T348:V348)=2,PRODUCT(T348:V348)*X348,""),"") | AA348: =IFERROR(IF(COUNT(T348:V348)=3,PRODUCT(T348:V348)*X348,""),"")
P349: =+H339 -> 2.02 | W349: =IF(COUNT(T349:V349)=1,"m",IF(COUNT(T349:V349)=2,"m2",IF(COUNT(T349:V349)=3,"m3",""))) | X349: =IF(S349="","",1) | Y349: =IFERROR(IF(COUNT(T349:V349)=1,PRODUCT(T349:V349)*X349,""),"") | Z349: =IFERROR(IF(COUNT(T349:V349)=2,PRODUCT(T349:V349)*X349,""),"") | AA349: =IFERROR(IF(COUNT(T349:V349)=3,PRODUCT(T349:V349)*X349,""),"")
P350: =+H339 -> 2.02 | W350: =IF(COUNT(T350:V350)=1,"m",IF(COUNT(T350:V350)=2,"m2",IF(COUNT(T350:V350)=3,"m3",""))) | X350: =IF(S350="","",1) | Y350: =IFERROR(IF(COUNT(T350:V350)=1,PRODUCT(T350:V350)*X350,""),"") | Z350: =IFERROR(IF(COUNT(T350:V350)=2,PRODUCT(T350:V350)*X350,""),"") | AA350: =IFERROR(IF(COUNT(T350:V350)=3,PRODUCT(T350:V350)*X350,""),"")
P351: =+H339 -> 2.02 | W351: =IF(COUNT(T351:V351)=1,"m",IF(COUNT(T351:V351)=2,"m2",IF(COUNT(T351:V351)=3,"m3",""))) | X351: =IF(S351="","",1) | Y351: =IFERROR(IF(COUNT(T351:V351)=1,PRODUCT(T351:V351)*X351,""),"") | Z351: =IFERROR(IF(COUNT(T351:V351)=2,PRODUCT(T351:V351)*X351,""),"") | AA351: =IFERROR(IF(COUNT(T351:V351)=3,PRODUCT(T351:V351)*X351,""),"")
P352: =+H339 -> 2.02 | W352: =IF(COUNT(T352:V352)=1,"m",IF(COUNT(T352:V352)=2,"m2",IF(COUNT(T352:V352)=3,"m3",""))) | X352: =IF(S352="","",1) | Y352: =IFERROR(IF(COUNT(T352:V352)=1,PRODUCT(T352:V352)*X352,""),"") | Z352: =IFERROR(IF(COUNT(T352:V352)=2,PRODUCT(T352:V352)*X352,""),"") | AA352: =IFERROR(IF(COUNT(T352:V352)=3,PRODUCT(T352:V352)*X352,""),"")
P353: =+H339 -> 2.02 | W353: =IF(COUNT(T353:V353)=1,"m",IF(COUNT(T353:V353)=2,"m2",IF(COUNT(T353:V353)=3,"m3",""))) | X353: =IF(S353="","",1) | Y353: =IFERROR(IF(COUNT(T353:V353)=1,PRODUCT(T353:V353)*X353,""),"") | Z353: =IFERROR(IF(COUNT(T353:V353)=2,PRODUCT(T353:V353)*X353,""),"") | AA353: =IFERROR(IF(COUNT(T353:V353)=3,PRODUCT(T353:V353)*X353,""),"")
P354: =+H339 -> 2.02 | AA354: =IFERROR(IF(COUNT(T354:V354)=3,PRODUCT(T354:V354)*X354,""),"")
P355: =+H339 -> 2.02 | R355: FEDEJAC | S355: SANITARIO | W355: UND | X355: =IF(S355="","",1) -> 1 | Y355: =IFERROR(IF(COUNT(T355:V355)=1,PRODUCT(T355:V355)*X355,""),"") | Z355: =IFERROR(IF(COUNT(T355:V355)=2,PRODUCT(T355:V355)*X355,""),"") | AA355: =IFERROR(IF(COUNT(T355:V355)=3,PRODUCT(T355:V355)*X355,""),"")
P356: =+H339 -> 2.02 | R356: FEDEJAC | S356: LAVAMANOS | W356: UND | X356: =IF(S356="","",1) -> 1 | Y356: =IFERROR(IF(COUNT(T356:V356)=1,PRODUCT(T356:V356)*X356,""),"") | Z356: =IFERROR(IF(COUNT(T356:V356)=2,PRODUCT(T356:V356)*X356,""),"") | AA356: =IFERROR(IF(COUNT(T356:V356)=3,PRODUCT(T356:V356)*X356,""),"")
P357: =+H339 -> 2.02 | W357: =IF(COUNT(T357:V357)=1,"m",IF(COUNT(T357:V357)=2,"m2",IF(COUNT(T357:V357)=3,"m3",""))) | X357: =IF(S357="","",1) | Y357: =IFERROR(IF(COUNT(T357:V357)=1,PRODUCT(T357:V357)*X357,""),"") | Z357: =IFERROR(IF(COUNT(T357:V357)=2,PRODUCT(T357:V357)*X357,""),"") | AA357: =IFERROR(IF(COUNT(T357:V357)=3,PRODUCT(T357:V357)*X357,""),"")
P358: =+H339 -> 2.02 | W358: =IF(COUNT(T358:V358)=1,"m",IF(COUNT(T358:V358)=2,"m2",IF(COUNT(T358:V358)=3,"m3",""))) | X358: =IF(S358="","",1) | Y358: =IFERROR(IF(COUNT(T358:V358)=1,PRODUCT(T358:V358)*X358,""),"") | Z358: =IFERROR(IF(COUNT(T358:V358)=2,PRODUCT(T358:V358)*X358,""),"") | AA358: =IFERROR(IF(COUNT(T358:V358)=3,PRODUCT(T358:V358)*X358,""),"")
P359: =+H339 -> 2.02 | W359: =IF(COUNT(T359:V359)=1,"m",IF(COUNT(T359:V359)=2,"m2",IF(COUNT(T359:V359)=3,"m3",""))) | X359: =IF(S359="","",1) | Y359: =IFERROR(IF(COUNT(T359:V359)=1,PRODUCT(T359:V359)*X359,""),"") | Z359: =IFERROR(IF(COUNT(T359:V359)=2,PRODUCT(T359:V359)*X359,""),"") | AA359: =IFERROR(IF(COUNT(T359:V359)=3,PRODUCT(T359:V359)*X359,""),"")
P360: =+H339 -> 2.02 | W360: =IF(COUNT(T360:V360)=1,"m",IF(COUNT(T360:V360)=2,"m2",IF(COUNT(T360:V360)=3,"m3",""))) | X360: =IF(S360="","",1) | Y360: =IFERROR(IF(COUNT(T360:V360)=1,PRODUCT(T360:V360)*X360,""),"") | Z360: =IFERROR(IF(COUNT(T360:V360)=2,PRODUCT(T360:V360)*X360,""),"") | AA360: =IFERROR(IF(COUNT(T360:V360)=3,PRODUCT(T360:V360)*X360,""),"")
P361: =+H339 -> 2.02 | W361: =IF(COUNT(T361:V361)=1,"m",IF(COUNT(T361:V361)=2,"m2",IF(COUNT(T361:V361)=3,"m3",""))) | X361: =IF(S361="","",1) | Y361: =IFERROR(IF(COUNT(T361:V361)=1,PRODUCT(T361:V361)*X361,""),"") | Z361: =IFERROR(IF(COUNT(T361:V361)=2,PRODUCT(T361:V361)*X361,""),"") | AA361: =IFERROR(IF(COUNT(T361:V361)=3,PRODUCT(T361:V361)*X361,""),"")
P362: =+H339 -> 2.02 | W362: =IF(COUNT(T362:V362)=1,"m",IF(COUNT(T362:V362)=2,"m2",IF(COUNT(T362:V362)=3,"m3",""))) | X362: =IF(S362="","",1) | Y362: =IFERROR(IF(COUNT(T362:V362)=1,PRODUCT(T362:V362)*X362,""),"") | Z362: =IFERROR(IF(COUNT(T362:V362)=2,PRODUCT(T362:V362)*X362,""),"") | AA362: =IFERROR(IF(COUNT(T362:V362)=3,PRODUCT(T362:V362)*X362,""),"")
P363: =+H339 -> 2.02 | W363: =IF(COUNT(T363:V363)=1,"m",IF(COUNT(T363:V363)=2,"m2",IF(COUNT(T363:V363)=3,"m3",""))) | X363: =IF(S363="","",1) | Y363: =IFERROR(IF(COUNT(T363:V363)=1,PRODUCT(T363:V363)*X363,""),"") | Z363: =IFERROR(IF(COUNT(T363:V363)=2,PRODUCT(T363:V363)*X363,""),"") | AA363: =IFERROR(IF(COUNT(T363:V363)=3,PRODUCT(T363:V363)*X363,""),"")
P364: =+H339 -> 2.02 | W364: =IF(COUNT(T364:V364)=1,"m",IF(COUNT(T364:V364)=2,"m2",IF(COUNT(T364:V364)=3,"m3",""))) | X364: =IF(S364="","",1) | Y364: =IFERROR(IF(COUNT(T364:V364)=1,PRODUCT(T364:V364)*X364,""),"") | Z364: =IFERROR(IF(COUNT(T364:V364)=2,PRODUCT(T364:V364)*X364,""),"") | AA364: =IFERROR(IF(COUNT(T364:V364)=3,PRODUCT(T364:V364)*X364,""),"")
Q365: =+H339 -> 2.02 | R365: OBSERVACIONES | U365: TOTALES | AA365: =SUM(X342:X364) -> 7
B366: RESPONSABLE DE LOS CALCULOS: | J366: APRUEBA:
T367: TOTAL | AA367: =AA365 -> 7
G370: MEMORIAS DE CANTIDADES | U370: CODIGO: | Y370: FT-TEC-03
U371: VESION: | Y371: 1
U372: FECHA DE APROBACION: | Y372: 44236
B373: PROYECTO: | G373: =+'BALANCE GENERAL'!$F$6 -> OBRAS DE MANTENIMIENTO PREVENTIVO Y/O CORRECTIVO EN LAS SEDES EN PROPIEDAD DEL DISTRITO UBICADOS EN LA PLAZOLETA TELECOM LOCALES 107B SINTRAOFIPUCAR UNALDE FEDEJAC Y CERRAMIENTO DEL PREDIO UBICADO EN LA CALLE 49 CON VIA PERIMETRAL EN LA CIUDAD DE CARTAGENA
B375: CAPITULO | H375: ITEM | R375: DESCRIPCIÓN DE LA ACTIVIDAD:
B376: =PRESUPUESTO!$B$21 -> 2 | H376: =PRESUPUESTO!B24 -> 2.03 | J376: =PRESUPUESTO!$F$21 -> DEMOLICIONES Y DESMONTES | R376: =PRESUPUESTO!F24 -> DESMONTE PUERTAS CON MARCOS (INC. RETIRO DE SOBR.)
B377: ESQUEMA O REGISTRO FOTOGRAFICO | R377: LOCALIZACION | S377: ESPACIO | T377: DIMENSIONES | W377: UND | X377: CANT. | Y377: TOTALES
T378: LONG (m) | U378: ANCHO (m) | V378: ALTURA (m) | Y378: ml | Z378: m2 | AA378: m3
P379: =+H376 -> 2.03 | R379: SINTRAOFIPUCAR | S379: BAÑO | W379: UND | X379: =IF(S379="","",1) -> 1 | Y379: =IFERROR(IF(COUNT(T379:V379)=1,PRODUCT(T379:V379)*X379,""),"") | Z379: =IFERROR(IF(COUNT(T379:V379)=2,PRODUCT(T379:V379)*X379,""),"") | AA379: =IFERROR(IF(COUNT(T379:V379)=3,PRODUCT(T379:V379)*X379,""),"")
P380: =+H376 -> 2.03 | R380: SINTRAOFIPUCAR | S380: SALA DE JUNTAS | W380: UND | X380: =IF(S380="","",1) -> 1 | Y380: =IFERROR(IF(COUNT(T380:V380)=1,PRODUCT(T380:V380)*X380,""),"") | Z380: =IFERROR(IF(COUNT(T380:V380)=2,PRODUCT(T380:V380)*X380,""),"") | AA380: =IFERROR(IF(COUNT(T380:V380)=3,PRODUCT(T380:V380)*X380,""),"")
P381: =+H376 -> 2.03 | X381: =IF(S381="","",1) | Y381: =IFERROR(IF(COUNT(T381:V381)=1,PRODUCT(T381:V381)*X381,""),"") | Z381: =IFERROR(IF(COUNT(T381:V381)=2,PRODUCT(T381:V381)*X381,""),"") | AA381: =IFERROR(IF(COUNT(T381:V381)=3,PRODUCT(T381:V381)*X381,""),"")
P382: =+H376 -> 2.03 | W382: =IF(COUNT(T382:V382)=1,"m",IF(COUNT(T382:V382)=2,"m2",IF(COUNT(T382:V382)=3,"m3",""))) | X382: =IF(S382="","",1) | Y382: =IFERROR(IF(COUNT(T382:V382)=1,PRODUCT(T382:V382)*X382,""),"") | Z382: =IFERROR(IF(COUNT(T382:V382)=2,PRODUCT(T382:V382)*X382,""),"") | AA382: =IFERROR(IF(COUNT(T382:V382)=3,PRODUCT(T382:V382)*X382,""),"")
P383: =+H376 -> 2.03 | AA383: =IFERROR(IF(COUNT(T383:V383)=3,PRODUCT(T383:V383)*X383,""),"")
P384: =+H376 -> 2.03 | R384: UNALDE | S384: BAÑO | W384: UND | X384: =IF(S384="","",1) -> 1 | Y384: =IFERROR(IF(COUNT(T384:V384)=1,PRODUCT(T384:V384)*X384,""),"") | Z384: =IFERROR(IF(COUNT(T384:V384)=2,PRODUCT(T384:V384)*X384,""),"") | AA384: =IFERROR(IF(COUNT(T384:V384)=3,PRODUCT(T384:V384)*X384,""),"")
P385: =+H376 -> 2.03 | X385: =IF(S385="","",1) | Y385: =IFERROR(IF(COUNT(T385:V385)=1,PRODUCT(T385:V385)*X385,""),"") | Z385: =IFERROR(IF(COUNT(T385:V385)=2,PRODUCT(T385:V385)*X385,""),"") | AA385: =IFERROR(IF(COUNT(T385:V385)=3,PRODUCT(T385:V385)*X385,""),"")
P386: =+H376 -> 2.03 | W386: =IF(COUNT(T386:V386)=1,"m",IF(COUNT(T386:V386)=2,"m2",IF(COUNT(T386:V386)=3,"m3",""))) | X386: =IF(S386="","",1) | Y386: =IFERROR(IF(COUNT(T386:V386)=1,PRODUCT(T386:V386)*X386,""),"") | Z386: =IFERROR(IF(COUNT(T386:V386)=2,PRODUCT(T386:V386)*X386,""),"") | AA386: =IFERROR(IF(COUNT(T386:V386)=3,PRODUCT(T386:V386)*X386,""),"")
P387: =+H376 -> 2.03 | W387: =IF(COUNT(T387:V387)=1,"m",IF(COUNT(T387:V387)=2,"m2",IF(COUNT(T387:V387)=3,"m3",""))) | X387: =IF(S387="","",1) | Y387: =IFERROR(IF(COUNT(T387:V387)=1,PRODUCT(T387:V387)*X387,""),"") | Z387: =IFERROR(IF(COUNT(T387:V387)=2,PRODUCT(T387:V387)*X387,""),"") | AA387: =IFERROR(IF(COUNT(T387:V387)=3,PRODUCT(T387:V387)*X387,""),"")
P388: =+H376 -> 2.03 | W388: =IF(COUNT(T388:V388)=1,"m",IF(COUNT(T388:V388)=2,"m2",IF(COUNT(T388:V388)=3,"m3",""))) | X388: =IF(S388="","",1) | Y388: =IFERROR(IF(COUNT(T388:V388)=1,PRODUCT(T388:V388)*X388,""),"") | Z388: =IFERROR(IF(COUNT(T388:V388)=2,PRODUCT(T388:V388)*X388,""),"") | AA388: =IFERROR(IF(COUNT(T388:V388)=3,PRODUCT(T388:V388)*X388,""),"")
P389: =+H376 -> 2.03 | W389: =IF(COUNT(T389:V389)=1,"m",IF(COUNT(T389:V389)=2,"m2",IF(COUNT(T389:V389)=3,"m3",""))) | X389: =IF(S389="","",1) | Y389: =IFERROR(IF(COUNT(T389:V389)=1,PRODUCT(T389:V389)*X389,""),"") | Z389: =IFERROR(IF(COUNT(T389:V389)=2,PRODUCT(T389:V389)*X389,""),"") | AA389: =IFERROR(IF(COUNT(T389:V389)=3,PRODUCT(T389:V389)*X389,""),"")
P390: =+H376 -> 2.03 | W390: =IF(COUNT(T390:V390)=1,"m",IF(COUNT(T390:V390)=2,"m2",IF(COUNT(T390:V390)=3,"m3",""))) | X390: =IF(S390="","",1) | Y390: =IFERROR(IF(COUNT(T390:V390)=1,PRODUCT(T390:V390)*X390,""),"") | Z390: =IFERROR(IF(COUNT(T390:V390)=2,PRODUCT(T390:V390)*X390,""),"") | AA390: =IFERROR(IF(COUNT(T390:V390)=3,PRODUCT(T390:V390)*X390,""),"")
P391: =+H376 -> 2.03 | AA391: =IFERROR(IF(COUNT(T391:V391)=3,PRODUCT(T391:V391)*X391,""),"")
P392: =+H376 -> 2.03 | R392: FEDEJAC | S392: BAÑO | W392: UND | X392: =IF(S392="","",1) -> 1 | Y392: =IFERROR(IF(COUNT(T392:V392)=1,PRODUCT(T392:V392)*X392,""),"") | Z392: =IFERROR(IF(COUNT(T392:V392)=2,PRODUCT(T392:V392)*X392,""),"") | AA392: =IFERROR(IF(COUNT(T392:V392)=3,PRODUCT(T392:V392)*X392,""),"")
P393: =+H376 -> 2.03 | W393: =IF(COUNT(T393:V393)=1,"m",IF(COUNT(T393:V393)=2,"m2",IF(COUNT(T393:V393)=3,"m3",""))) | X393: =IF(S393="","",1) | Y393: =IFERROR(IF(COUNT(T393:V393)=1,PRODUCT(T393:V393)*X393,""),"") | Z393: =IFERROR(IF(COUNT(T393:V393)=2,PRODUCT(T393:V393)*X393,""),"") | AA393: =IFERROR(IF(COUNT(T393:V393)=3,PRODUCT(T393:V393)*X393,""),"")
P394: =+H376 -> 2.03 | W394: =IF(COUNT(T394:V394)=1,"m",IF(COUNT(T394:V394)=2,"m2",IF(COUNT(T394:V394)=3,"m3",""))) | X394: =IF(S394="","",1) | Y394: =IFERROR(IF(COUNT(T394:V394)=1,PRODUCT(T394:V394)*X394,""),"") | Z394: =IFERROR(IF(COUNT(T394:V394)=2,PRODUCT(T394:V394)*X394,""),"") | AA394: =IFERROR(IF(COUNT(T394:V394)=3,PRODUCT(T394:V394)*X394,""),"")
P395: =+H376 -> 2.03 | W395: =IF(COUNT(T395:V395)=1,"m",IF(COUNT(T395:V395)=2,"m2",IF(COUNT(T395:V395)=3,"m3",""))) | X395: =IF(S395="","",1) | Y395: =IFERROR(IF(COUNT(T395:V395)=1,PRODUCT(T395:V395)*X395,""),"") | Z395: =IFERROR(IF(COUNT(T395:V395)=2,PRODUCT(T395:V395)*X395,""),"") | AA395: =IFERROR(IF(COUNT(T395:V395)=3,PRODUCT(T395:V395)*X395,""),"")
P396: =+H376 -> 2.03 | W396: =IF(COUNT(T396:V396)=1,"m",IF(COUNT(T396:V396)=2,"m2",IF(COUNT(T396:V396)=3,"m3",""))) | X396: =IF(S396="","",1) | Y396: =IFERROR(IF(COUNT(T396:V396)=1,PRODUCT(T396:V396)*X396,""),"") | Z396: =IFERROR(IF(COUNT(T396:V396)=2,PRODUCT(T396:V396)*X396,""),"") | AA396: =IFERROR(IF(COUNT(T396:V396)=3,PRODUCT(T396:V396)*X396,""),"")
P397: =+H376 -> 2.03 | W397: =IF(COUNT(T397:V397)=1,"m",IF(COUNT(T397:V397)=2,"m2",IF(COUNT(T397:V397)=3,"m3",""))) | X397: =IF(S397="","",1) | Y397: =IFERROR(IF(COUNT(T397:V397)=1,PRODUCT(T397:V397)*X397,""),"") | Z397: =IFERROR(IF(COUNT(T397:V397)=2,PRODUCT(T397:V397)*X397,""),"") | AA397: =IFERROR(IF(COUNT(T397:V397)=3,PRODUCT(T397:V397)*X397,""),"")
P398: =+H376 -> 2.03 | W398: =IF(COUNT(T398:V398)=1,"m",IF(COUNT(T398:V398)=2,"m2",IF(COUNT(T398:V398)=3,"m3",""))) | X398: =IF(S398="","",1) | Y398: =IFERROR(IF(COUNT(T398:V398)=1,PRODUCT(T398:V398)*X398,""),"") | Z398: =IFERROR(IF(COUNT(T398:V398)=2,PRODUCT(T398:V398)*X398,""),"") | AA398: =IFERROR(IF(COUNT(T398:V398)=3,PRODUCT(T398:V398)*X398,""),"")
P399: =+H376 -> 2.03 | W399: =IF(COUNT(T399:V399)=1,"m",IF(COUNT(T399:V399)=2,"m2",IF(COUNT(T399:V399)=3,"m3",""))) | X399: =IF(S399="","",1) | Y399: =IFERROR(IF(COUNT(T399:V399)=1,PRODUCT(T399:V399)*X399,""),"") | Z399: =IFERROR(IF(COUNT(T399:V399)=2,PRODUCT(T399:V399)*X399,""),"") | AA399: =IFERROR(IF(COUNT(T399:V399)=3,PRODUCT(T399:V399)*X399,""),"")
P400: =+H376 -> 2.03 | W400: =IF(COUNT(T400:V400)=1,"m",IF(COUNT(T400:V400)=2,"m2",IF(COUNT(T400:V400)=3,"m3",""))) | X400: =IF(S400="","",1) | Y400: =IFERROR(IF(COUNT(T400:V400)=1,PRODUCT(T400:V400)*X400,""),"") | Z400: =IFERROR(IF(COUNT(T400:V400)=2,PRODUCT(T400:V400)*X400,""),"") | AA400: =IFERROR(IF(COUNT(T400:V400)=3,PRODUCT(T400:V400)*X400,""),"")
P401: =+H376 -> 2.03 | W401: =IF(COUNT(T401:V401)=1,"m",IF(COUNT(T401:V401)=2,"m2",IF(COUNT(T401:V401)=3,"m3",""))) | X401: =IF(S401="","",1) | Y401: =IFERROR(IF(COUNT(T401:V401)=1,PRODUCT(T401:V401)*X401,""),"") | Z401: =IFERROR(IF(COUNT(T401:V401)=2,PRODUCT(T401:V401)*X401,""),"") | AA401: =IFERROR(IF(COUNT(T401:V401)=3,PRODUCT(T401:V401)*X401,""),"")
Q402: =+H376 -> 2.03 | R402: OBSERVACIONES | U402: TOTALES | AA402: =SUM(X379:X401) -> 4
...

Sheet MEMORIAS ATP N° 2
G3: MEMORIAS DE CANTIDADES | U3: CODIGO: | Y3: FT-TEC-03
U4: VESION: | Y4: 1
U5: FECHA DE APROBACION: | Y5: 44236
B6: PROYECTO: | G6: =+'BALANCE GENERAL'!$F$6 -> OBRAS DE MANTENIMIENTO PREVENTIVO Y/O CORRECTIVO EN LAS SEDES EN PROPIEDAD DEL DISTRITO UBICADOS EN LA PLAZOLETA TELECOM LOCALES 107B SINTRAOFIPUCAR UNALDE FEDEJAC Y CERRAMIENTO DEL PREDIO UBICADO EN LA CALLE 49 CON VIA PERIMETRAL EN LA CIUDAD DE CARTAGENA
B8: CAPITULO | H8: ITEM | R8: DESCRIPCIÓN DE LA ACTIVIDAD:
B9: =PRESUPUESTO!$B$11 -> 1 | H9: =PRESUPUESTO!B12 -> 1.01 | J9: =PRESUPUESTO!F11 -> CERRAMIENTO EN POSTE DE CONCRETO Y ALAMBRE LISO | R9: =PRESUPUESTO!F12 -> LOCALIZACIÓN, TRAZADO, REPLANTEO Y NIVELACIÓN. INCLUYE ENTREGA DE PLANOS Y CARTERA.
B10: ESQUEMA O REGISTRO FOTOGRAFICO | R10: LOCALIZACION | S10: ESPACIO | T10: DIMENSIONES | W10: UND | X10: CANT. | Y10: TOTALES
T11: LONG (m) | U11: ANCHO (m) | V11: ALTURA (m) | Y11: ml | Z11: m2 | AA11: m3
P12: =+H9 -> 1.01
P13: =+H9 -> 1.01
P14: =+H9 -> 1.01
P15: =+H9 -> 1.01
P16: =+H9 -> 1.01
P17: =+H9 -> 1.01
P18: =+H9 -> 1.01
P19: =+H9 -> 1.01
P20: =+H9 -> 1.01
P21: =+H9 -> 1.01
P22: =+H9 -> 1.01
P23: =+H9 -> 1.01
P24: =+H9 -> 1.01
P25: =+H9 -> 1.01
P26: =+H9 -> 1.01
P27: =+H9 -> 1.01
P28: =+H9 -> 1.01
P29: =+H9 -> 1.01
P30: =+H9 -> 1.01
P31: =+H9 -> 1.01
P32: =+H9 -> 1.01
P33: =+H9 -> 1.01
P34: =+H9 -> 1.01
Q35: =+H9 -> 1.01 | R35: OBSERVACIONES | U35: TOTALES | AA35: =SUM(Z12:Z34) -> 0
B36: RESPONSABLE DE LOS CALCULOS: | J36: APRUEBA:
T37: TOTAL | AA37: =AA35 -> 0
G40: MEMORIAS DE CANTIDADES | U40: CODIGO: | Y40: FT-TEC-03
U41: VESION: | Y41: 1
U42: FECHA DE APROBACION: | Y42: 44236
B43: PROYECTO: | G43: =+'BALANCE GENERAL'!$F$6 -> OBRAS DE MANTENIMIENTO PREVENTIVO Y/O CORRECTIVO EN LAS SEDES EN PROPIEDAD DEL DISTRITO UBICADOS EN LA PLAZOLETA TELECOM LOCALES 107B SINTRAOFIPUCAR UNALDE FEDEJAC Y CERRAMIENTO DEL PREDIO UBICADO EN LA CALLE 49 CON VIA PERIMETRAL EN LA CIUDAD DE CARTAGENA
B45: CAPITULO | H45: ITEM | R45: DESCRIPCIÓN DE LA ACTIVIDAD:
B46: =PRESUPUESTO!$B$11 -> 1 | H46: =PRESUPUESTO!B13 -> 1.02 | J46: =PRESUPUESTO!$F$11 -> CERRAMIENTO EN POSTE DE CONCRETO Y ALAMBRE LISO | R46: =PRESUPUESTO!F13 -> CERRAMIENTO (8 HILERAS DE ALAMBRE LISO CALIBRE 12, CON POSTE DE CONCRETO DE 10 CM X 10 CM Y 3 M DE ALTURA, CON BRAZO, 8 HUECOS. ENTERRADO COMO MIN. 0.60m, CON PEDESTAL EN CONCRETO 30X30, NTERCALADO CADA 1,2 M ENTRE POSTES Y CONTRAFUERTES AL INCIO Y FINAL DE CADA TRAMO Y ESQUINAS. CON AMARRE DE SEGURIDAD PARA CADA HILO DE ALAMBRE EN LOS POSTES
B47: ESQUEMA O REGISTRO FOTOGRAFICO | R47: LOCALIZACION | S47: ESPACIO | T47: DIMENSIONES | W47: UND | X47: CANT. | Y47: TOTALES
T48: LONG (m) | U48: ANCHO (m) | V48: ALTURA (m) | Y48: ml | Z48: m2 | AA48: m3
P49: =+H46 -> 1.02
P50: =+H46 -> 1.02
P51: =+H46 -> 1.02
P52: =+H46 -> 1.02
P53: =+H46 -> 1.02
P54: =+H46 -> 1.02
P55: =+H46 -> 1.02
P56: =+H46 -> 1.02
P57: =+H46 -> 1.02
P58: =+H46 -> 1.02
P59: =+H46 -> 1.02
P60: =+H46 -> 1.02
P61: =+H46 -> 1.02
P62: =+H46 -> 1.02
P63: =+H46 -> 1.02
P64: =+H46 -> 1.02
P65: =+H46 -> 1.02
P66: =+H46 -> 1.02
P67: =+H46 -> 1.02
P68: =+H46 -> 1.02
P69: =+H46 -> 1.02
P70: =+H46 -> 1.02
P71: =+H46 -> 1.02
Q72: =+H46 -> 1.02 | R72: OBSERVACIONES | U72: TOTALES | AA72: =SUM(Y49:Y71) -> 0
B73: RESPONSABLE DE LOS CALCULOS: | J73: APRUEBA:
T74: TOTAL | AA74: =AA72 -> 0
G77: MEMORIAS DE CANTIDADES | U77: CODIGO: | Y77: FT-TEC-03
U78: VESION: | Y78: 1
U79: FECHA DE APROBACION: | Y79: 44236
B80: PROYECTO: | G80: =+'BALANCE GENERAL'!$F$6 -> OBRAS DE MANTENIMIENTO PREVENTIVO Y/O CORRECTIVO EN LAS SEDES EN PROPIEDAD DEL DISTRITO UBICADOS EN LA PLAZOLETA TELECOM LOCALES 107B SINTRAOFIPUCAR UNALDE FEDEJAC Y CERRAMIENTO DEL PREDIO UBICADO EN LA CALLE 49 CON VIA PERIMETRAL EN LA CIUDAD DE CARTAGENA
B82: CAPITULO | H82: ITEM | R82: DESCRIPCIÓN DE LA ACTIVIDAD:
B83: =PRESUPUESTO!$B$11 -> 1 | H83: =PRESUPUESTO!B14 -> 1.03 | J83: =PRESUPUESTO!$F$11 -> CERRAMIENTO EN POSTE DE CONCRETO Y ALAMBRE LISO | R83: =PRESUPUESTO!F14 -> Suministro e instalacion de Porton de acceso vehicular de doble hoja abatible en tuberia galvanizada estructural Ø2". Incluye soportes y Herrajes, esquema de pintura Anticorrosivo Esp=6 mils, acabado Poliuretano blanca Esp=12mils. Incluye marco, tensores, empotramiento y anclaje de tubería de soporte de giro a pedestal de 20cm x 20cm x 40cm fundido In Situ en concreto de 3500 PSI armado con acero de refuerzo corrugado grado 60, Fy = 4200 kg/cm², cuantía mínima de 80kg/m³.
B84: ESQUEMA O REGISTRO FOTOGRAFICO | R84: LOCALIZACION | S84: ESPACIO | T84: DIMENSIONES | W84: UND | X84: CANT. | Y84: TOTALES
T85: LONG (m) | U85: ANCHO (m) | V85: ALTURA (m) | Y85: ml | Z85: m2 | AA85: m3
P86: =+H83 -> 1.03
P87: =+H83 -> 1.03
P88: =+H83 -> 1.03
P89: =+H83 -> 1.03
P90: =+H83 -> 1.03
P91: =+H83 -> 1.03
P92: =+H83 -> 1.03
P93: =+H83 -> 1.03
P94: =+H83 -> 1.03
P95: =+H83 -> 1.03
P96: =+H83 -> 1.03
P97: =+H83 -> 1.03
P98: =+H83 -> 1.03
P99: =+H83 -> 1.03
P100: =+H83 -> 1.03
P101: =+H83 -> 1.03
P102: =+H83 -> 1.03
P103: =+H83 -> 1.03
P104: =+H83 -> 1.03
P105: =+H83 -> 1.03
P106: =+H83 -> 1.03
P107: =+H83 -> 1.03
P108: =+H83 -> 1.03
Q109: =+H83 -> 1.03 | R109: OBSERVACIONES | U109: TOTALES | AA109: =SUM(Z86:Z108) -> 0
...

Sheet MEMORIAS ATP N° 1.
G2: MEMORIAS DE CANTIDADES | U2: CODIGO: | Y2: FT-TEC-03
U3: VESION: | Y3: 1
U4: FECHA DE APROBACION: | Y4: 44236
B5: PROYECTO: | G5: =+'BALANCE GENERAL'!$F$6 -> OBRAS DE MANTENIMIENTO PREVENTIVO Y/O CORRECTIVO EN LAS SEDES EN PROPIEDAD DEL DISTRITO UBICADOS EN LA PLAZOLETA TELECOM LOCALES 107B SINTRAOFIPUCAR UNALDE FEDEJAC Y CERRAMIENTO DEL PREDIO UBICADO EN LA CALLE 49 CON VIA PERIMETRAL EN LA CIUDAD DE CARTAGENA
B7: CAPITULO | H7: ITEM | R7: DESCRIPCIÓN DE LA ACTIVIDAD:
B8: =PRESUPUESTO!$B$21 -> 2 | H8: =PRESUPUESTO!B22 -> 2.01 | J8: =PRESUPUESTO!$F$21 -> DEMOLICIONES Y DESMONTES | R8: =PRESUPUESTO!F22 -> Picada de Enchape de pisos y muros, bases de meson. (Incluye retiro de material sobrante y disposición final en R.S.)
B9: ESQUEMA O REGISTRO FOTOGRAFICO | R9: LOCALIZACION | S9: ESPACIO | T9: DIMENSIONES | W9: UND | X9: CANT. | Y9: TOTALES
T10: LONG (m) | U10: ANCHO (m) | V10: ALTURA (m) | Y10: ml | Z10: m2 | AA10: m3
P11: =+H8 -> 2.01 | R11: SINTRAOFIPUCAR | S11: PISO 1 - OFICINA | T11: 5 | U11: 3.4 | W11: =IF(COUNT(T11:V11)=1,"m",IF(COUNT(T11:V11)=2,"m2",IF(COUNT(T11:V11)=3,"m3",""))) -> m2 | X11: =IF(S11="","",1) -> 1 | Y11: =IFERROR(IF(COUNT(T11:V11)=1,PRODUCT(T11:V11)*X11,""),"") | Z11: =IFERROR(IF(COUNT(T11:V11)=2,PRODUCT(T11:V11)*X11,""),"") -> 17 | AA11: =IFERROR(IF(COUNT(T11:V11)=3,PRODUCT(T11:V11)*X11,""),"")
P12: =+H8 -> 2.01 | R12: SINTRAOFIPUCAR | S12: PISO 1 - COCINETA | T12: 1.6 | U12: 1.65 | W12: =IF(COUNT(T12:V12)=1,"m",IF(COUNT(T12:V12)=2,"m2",IF(COUNT(T12:V12)=3,"m3",""))) -> m2 | X12: =IF(S12="","",1) -> 1 | Y12: =IFERROR(IF(COUNT(T12:V12)=1,PRODUCT(T12:V12)*X12,""),"") | Z12: =IFERROR(IF(COUNT(T12:V12)=2,PRODUCT(T12:V12)*X12,""),"") -> 2.64 | AA12: =IFERROR(IF(COUNT(T12:V12)=3,PRODUCT(T12:V12)*X12,""),"")
P13: =+H8 -> 2.01 | R13: SINTRAOFIPUCAR | S13: PISO 1 - BAÑO - PISO | T13: 1.62 | U13: 1.52 | W13: =IF(COUNT(T13:V13)=1,"m",IF(COUNT(T13:V13)=2,"m2",IF(COUNT(T13:V13)=3,"m3",""))) -> m2 | X13: =IF(S13="","",1) -> 1 | Y13: =IFERROR(IF(COUNT(T13:V13)=1,PRODUCT(T13:V13)*X13,""),"") | Z13: =IFERROR(IF(COUNT(T13:V13)=2,PRODUCT(T13:V13)*X13,""),"") -> 2.4624 | AA13: =IFERROR(IF(COUNT(T13:V13)=3,PRODUCT(T13:V13)*X13,""),"")
P14: =+H8 -> 2.01 | R14: SINTRAOFIPUCAR | S14: PISO 1 - BAÑO - PAREDES | T14: 5.6 | V14: 2.22 | W14: =IF(COUNT(T14:V14)=1,"m",IF(COUNT(T14:V14)=2,"m2",IF(COUNT(T14:V14)=3,"m3",""))) -> m2 | X14: =IF(S14="","",1) -> 1 | Y14: =IFERROR(IF(COUNT(T14:V14)=1,PRODUCT(T14:V14)*X14,""),"") | Z14: =IFERROR(IF(COUNT(T14:V14)=2,PRODUCT(T14:V14)*X14,""),"") -> 12.432 | AA14: =IFERROR(IF(COUNT(T14:V14)=3,PRODUCT(T14:V14)*X14,""),"")
P15: =+H8 -> 2.01 | AA15: =IFERROR(IF(COUNT(T15:V15)=3,PRODUCT(T15:V15)*X15,""),"")
P16: =+H8 -> 2.01 | R16: UNALDE | S16: PISO 1 - OFICINAS | T16: 5.07 | U16: 3.42 | W16: =IF(COUNT(T16:V16)=1,"m",IF(COUNT(T16:V16)=2,"m2",IF(COUNT(T16:V16)=3,"m3",""))) -> m2 | X16: =IF(S16="","",1) -> 1 | Y16: =IFERROR(IF(COUNT(T16:V16)=1,PRODUCT(T16:V16)*X16,""),"") | Z16: =IFERROR(IF(COUNT(T16:V16)=2,PRODUCT(T16:V16)*X16,""),"") -> 17.3394 | AA16: =IFERROR(IF(COUNT(T16:V16)=3,PRODUCT(T16:V16)*X16,""),"")
P17: =+H8 -> 2.01 | R17: UNALDE | S17: PISO 1 - COCINETA | T17: 0.45 | U17: 1.05 | W17: =IF(COUNT(T17:V17)=1,"m",IF(COUNT(T17:V17)=2,"m2",IF(COUNT(T17:V17)=3,"m3",""))) -> m2 | X17: =IF(S17="","",1) -> 1 | Y17: =IFERROR(IF(COUNT(T17:V17)=1,PRODUCT(T17:V17)*X17,""),"") | Z17: =IFERROR(IF(COUNT(T17:V17)=2,PRODUCT(T17:V17)*X17,""),"") -> 0.4725 | AA17: =IFERROR(IF(COUNT(T17:V17)=3,PRODUCT(T17:V17)*X17,""),"")
P18: =+H8 -> 2.01 | R18: UNALDE | S18: PISO 1 - BAÑO FONDO | T18: 0.94 | U18: 3.35 | W18: =IF(COUNT(T18:V18)=1,"m",IF(COUNT(T18:V18)=2,"m2",IF(COUNT(T18:V18)=3,"m3",""))) -> m2 | X18: =IF(S18="","",1) -> 1 | Y18: =IFERROR(IF(COUNT(T18:V18)=1,PRODUCT(T18:V18)*X18,""),"") | Z18: =IFERROR(IF(COUNT(T18:V18)=2,PRODUCT(T18:V18)*X18,""),"") -> 3.149 | AA18: =IFERROR(IF(COUNT(T18:V18)=3,PRODUCT(T18:V18)*X18,""),"")
P19: =+H8 -> 2.01 | R19: UNALDE | S19: PISO 1 - BAÑO - ENTRADA | T19: 0.5 | U19: 1 | W19: =IF(COUNT(T19:V19)=1,"m",IF(COUNT(T19:V19)=2,"m2",IF(COUNT(T19:V19)=3,"m3",""))) -> m2 | X19: =IF(S19="","",1) -> 1 | Y19: =IFERROR(IF(COUNT(T19:V19)=1,PRODUCT(T19:V19)*X19,""),"") | Z19: =IFERROR(IF(COUNT(T19:V19)=2,PRODUCT(T19:V19)*X19,""),"") -> 0.5 | AA19: =IFERROR(IF(COUNT(T19:V19)=3,PRODUCT(T19:V19)*X19,""),"")
P20: =+H8 -> 2.01 | R20: UNALDE | S20: PISO - BAÑO - DEBAJO DE ESCALERAS | T20: 0.5 | U20: 1 | W20: =IF(COUNT(T20:V20)=1,"m",IF(COUNT(T20:V20)=2,"m2",IF(COUNT(T20:V20)=3,"m3",""))) -> m2 | X20: =IF(S20="","",1) -> 1 | Y20: =IFERROR(IF(COUNT(T20:V20)=1,PRODUCT(T20:V20)*X20,""),"") | Z20: =IFERROR(IF(COUNT(T20:V20)=2,PRODUCT(T20:V20)*X20,""),"") -> 0.5 | AA20: =IFERROR(IF(COUNT(T20:V20)=3,PRODUCT(T20:V20)*X20,""),"")
P21: =+H8 -> 2.01 | R21: UNALDE | S21: PISO 2 - OFICINA | T21: 3.97 | U21: 3.36 | W21: =IF(COUNT(T21:V21)=1,"m",IF(COUNT(T21:V21)=2,"m2",IF(COUNT(T21:V21)=3,"m3",""))) -> m2 | X21: =IF(S21="","",1) -> 1 | Y21: =IFERROR(IF(COUNT(T21:V21)=1,PRODUCT(T21:V21)*X21,""),"") | Z21: =IFERROR(IF(COUNT(T21:V21)=2,PRODUCT(T21:V21)*X21,""),"") -> 13.3392 | AA21: =IFERROR(IF(COUNT(T21:V21)=3,PRODUCT(T21:V21)*X21,""),"")
P22: =+H8 -> 2.01 | R22: UNALDE | S22: PISO 2 - ESPACIO MURO | T22: 1.07 | U22: 0.43 | W22: =IF(COUNT(T22:V22)=1,"m",IF(COUNT(T22:V22)=2,"m2",IF(COUNT(T22:V22)=3,"m3",""))) -> m2 | X22: =IF(S22="","",1) -> 1 | Y22: =IFERROR(IF(COUNT(T22:V22)=1,PRODUCT(T22:V22)*X22,""),"") | Z22: =IFERROR(IF(COUNT(T22:V22)=2,PRODUCT(T22:V22)*X22,""),"") -> 0.4601 | AA22: =IFERROR(IF(COUNT(T22:V22)=3,PRODUCT(T22:V22)*X22,""),"")
P23: =+H8 -> 2.01 | AA23: =IFERROR(IF(COUNT(T23:V23)=3,PRODUCT(T23:V23)*X23,""),"")
P24: =+H8 -> 2.01 | R24: FEDEJAC | S24: PISO 1 - OFICINAS | T24: 3.66 | U24: 3.4 | W24: =IF(COUNT(T24:V24)=1,"m",IF(COUNT(T24:V24)=2,"m2",IF(COUNT(T24:V24)=3,"m3",""))) -> m2 | X24: =IF(S24="","",1) -> 1 | Y24: =IFERROR(IF(COUNT(T24:V24)=1,PRODUCT(T24:V24)*X24,""),"") | Z24: =IFERROR(IF(COUNT(T24:V24)=2,PRODUCT(T24:V24)*X24,""),"") -> 12.444 | AA24: =IFERROR(IF(COUNT(T24:V24)=3,PRODUCT(T24:V24)*X24,""),"")
P25: =+H8 -> 2.01 | R25: FEDEJAC | S25: PISO 1 - ESCALERAS | T25: 1.66 | U25: 1.62 | W25: =IF(COUNT(T25:V25)=1,"m",IF(COUNT(T25:V25)=2,"m2",IF(COUNT(T25:V25)=3,"m3",""))) -> m2 | X25: =IF(S25="","",1) -> 1 | Y25: =IFERROR(IF(COUNT(T25:V25)=1,PRODUCT(T25:V25)*X25,""),"") | Z25: =IFERROR(IF(COUNT(T25:V25)=2,PRODUCT(T25:V25)*X25,""),"") -> 2.6892 | AA25: =IFERROR(IF(COUNT(T25:V25)=3,PRODUCT(T25:V25)*X25,""),"")
P26: =+H8 -> 2.01 | R26: FEDEJAC | S26: PISO 1 - BAÑOS - PISO | T26: 1.65 | U26: 1.62 | W26: =IF(COUNT(T26:V26)=1,"m",IF(COUNT(T26:V26)=2,"m2",IF(COUNT(T26:V26)=3,"m3",""))) -> m2 | X26: =IF(S26="","",1) -> 1 | Y26: =IFERROR(IF(COUNT(T26:V26)=1,PRODUCT(T26:V26)*X26,""),"") | Z26: =IFERROR(IF(COUNT(T26:V26)=2,PRODUCT(T26:V26)*X26,""),"") -> 2.673 | AA26: =IFERROR(IF(COUNT(T26:V26)=3,PRODUCT(T26:V26)*X26,""),"")
P27: =+H8 -> 2.01 | R27: FEDEJAC | S27: PISO 1 - BAÑOS - PAREDES | T27: 5.62 | V27: 2.2 | W27: =IF(COUNT(T27:V27)=1,"m",IF(COUNT(T27:V27)=2,"m2",IF(COUNT(T27:V27)=3,"m3",""))) -> m2 | X27: =IF(S27="","",1) -> 1 | Y27: =IFERROR(IF(COUNT(T27:V27)=1,PRODUCT(T27:V27)*X27,""),"") | Z27: =IFERROR(IF(COUNT(T27:V27)=2,PRODUCT(T27:V27)*X27,""),"") -> 12.364 | AA27: =IFERROR(IF(COUNT(T27:V27)=3,PRODUCT(T27:V27)*X27,""),"")
P28: =+H8 -> 2.01 | R28: FEDEJAC | S28: PISO 2 - OFICINAS | T28: 3.86 | U28: 3.4 | W28: =IF(COUNT(T28:V28)=1,"m",IF(COUNT(T28:V28)=2,"m2",IF(COUNT(T28:V28)=3,"m3",""))) -> m2 | X28: =IF(S28="","",1) -> 1 | Y28: =IFERROR(IF(COUNT(T28:V28)=1,PRODUCT(T28:V28)*X28,""),"") | Z28: =IFERROR(IF(COUNT(T28:V28)=2,PRODUCT(T28:V28)*X28,""),"") -> 13.124 | AA28: =IFERROR(IF(COUNT(T28:V28)=3,PRODUCT(T28:V28)*X28,""),"")
P29: =+H8 -> 2.01 | R29: FEDEJAC | S29: PISO 2 - OFICINAS | T29: 1.42 | U29: 1.83 | W29: =IF(COUNT(T29:V29)=1,"m",IF(COUNT(T29:V29)=2,"m2",IF(COUNT(T29:V29)=3,"m3",""))) -> m2 | X29: =IF(S29="","",1) -> 1 | Y29: =IFERROR(IF(COUNT(T29:V29)=1,PRODUCT(T29:V29)*X29,""),"") | Z29: =IFERROR(IF(COUNT(T29:V29)=2,PRODUCT(T29:V29)*X29,""),"") -> 2.5986 | AA29: =IFERROR(IF(COUNT(T29:V29)=3,PRODUCT(T29:V29)*X29,""),"")
P30: =+H8 -> 2.01 | W30: =IF(COUNT(T30:V30)=1,"m",IF(COUNT(T30:V30)=2,"m2",IF(COUNT(T30:V30)=3,"m3",""))) | X30: =IF(S30="","",1) | Y30: =IFERROR(IF(COUNT(T30:V30)=1,PRODUCT(T30:V30)*X30,""),"") | Z30: =IFERROR(IF(COUNT(T30:V30)=2,PRODUCT(T30:V30)*X30,""),"") | AA30: =IFERROR(IF(COUNT(T30:V30)=3,PRODUCT(T30:V30)*X30,""),"")
P31: =+H8 -> 2.01 | W31: =IF(COUNT(T31:V31)=1,"m",IF(COUNT(T31:V31)=2,"m2",IF(COUNT(T31:V31)=3,"m3",""))) | X31: =IF(S31="","",1) | Y31: =IFERROR(IF(COUNT(T31:V31)=1,PRODUCT(T31:V31)*X31,""),"") | Z31: =IFERROR(IF(COUNT(T31:V31)=2,PRODUCT(T31:V31)*X31,""),"") | AA31: =IFERROR(IF(COUNT(T31:V31)=3,PRODUCT(T31:V31)*X31,""),"")
P32: =+H8 -> 2.01 | W32: =IF(COUNT(T32:V32)=1,"m",IF(COUNT(T32:V32)=2,"m2",IF(COUNT(T32:V32)=3,"m3",""))) | X32: =IF(S32="","",1) | Y32: =IFERROR(IF(COUNT(T32:V32)=1,PRODUCT(T32:V32)*X32,""),"") | Z32: =IFERROR(IF(COUNT(T32:V32)=2,PRODUCT(T32:V32)*X32,""),"") | AA32: =IFERROR(IF(COUNT(T32:V32)=3,PRODUCT(T32:V32)*X32,""),"")
P33: =+H8 -> 2.01 | W33: =IF(COUNT(T33:V33)=1,"m",IF(COUNT(T33:V33)=2,"m2",IF(COUNT(T33:V33)=3,"m3",""))) | X33: =IF(S33="","",1) | Y33: =IFERROR(IF(COUNT(T33:V33)=1,PRODUCT(T33:V33)*X33,""),"") | Z33: =IFERROR(IF(COUNT(T33:V33)=2,PRODUCT(T33:V33)*X33,""),"") | AA33: =IFERROR(IF(COUNT(T33:V33)=3,PRODUCT(T33:V33)*X33,""),"")
Q34: =+H8 -> 2.01 | R34: OBSERVACIONES | U34: TOTALES | AA34: =SUM(Z11:Z33) -> 116.1874
B35: RESPONSABLE DE LOS CALCULOS: | J35: APRUEBA:
T36: TOTAL | AA36: =AA34 -> 116.1874
G39: MEMORIAS DE CANTIDADES | U39: CODIGO: | Y39: FT-TEC-03
U40: VESION: | Y40: 1
U41: FECHA DE APROBACION: | Y41: 44236
B42: PROYECTO: | G42: =+'BALANCE GENERAL'!$F$6 -> OBRAS DE MANTENIMIENTO PREVENTIVO Y/O CORRECTIVO EN LAS SEDES EN PROPIEDAD DEL DISTRITO UBICADOS EN LA PLAZOLETA TELECOM LOCALES 107B SINTRAOFIPUCAR UNALDE FEDEJAC Y CERRAMIENTO DEL PREDIO UBICADO EN LA CALLE 49 CON VIA PERIMETRAL EN LA CIUDAD DE CARTAGENA
B44: CAPITULO | H44: ITEM | R44: DESCRIPCIÓN DE LA ACTIVIDAD:
B45: =PRESUPUESTO!$B$21 -> 2 | H45: =PRESUPUESTO!B23 -> 2.02 | J45: =PRESUPUESTO!$F$21 -> DEMOLICIONES Y DESMONTES | R45: =PRESUPUESTO!F23 -> Desmonte de Elementos Sanitarios (Incluye retiro de material sobrante y disposición final en R.S.)
B46: ESQUEMA O REGISTRO FOTOGRAFICO | R46: LOCALIZACION | S46: ESPACIO | T46: DIMENSIONES | W46: UND | X46: CANT. | Y46: TOTALES
T47: LONG (m) | U47: ANCHO (m) | V47: ALTURA (m) | Y47: ml | Z47: m2 | AA47: m3
P48: =+H45 -> 2.02 | R48: SINTRAOFIPUCAR | S48: SANITARIO | W48: UND | X48: =IF(S48="","",1) -> 1 | Y48: =IFERROR(IF(COUNT(T48:V48)=1,PRODUCT(T48:V48)*X48,""),"") | Z48: =IFERROR(IF(COUNT(T48:V48)=2,PRODUCT(T48:V48)*X48,""),"") | AA48: =IFERROR(IF(COUNT(T48:V48)=3,PRODUCT(T48:V48)*X48,""),"")
P49: =+H45 -> 2.02 | R49: SINTRAOFIPUCAR | S49: ORINAL | W49: UND | X49: =IF(S49="","",1) -> 1 | Y49: =IFERROR(IF(COUNT(T49:V49)=1,PRODUCT(T49:V49)*X49,""),"") | Z49: =IFERROR(IF(COUNT(T49:V49)=2,PRODUCT(T49:V49)*X49,""),"") | AA49: =IFERROR(IF(COUNT(T49:V49)=3,PRODUCT(T49:V49)*X49,""),"")
P50: =+H45 -> 2.02 | R50: SINTRAOFIPUCAR | S50: LAVAMANOS | W50: UND | X50: =IF(S50="","",1) -> 1 | Y50: =IFERROR(IF(COUNT(T50:V50)=1,PRODUCT(T50:V50)*X50,""),"") | Z50: =IFERROR(IF(COUNT(T50:V50)=2,PRODUCT(T50:V50)*X50,""),"") | AA50: =IFERROR(IF(COUNT(T50:V50)=3,PRODUCT(T50:V50)*X50,""),"")
P51: =+H45 -> 2.02 | W51: =IF(COUNT(T51:V51)=1,"m",IF(COUNT(T51:V51)=2,"m2",IF(COUNT(T51:V51)=3,"m3",""))) | X51: =IF(S51="","",1) | Y51: =IFERROR(IF(COUNT(T51:V51)=1,PRODUCT(T51:V51)*X51,""),"") | Z51: =IFERROR(IF(COUNT(T51:V51)=2,PRODUCT(T51:V51)*X51,""),"") | AA51: =IFERROR(IF(COUNT(T51:V51)=3,PRODUCT(T51:V51)*X51,""),"")
P52: =+H45 -> 2.02 | AA52: =IFERROR(IF(COUNT(T52:V52)=3,PRODUCT(T52:V52)*X52,""),"")
P53: =+H45 -> 2.02 | R53: UNALDE | S53: LAVAMANOS | W53: UND | X53: =IF(S53="","",1) -> 1 | Y53: =IFERROR(IF(COUNT(T53:V53)=1,PRODUCT(T53:V53)*X53,""),"") | Z53: =IFERROR(IF(COUNT(T53:V53)=2,PRODUCT(T53:V53)*X53,""),"") | AA53: =IFERROR(IF(COUNT(T53:V53)=3,PRODUCT(T53:V53)*X53,""),"")
P54: =+H45 -> 2.02 | R54: UNALDE | S54: SANITARIO | W54: UND | X54: =IF(S54="","",1) -> 1 | Y54: =IFERROR(IF(COUNT(T54:V54)=1,PRODUCT(T54:V54)*X54,""),"") | Z54: =IFERROR(IF(COUNT(T54:V54)=2,PRODUCT(T54:V54)*X54,""),"") | AA54: =IFERROR(IF(COUNT(T54:V54)=3,PRODUCT(T54:V54)*X54,""),"")
P55: =+H45 -> 2.02 | W55: =IF(COUNT(T55:V55)=1,"m",IF(COUNT(T55:V55)=2,"m2",IF(COUNT(T55:V55)=3,"m3",""))) | X55: =IF(S55="","",1) | Y55: =IFERROR(IF(COUNT(T55:V55)=1,PRODUCT(T55:V55)*X55,""),"") | Z55: =IFERROR(IF(COUNT(T55:V55)=2,PRODUCT(T55:V55)*X55,""),"") | AA55: =IFERROR(IF(COUNT(T55:V55)=3,PRODUCT(T55:V55)*X55,""),"")
P56: =+H45 -> 2.02 | W56: =IF(COUNT(T56:V56)=1,"m",IF(COUNT(T56:V56)=2,"m2",IF(COUNT(T56:V56)=3,"m3",""))) | X56: =IF(S56="","",1) | Y56: =IFERROR(IF(COUNT(T56:V56)=1,PRODUCT(T56:V56)*X56,""),"") | Z56: =IFERROR(IF(COUNT(T56:V56)=2,PRODUCT(T56:V56)*X56,""),"") | AA56: =IFERROR(IF(COUNT(T56:V56)=3,PRODUCT(T56:V56)*X56,""),"")
P57: =+H45 -> 2.02 | W57: =IF(COUNT(T57:V57)=1,"m",IF(COUNT(T57:V57)=2,"m2",IF(COUNT(T57:V57)=3,"m3",""))) | X57: =IF(S57="","",1) | Y57: =IFERROR(IF(COUNT(T57:V57)=1,PRODUCT(T57:V57)*X57,""),"") | Z57: =IFERROR(IF(COUNT(T57:V57)=2,PRODUCT(T57:V57)*X57,""),"") | AA57: =IFERROR(IF(COUNT(T57:V57)=3,PRODUCT(T57:V57)*X57,""),"")
P58: =+H45 -> 2.02 | W58: =IF(COUNT(T58:V58)=1,"m",IF(COUNT(T58:V58)=2,"m2",IF(COUNT(T58:V58)=3,"m3",""))) | X58: =IF(S58="","",1) | Y58: =IFERROR(IF(COUNT(T58:V58)=1,PRODUCT(T58:V58)*X58,""),"") | Z58: =IFERROR(IF(COUNT(T58:V58)=2,PRODUCT(T58:V58)*X58,""),"") | AA58: =IFERROR(IF(COUNT(T58:V58)=3,PRODUCT(T58:V58)*X58,""),"")
P59: =+H45 -> 2.02 | W59: =IF(COUNT(T59:V59)=1,"m",IF(COUNT(T59:V59)=2,"m2",IF(COUNT(T59:V59)=3,"m3",""))) | X59: =IF(S59="","",1) | Y59: =IFERROR(IF(COUNT(T59:V59)=1,PRODUCT(T59:V59)*X59,""),"") | Z59: =IFERROR(IF(COUNT(T59:V59)=2,PRODUCT(T59:V59)*X59,""),"") | AA59: =IFERROR(IF(COUNT(T59:V59)=3,PRODUCT(T59:V59)*X59,""),"")
P60: =+H45 -> 2.02 | AA60: =IFERROR(IF(COUNT(T60:V60)=3,PRODUCT(T60:V60)*X60,""),"")
P61: =+H45 -> 2.02 | R61: FEDEJAC | S61: SANITARIO | W61: UND | X61: =IF(S61="","",1) -> 1 | Y61: =IFERROR(IF(COUNT(T61:V61)=1,PRODUCT(T61:V61)*X61,""),"") | Z61: =IFERROR(IF(COUNT(T61:V61)=2,PRODUCT(T61:V61)*X61,""),"") | AA61: =IFERROR(IF(COUNT(T61:V61)=3,PRODUCT(T61:V61)*X61,""),"")
P62: =+H45 -> 2.02 | R62: FEDEJAC | S62: LAVAMANOS | W62: UND | X62: =IF(S62="","",1) -> 1 | Y62: =IFERROR(IF(COUNT(T62:V62)=1,PRODUCT(T62:V62)*X62,""),"") | Z62: =IFERROR(IF(COUNT(T62:V62)=2,PRODUCT(T62:V62)*X62,""),"") | AA62: =IFERROR(IF(COUNT(T62:V62)=3,PRODUCT(T62:V62)*X62,""),"")
P63: =+H45 -> 2.02 | W63: =IF(COUNT(T63:V63)=1,"m",IF(COUNT(T63:V63)=2,"m2",IF(COUNT(T63:V63)=3,"m3",""))) | X63: =IF(S63="","",1) | Y63: =IFERROR(IF(COUNT(T63:V63)=1,PRODUCT(T63:V63)*X63,""),"") | Z63: =IFERROR(IF(COUNT(T63:V63)=2,PRODUCT(T63:V63)*X63,""),"") | AA63: =IFERROR(IF(COUNT(T63:V63)=3,PRODUCT(T63:V63)*X63,""),"")
P64: =+H45 -> 2.02 | W64: =IF(COUNT(T64:V64)=1,"m",IF(COUNT(T64:V64)=2,"m2",IF(COUNT(T64:V64)=3,"m3",""))) | X64: =IF(S64="","",1) | Y64: =IFERROR(IF(COUNT(T64:V64)=1,PRODUCT(T64:V64)*X64,""),"") | Z64: =IFERROR(IF(COUNT(T64:V64)=2,PRODUCT(T64:V64)*X64,""),"") | AA64: =IFERROR(IF(COUNT(T64:V64)=3,PRODUCT(T64:V64)*X64,""),"")
P65: =+H45 -> 2.02 | W65: =IF(COUNT(T65:V65)=1,"m",IF(COUNT(T65:V65)=2,"m2",IF(COUNT(T65:V65)=3,"m3",""))) | X65: =IF(S65="","",1) | Y65: =IFERROR(IF(COUNT(T65:V65)=1,PRODUCT(T65:V65)*X65,""),"") | Z65: =IFERROR(IF(COUNT(T65:V65)=2,PRODUCT(T65:V65)*X65,""),"") | AA65: =IFERROR(IF(COUNT(T65:V65)=3,PRODUCT(T65:V65)*X65,""),"")
P66: =+H45 -> 2.02 | W66: =IF(COUNT(T66:V66)=1,"m",IF(COUNT(T66:V66)=2,"m2",IF(COUNT(T66:V66)=3,"m3",""))) | X66: =IF(S66="","",1) | Y66: =IFERROR(IF(COUNT(T66:V66)=1,PRODUCT(T66:V66)*X66,""),"") | Z66: =IFERROR(IF(COUNT(T66:V66)=2,PRODUCT(T66:V66)*X66,""),"") | AA66: =IFERROR(IF(COUNT(T66:V66)=3,PRODUCT(T66:V66)*X66,""),"")
P67: =+H45 -> 2.02 | W67: =IF(COUNT(T67:V67)=1,"m",IF(COUNT(T67:V67)=2,"m2",IF(COUNT(T67:V67)=3,"m3",""))) | X67: =IF(S67="","",1) | Y67: =IFERROR(IF(COUNT(T67:V67)=1,PRODUCT(T67:V67)*X67,""),"") | Z67: =IFERROR(IF(COUNT(T67:V67)=2,PRODUCT(T67:V67)*X67,""),"") | AA67: =IFERROR(IF(COUNT(T67:V67)=3,PRODUCT(T67:V67)*X67,""),"")
P68: =+H45 -> 2.02 | W68: =IF(COUNT(T68:V68)=1,"m",IF(COUNT(T68:V68)=2,"m2",IF(COUNT(T68:V68)=3,"m3",""))) | X68: =IF(S68="","",1) | Y68: =IFERROR(IF(COUNT(T68:V68)=1,PRODUCT(T68:V68)*X68,""),"") | Z68: =IFERROR(IF(COUNT(T68:V68)=2,PRODUCT(T68:V68)*X68,""),"") | AA68: =IFERROR(IF(COUNT(T68:V68)=3,PRODUCT(T68:V68)*X68,""),"")
P69: =+H45 -> 2.02 | W69: =IF(COUNT(T69:V69)=1,"m",IF(COUNT(T69:V69)=2,"m2",IF(COUNT(T69:V69)=3,"m3",""))) | X69: =IF(S69="","",1) | Y69: =IFERROR(IF(COUNT(T69:V69)=1,PRODUCT(T69:V69)*X69,""),"") | Z69: =IFERROR(IF(COUNT(T69:V69)=2,PRODUCT(T69:V69)*X69,""),"") | AA69: =IFERROR(IF(COUNT(T69:V69)=3,PRODUCT(T69:V69)*X69,""),"")
P70: =+H45 -> 2.02 | W70: =IF(COUNT(T70:V70)=1,"m",IF(COUNT(T70:V70)=2,"m2",IF(COUNT(T70:V70)=3,"m3",""))) | X70: =IF(S70="","",1) | Y70: =IFERROR(IF(COUNT(T70:V70)=1,PRODUCT(T70:V70)*X70,""),"") | Z70: =IFERROR(IF(COUNT(T70:V70)=2,PRODUCT(T70:V70)*X70,""),"") | AA70: =IFERROR(IF(COUNT(T70:V70)=3,PRODUCT(T70:V70)*X70,""),"")
Q71: =+H45 -> 2.02 | R71: OBSERVACIONES | U71: TOTALES | AA71: =SUM(X48:X70) -> 7
B72: RESPONSABLE DE LOS CALCULOS: | J72: APRUEBA:
T73: TOTAL | AA73: =AA71 -> 7
G76: MEMORIAS DE CANTIDADES | U76: CODIGO: | Y76: FT-TEC-03
U77: VESION: | Y77: 1
U78: FECHA DE APROBACION: | Y78: 44236
B79: PROYECTO: | G79: =+'BALANCE GENERAL'!$F$6 -> OBRAS DE MANTENIMIENTO PREVENTIVO Y/O CORRECTIVO EN LAS SEDES EN PROPIEDAD DEL DISTRITO UBICADOS EN LA PLAZOLETA TELECOM LOCALES 107B SINTRAOFIPUCAR UNALDE FEDEJAC Y CERRAMIENTO DEL PREDIO UBICADO EN LA CALLE 49 CON VIA PERIMETRAL EN LA CIUDAD DE CARTAGENA
B81: CAPITULO | H81: ITEM | R81: DESCRIPCIÓN DE LA ACTIVIDAD:
B82: =PRESUPUESTO!$B$21 -> 2 | H82: =PRESUPUESTO!B24 -> 2.03 | J82: =PRESUPUESTO!$F$21 -> DEMOLICIONES Y DESMONTES | R82: =PRESUPUESTO!F24 -> DESMONTE PUERTAS CON MARCOS (INC. RETIRO DE SOBR.)
B83: ESQUEMA O REGISTRO FOTOGRAFICO | R83: LOCALIZACION | S83: ESPACIO | T83: DIMENSIONES | W83: UND | X83: CANT. | Y83: TOTALES
T84: LONG (m) | U84: ANCHO (m) | V84: ALTURA (m) | Y84: ml | Z84: m2 | AA84: m3
P85: =+H82 -> 2.03 | R85: SINTRAOFIPUCAR | S85: BAÑO | W85: UND | X85: =IF(S85="","",1) -> 1 | Y85: =IFERROR(IF(COUNT(T85:V85)=1,PRODUCT(T85:V85)*X85,""),"") | Z85: =IFERROR(IF(COUNT(T85:V85)=2,PRODUCT(T85:V85)*X85,""),"") | AA85: =IFERROR(IF(COUNT(T85:V85)=3,PRODUCT(T85:V85)*X85,""),"")
P86: =+H82 -> 2.03 | R86: SINTRAOFIPUCAR | S86: SALA DE JUNTAS | W86: UND | X86: =IF(S86="","",1) -> 1 | Y86: =IFERROR(IF(COUNT(T86:V86)=1,PRODUCT(T86:V86)*X86,""),"") | Z86: =IFERROR(IF(COUNT(T86:V86)=2,PRODUCT(T86:V86)*X86,""),"") | AA86: =IFERROR(IF(COUNT(T86:V86)=3,PRODUCT(T86:V86)*X86,""),"")
P87: =+H82 -> 2.03 | X87: =IF(S87="","",1) | Y87: =IFERROR(IF(COUNT(T87:V87)=1,PRODUCT(T87:V87)*X87,""),"") | Z87: =IFERROR(IF(COUNT(T87:V87)=2,PRODUCT(T87:V87)*X87,""),"") | AA87: =IFERROR(IF(COUNT(T87:V87)=3,PRODUCT(T87:V87)*X87,""),"")
P88: =+H82 -> 2.03 | W88: =IF(COUNT(T88:V88)=1,"m",IF(COUNT(T88:V88)=2,"m2",IF(COUNT(T88:V88)=3,"m3",""))) | X88: =IF(S88="","",1) | Y88: =IFERROR(IF(COUNT(T88:V88)=1,PRODUCT(T88:V88)*X88,""),"") | Z88: =IFERROR(IF(COUNT(T88:V88)=2,PRODUCT(T88:V88)*X88,""),"") | AA88: =IFERROR(IF(COUNT(T88:V88)=3,PRODUCT(T88:V88)*X88,""),"")
P89: =+H82 -> 2.03 | AA89: =IFERROR(IF(COUNT(T89:V89)=3,PRODUCT(T89:V89)*X89,""),"")
P90: =+H82 -> 2.03 | R90: UNALDE | S90: BAÑO | W90: UND | X90: =IF(S90="","",1) -> 1 | Y90: =IFERROR(IF(COUNT(T90:V90)=1,PRODUCT(T90:V90)*X90,""),"") | Z90: =IFERROR(IF(COUNT(T90:V90)=2,PRODUCT(T90:V90)*X90,""),"") | AA90: =IFERROR(IF(COUNT(T90:V90)=3,PRODUCT(T90:V90)*X90,""),"")
P91: =+H82 -> 2.03 | X91: =IF(S91="","",1) | Y91: =IFERROR(IF(COUNT(T91:V91)=1,PRODUCT(T91:V91)*X91,""),"") | Z91: =IFERROR(IF(COUNT(T91:V91)=2,PRODUCT(T91:V91)*X91,""),"") | AA91: =IFERROR(IF(COUNT(T91:V91)=3,PRODUCT(T91:V91)*X91,""),"")
P92: =+H82 -> 2.03 | W92: =IF(COUNT(T92:V92)=1,"m",IF(COUNT(T92:V92)=2,"m2",IF(COUNT(T92:V92)=3,"m3",""))) | X92: =IF(S92="","",1) | Y92: =IFERROR(IF(COUNT(T92:V92)=1,PRODUCT(T92:V92)*X92,""),"") | Z92: =IFERROR(IF(COUNT(T92:V92)=2,PRODUCT(T92:V92)*X92,""),"") | AA92: =IFERROR(IF(COUNT(T92:V92)=3,PRODUCT(T92:V92)*X92,""),"")
P93: =+H82 -> 2.03 | W93: =IF(COUNT(T93:V93)=1,"m",IF(COUNT(T93:V93)=2,"m2",IF(COUNT(T93:V93)=3,"m3",""))) | X93: =IF(S93="","",1) | Y93: =IFERROR(IF(COUNT(T93:V93)=1,PRODUCT(T93:V93)*X93,""),"") | Z93: =IFERROR(IF(COUNT(T93:V93)=2,PRODUCT(T93:V93)*X93,""),"") | AA93: =IFERROR(IF(COUNT(T93:V93)=3,PRODUCT(T93:V93)*X93,""),"")
P94: =+H82 -> 2.03 | W94: =IF(COUNT(T94:V94)=1,"m",IF(COUNT(T94:V94)=2,"m2",IF(COUNT(T94:V94)=3,"m3",""))) | X94: =IF(S94="","",1) | Y94: =IFERROR(IF(COUNT(T94:V94)=1,PRODUCT(T94:V94)*X94,""),"") | Z94: =IFERROR(IF(COUNT(T94:V94)=2,PRODUCT(T94:V94)*X94,""),"") | AA94: =IFERROR(IF(COUNT(T94:V94)=3,PRODUCT(T94:V94)*X94,""),"")
P95: =+H82 -> 2.03 | W95: =IF(COUNT(T95:V95)=1,"m",IF(COUNT(T95:V95)=2,"m2",IF(COUNT(T95:V95)=3,"m3",""))) | X95: =IF(S95="","",1) | Y95: =IFERROR(IF(COUNT(T95:V95)=1,PRODUCT(T95:V95)*X95,""),"") | Z95: =IFERROR(IF(COUNT(T95:V95)=2,PRODUCT(T95:V95)*X95,""),"") | AA95: =IFERROR(IF(COUNT(T95:V95)=3,PRODUCT(T95:V95)*X95,""),"")
P96: =+H82 -> 2.03 | W96: =IF(COUNT(T96:V96)=1,"m",IF(COUNT(T96:V96)=2,"m2",IF(COUNT(T96:V96)=3,"m3",""))) | X96: =IF(S96="","",1) | Y96: =IFERROR(IF(COUNT(T96:V96)=1,PRODUCT(T96:V96)*X96,""),"") | Z96: =IFERROR(IF(COUNT(T96:V96)=2,PRODUCT(T96:V96)*X96,""),"") | AA96: =IFERROR(IF(COUNT(T96:V96)=3,PRODUCT(T96:V96)*X96,""),"")
P97: =+H82 -> 2.03 | AA97: =IFERROR(IF(COUNT(T97:V97)=3,PRODUCT(T97:V97)*X97,""),"")
P98: =+H82 -> 2.03 | R98: FEDEJAC | S98: BAÑO | W98: UND | X98: =IF(S98="","",1) -> 1 | Y98: =IFERROR(IF(COUNT(T98:V98)=1,PRODUCT(T98:V98)*X98,""),"") | Z98: =IFERROR(IF(COUNT(T98:V98)=2,PRODUCT(T98:V98)*X98,""),"") | AA98: =IFERROR(IF(COUNT(T98:V98)=3,PRODUCT(T98:V98)*X98,""),"")
P99: =+H82 -> 2.03 | W99: =IF(COUNT(T99:V99)=1,"m",IF(COUNT(T99:V99)=2,"m2",IF(COUNT(T99:V99)=3,"m3",""))) | X99: =IF(S99="","",1) | Y99: =IFERROR(IF(COUNT(T99:V99)=1,PRODUCT(T99:V99)*X99,""),"") | Z99: =IFERROR(IF(COUNT(T99:V99)=2,PRODUCT(T99:V99)*X99,""),"") | AA99: =IFERROR(IF(COUNT(T99:V99)=3,PRODUCT(T99:V99)*X99,""),"")
P100: =+H82 -> 2.03 | W100: =IF(COUNT(T100:V100)=1,"m",IF(COUNT(T100:V100)=2,"m2",IF(COUNT(T100:V100)=3,"m3",""))) | X100: =IF(S100="","",1) | Y100: =IFERROR(IF(COUNT(T100:V100)=1,PRODUCT(T100:V100)*X100,""),"") | Z100: =IFERROR(IF(COUNT(T100:V100)=2,PRODUCT(T100:V100)*X100,""),"") | AA100: =IFERROR(IF(COUNT(T100:V100)=3,PRODUCT(T100:V100)*X100,""),"")
P101: =+H82 -> 2.03 | W101: =IF(COUNT(T101:V101)=1,"m",IF(COUNT(T101:V101)=2,"m2",IF(COUNT(T101:V101)=3,"m3",""))) | X101: =IF(S101="","",1) | Y101: =IFERROR(IF(COUNT(T101:V101)=1,PRODUCT(T101:V101)*X101,""),"") | Z101: =IFERROR(IF(COUNT(T101:V101)=2,PRODUCT(T101:V101)*X101,""),"") | AA101: =IFERROR(IF(COUNT(T101:V101)=3,PRODUCT(T101:V101)*X101,""),"")
P102: =+H82 -> 2.03 | W102: =IF(COUNT(T102:V102)=1,"m",IF(COUNT(T102:V102)=2,"m2",IF(COUNT(T102:V102)=3,"m3",""))) | X102: =IF(S102="","",1) | Y102: =IFERROR(IF(COUNT(T102:V102)=1,PRODUCT(T102:V102)*X102,""),"") | Z102: =IFERROR(IF(COUNT(T102:V102)=2,PRODUCT(T102:V102)*X102,""),"") | AA102: =IFERROR(IF(COUNT(T102:V102)=3,PRODUCT(T102:V102)*X102,""),"")
P103: =+H82 -> 2.03 | W103: =IF(COUNT(T103:V103)=1,"m",IF(COUNT(T103:V103)=2,"m2",IF(COUNT(T103:V103)=3,"m3",""))) | X103: =IF(S103="","",1) | Y103: =IFERROR(IF(COUNT(T103:V103)=1,PRODUCT(T103:V103)*X103,""),"") | Z103: =IFERROR(IF(COUNT(T103:V103)=2,PRODUCT(T103:V103)*X103,""),"") | AA103: =IFERROR(IF(COUNT(T103:V103)=3,PRODUCT(T103:V103)*X103,""),"")
P104: =+H82 -> 2.03 | W104: =IF(COUNT(T104:V104)=1,"m",IF(COUNT(T104:V104)=2,"m2",IF(COUNT(T104:V104)=3,"m3",""))) | X104: =IF(S104="","",1) | Y104: =IFERROR(IF(COUNT(T104:V104)=1,PRODUCT(T104:V104)*X104,""),"") | Z104: =IFERROR(IF(COUNT(T104:V104)=2,PRODUCT(T104:V104)*X104,""),"") | AA104: =IFERROR(IF(COUNT(T104:V104)=3,PRODUCT(T104:V104)*X104,""),"")
P105: =+H82 -> 2.03 | W105: =IF(COUNT(T105:V105)=1,"m",IF(COUNT(T105:V105)=2,"m2",IF(COUNT(T105:V105)=3,"m3",""))) | X105: =IF(S105="","",1) | Y105: =IFERROR(IF(COUNT(T105:V105)=1,PRODUCT(T105:V105)*X105,""),"") | Z105: =IFERROR(IF(COUNT(T105:V105)=2,PRODUCT(T105:V105)*X105,""),"") | AA105: =IFERROR(IF(COUNT(T105:V105)=3,PRODUCT(T105:V105)*X105,""),"")
P106: =+H82 -> 2.03 | W106: =IF(COUNT(T106:V106)=1,"m",IF(COUNT(T106:V106)=2,"m2",IF(COUNT(T106:V106)=3,"m3",""))) | X106: =IF(S106="","",1) | Y106: =IFERROR(IF(COUNT(T106:V106)=1,PRODUCT(T106:V106)*X106,""),"") | Z106: =IFERROR(IF(COUNT(T106:V106)=2,PRODUCT(T106:V106)*X106,""),"") | AA106: =IFERROR(IF(COUNT(T106:V106)=3,PRODUCT(T106:V106)*X106,""),"")
P107: =+H82 -> 2.03 | W107: =IF(COUNT(T107:V107)=1,"m",IF(COUNT(T107:V107)=2,"m2",IF(COUNT(T107:V107)=3,"m3",""))) | X107: =IF(S107="","",1) | Y107: =IFERROR(IF(COUNT(T107:V107)=1,PRODUCT(T107:V107)*X107,""),"") | Z107: =IFERROR(IF(COUNT(T107:V107)=2,PRODUCT(T107:V107)*X107,""),"") | AA107: =IFERROR(IF(COUNT(T107:V107)=3,PRODUCT(T107:V107)*X107,""),"")
Q108: =+H82 -> 2.03 | R108: OBSERVACIONES | U108: TOTALES | AA108: =SUM(X85:X107) -> 4
...

Sheet 1,01
B2: =+#REF! -> #REF!
B4: =+#REF! -> #REF! | C4: =+'BALANCE GENERAL'!F6 -> OBRAS DE MANTENIMIENTO PREVENTIVO Y/O CORRECTIVO EN LAS SEDES EN PROPIEDAD DEL DISTRITO UBICADOS EN LA PLAZOLETA TELECOM LOCALES 107B SINTRAOFIPUCAR UNALDE FEDEJAC Y CERRAMIENTO DEL PREDIO UBICADO EN LA CALLE 49 CON VIA PERIMETRAL EN LA CIUDAD DE CARTAGENA | E4: =+#REF! -> #REF! | F4: =+#REF! -> #REF!
B5: =+#REF! -> #REF! | C5: =+#REF! -> #REF! | E5: =+#REF! -> #REF! | F5: =TODAY() -> 46076 | G5: Versión | H5: 1
B6: =+#REF! -> #REF! | C6: =+#REF! -> #REF! | E6: =+#REF! -> #REF! | F6: =+'BALANCE GENERAL'!F12 -> CERRAMIENTO EN POSTE DE CONCRETO Y ALAMBRE LISO
B7: =+#REF! -> #REF! | C7: =+'BALANCE GENERAL'!B13 -> 1.01 | E7: =+#REF! -> #REF! | F7: =VLOOKUP(C7,'BALANCE GENERAL'!B:V,6,FALSE) -> M2
B8: =+#REF! -> #REF! | C8: =VLOOKUP(C7,'BALANCE GENERAL'!B:V,5,FALSE) -> LOCALIZACIÓN, TRAZADO, REPLANTEO Y NIVELACIÓN. INCLUYE ENTREGA DE PLANOS Y CARTERA.
B10: =+#REF! -> #REF! | C10: =+#REF! -> #REF! | D10: =+#REF! -> #REF!
D11: =+#REF! -> #REF! | E11: =+#REF! -> #REF! | F11: =+#REF! -> #REF! | G11: =+#REF! -> #REF! | H11: =+#REF! -> #REF!
H12: =IF(C12="","",PRODUCT(D12:G12))
H13: =IF(C13="","",PRODUCT(D13:G13))
H14: =IF(C14="","",PRODUCT(D14:G14))
H15: =IF(C15="","",PRODUCT(D15:G15))
H16: =IF(C16="","",PRODUCT(D16:G16))
H17: =IF(C17="","",PRODUCT(D17:G17))
H18: =IF(C18="","",PRODUCT(D18:G18))
H19: =IF(C19="","",PRODUCT(D19:G19))
H20: =IF(C20="","",PRODUCT(D20:G20))
H21: =IF(C21="","",PRODUCT(D21:G21))
H22: =IF(C22="","",PRODUCT(D22:G22))
H23: =IF(C23="","",PRODUCT(D23:G23))
... H26: =IF(C26="","",PRODUCT(D26:G26))
B27: =+#REF! -> #REF! | H27: =SUM(H12:H26) -> 0
B29: =+#REF! -> #REF!
B57: Elaboro | E57: Reviso
B58: Nombre | C58: =+#REF! -> #REF! | E58: Nombre | F58: =+#REF! -> #REF!
B59: Cargo | C59: =+#REF! -> #REF! | E59: Cargo | F59: =+#REF! -> #REF!
B60: T.P/C.C | C60: =+#REF! -> #REF! | E60: T.P/C.C | F60: =+#REF! -> #REF!

Sheet 1,02
B2: =+#REF! -> #REF!
B4: =+#REF! -> #REF! | C4: =+'BALANCE GENERAL'!F6 -> OBRAS DE MANTENIMIENTO PREVENTIVO Y/O CORRECTIVO EN LAS SEDES EN PROPIEDAD DEL DISTRITO UBICADOS EN LA PLAZOLETA TELECOM LOCALES 107B SINTRAOFIPUCAR UNALDE FEDEJAC Y CERRAMIENTO DEL PREDIO UBICADO EN LA CALLE 49 CON VIA PERIMETRAL EN LA CIUDAD DE CARTAGENA | E4: =+#REF! -> #REF! | F4: =+#REF! -> #REF!
B5: =+#REF! -> #REF! | C5: =+#REF! -> #REF! | E5: =+#REF! -> #REF! | F5: =TODAY() -> 46076 | G5: Versión | H5: 1
B6: =+#REF! -> #REF! | C6: =+#REF! -> #REF! | E6: =+#REF! -> #REF! | F6: =+'BALANCE GENERAL'!F12 -> CERRAMIENTO EN POSTE DE CONCRETO Y ALAMBRE LISO
B7: =+#REF! -> #REF! | C7: ='BALANCE GENERAL'!B14 -> 1.02 | E7: =+#REF! -> #REF! | F7: =VLOOKUP(C7,'BALANCE GENERAL'!B:V,6,FALSE) -> ML
B8: =+#REF! -> #REF! | C8: =VLOOKUP(C7,'BALANCE GENERAL'!B:V,5,FALSE) -> CERRAMIENTO (8 HILERAS DE ALAMBRE LISO CALIBRE 12, CON POSTE DE CONCRETO DE 10 CM X 10 CM Y 3 M DE ALTURA, CON BRAZO, 8 HUECOS. ENTERRADO COMO MIN. 0.60m, CON PEDESTAL EN CONCRETO 30X30, NTERCALADO CADA 1,2 M ENTRE POSTES Y CONTRAFUERTES AL INCIO Y FINAL DE CADA TRAMO Y ESQUINAS. CON AMARRE DE SEGURIDAD PARA CADA HILO DE ALAMBRE EN LOS POSTES
B10: =+#REF! -> #REF! | C10: =+#REF! -> #REF! | D10: =+#REF! -> #REF!
D11: =+#REF! -> #REF! | E11: =+#REF! -> #REF! | F11: =+#REF! -> #REF! | G11: =+#REF! -> #REF! | H11: =+#REF! -> #REF!
H12: =IF(C12="","",PRODUCT(D12:G12))
H13: =IF(C13="","",PRODUCT(D13:G13))
H14: =IF(C14="","",PRODUCT(D14:G14))
H15: =IF(C15="","",PRODUCT(D15:G15))
H16: =IF(C16="","",PRODUCT(D16:G16))
H17: =IF(C17="","",PRODUCT(D17:G17))
H18: =IF(C18="","",PRODUCT(D18:G18))
H19: =IF(C19="","",PRODUCT(D19:G19))
H20: =IF(C20="","",PRODUCT(D20:G20))
H21: =IF(C21="","",PRODUCT(D21:G21))
H22: =IF(C22="","",PRODUCT(D22:G22))
H23: =IF(C23="","",PRODUCT(D23:G23))
... H26: =IF(C26="","",PRODUCT(D26:G26))
B27: =+#REF! -> #REF! | H27: =SUM(H12:H26) -> 0
B29: =+#REF! -> #REF!
B57: Elaboro | E57: Reviso
B58: Nombre | C58: =+#REF! -> #REF! | E58: Nombre | F58: =+#REF! -> #REF!
B59: Cargo | C59: =+#REF! -> #REF! | E59: Cargo | F59: =+#REF! -> #REF!
B60: T.P/C.C | C60: =+#REF! -> #REF! | E60: T.P/C.C | F60: =+#REF! -> #REF!

Sheet 1,03
B2: =+#REF! -> #REF!
B4: =+#REF! -> #REF! | C4: =+'BALANCE GENERAL'!F6 -> OBRAS DE MANTENIMIENTO PREVENTIVO Y/O CORRECTIVO EN LAS SEDES EN PROPIEDAD DEL DISTRITO UBICADOS EN LA PLAZOLETA TELECOM LOCALES 107B SINTRAOFIPUCAR UNALDE FEDEJAC Y CERRAMIENTO DEL PREDIO UBICADO EN LA CALLE 49 CON VIA PERIMETRAL EN LA CIUDAD DE CARTAGENA | E4: =+#REF! -> #REF! | F4: =+#REF! -> #REF!
B5: =+#REF! -> #REF! | C5: =+#REF! -> #REF! | E5: =+#REF! -> #REF! | F5: =TODAY() -> 46076 | G5: Versión | H5: 1
B6: =+#REF! -> #REF! | C6: =+#REF! -> #REF! | E6: =+#REF! -> #REF! | F6: =+'BALANCE GENERAL'!F12 -> CERRAMIENTO EN POSTE DE CONCRETO Y ALAMBRE LISO
B7: =+#REF! -> #REF! | C7: ='BALANCE GENERAL'!B15 -> 1.03 | E7: =+#REF! -> #REF! | F7: =VLOOKUP(C7,'BALANCE GENERAL'!B:V,6,FALSE) -> M2
B8: =+#REF! -> #REF! | C8: =VLOOKUP(C7,'BALANCE GENERAL'!B:V,5,FALSE) -> Suministro e instalacion de Porton de acceso vehicular de doble hoja abatible en tuberia galvanizada estructural Ø2". Incluye soportes y Herrajes, esquema de pintura Anticorrosivo Esp=6 mils, acabado Poliuretano blanca Esp=12mils. Incluye marco, tensores, empotramiento y anclaje de tubería de soporte de giro a pedestal de 20cm x 20cm x 40cm fundido In Situ en concreto de 3500 PSI armado con acero de refuerzo corrugado grado 60, Fy = 4200 kg/cm², cuantía mínima de 80kg/m³.
B10: =+#REF! -> #REF! | C10: =+#REF! -> #REF! | D10: =+#REF! -> #REF!
D11: =+#REF! -> #REF! | E11: =+#REF! -> #REF! | F11: =+#REF! -> #REF! | G11: =+#REF! -> #REF! | H11: =+#REF! -> #REF!
H12: =IF(C12="","",PRODUCT(D12:G12))
H13: =IF(C13="","",PRODUCT(D13:G13))
H14: =IF(C14="","",PRODUCT(D14:G14))
H15: =IF(C15="","",PRODUCT(D15:G15))
H16: =IF(C16="","",PRODUCT(D16:G16))
H17: =IF(C17="","",PRODUCT(D17:G17))
H18: =IF(C18="","",PRODUCT(D18:G18))
H19: =IF(C19="","",PRODUCT(D19:G19))
H20: =IF(C20="","",PRODUCT(D20:G20))
H21: =IF(C21="","",PRODUCT(D21:G21))
H22: =IF(C22="","",PRODUCT(D22:G22))
H23: =IF(C23="","",PRODUCT(D23:G23))
... H26: =IF(C26="","",PRODUCT(D26:G26))
B27: =+#REF! -> #REF! | H27: =SUM(H12:H26) -> 0
B29: =+#REF! -> #REF!
B57: Elaboro | E57: Reviso
B58: Nombre | C58: =+#REF! -> #REF! | E58: Nombre | F58: =+#REF! -> #REF!
B59: Cargo | C59: =+#REF! -> #REF! | E59: Cargo | F59: =+#REF! -> #REF!
B60: T.P/C.C | C60: =+#REF! -> #REF! | E60: T.P/C.C | F60: =+#REF! -> #REF!

Sheet 1,04
B2: =+#REF! -> #REF!
B4: =+#REF! -> #REF! | C4: =+'BALANCE GENERAL'!F6 -> OBRAS DE MANTENIMIENTO PREVENTIVO Y/O CORRECTIVO EN LAS SEDES EN PROPIEDAD DEL DISTRITO UBICADOS EN LA PLAZOLETA TELECOM LOCALES 107B SINTRAOFIPUCAR UNALDE FEDEJAC Y CERRAMIENTO DEL PREDIO UBICADO EN LA CALLE 49 CON VIA PERIMETRAL EN LA CIUDAD DE CARTAGENA | E4: =+#REF! -> #REF! | F4: =+#REF! -> #REF!
B5: =+#REF! -> #REF! | C5: =+#REF! -> #REF! | E5: =+#REF! -> #REF! | F5: =TODAY() -> 46076 | G5: Versión | H5: 1
B6: =+#REF! -> #REF! | C6: =+#REF! -> #REF! | E6: =+#REF! -> #REF! | F6: =+'BALANCE GENERAL'!F12 -> CERRAMIENTO EN POSTE DE CONCRETO Y ALAMBRE LISO
B7: =+#REF! -> #REF! | C7: ='BALANCE GENERAL'!B16 -> 1.04 | E7: =+#REF! -> #REF! | F7: =VLOOKUP(C7,'BALANCE GENERAL'!B:V,6,FALSE) -> UND
B8: =+#REF! -> #REF! | C8: =VLOOKUP(C7,'BALANCE GENERAL'!B:V,5,FALSE) -> Micropilote para soporte de postes metalicos de portones Ø 30cm x H = 0,8mt. Incluye acero de refuerzo, Q. Min = 120 Kg Incluyendo acero de anclaje y avance para transferencia de carga a cimentacion superior.
B10: =+#REF! -> #REF! | C10: =+#REF! -> #REF! | D10: =+#REF! -> #REF!
D11: =+#REF! -> #REF! | E11: =+#REF! -> #REF! | F11: =+#REF! -> #REF! | G11: =+#REF! -> #REF! | H11: =+#REF! -> #REF!
H12: =IF(C12="","",PRODUCT(D12:G12))
H13: =IF(C13="","",PRODUCT(D13:G13))
H14: =IF(C14="","",PRODUCT(D14:G14))
H15: =IF(C15="","",PRODUCT(D15:G15))
H16: =IF(C16="","",PRODUCT(D16:G16))
H17: =IF(C17="","",PRODUCT(D17:G17))
H18: =IF(C18="","",PRODUCT(D18:G18))
H19: =IF(C19="","",PRODUCT(D19:G19))
H20: =IF(C20="","",PRODUCT(D20:G20))
H21: =IF(C21="","",PRODUCT(D21:G21))
H22: =IF(C22="","",PRODUCT(D22:G22))
H23: =IF(C23="","",PRODUCT(D23:G23))
... H26: =IF(C26="","",PRODUCT(D26:G26))
B27: =+#REF! -> #REF! | H27: =SUM(H12:H26) -> 0
B29: =+#REF! -> #REF!
B57: Elaboro | E57: Reviso
B58: Nombre | C58: =+#REF! -> #REF! | E58: Nombre | F58: =+#REF! -> #REF!
B59: Cargo | C59: =+#REF! -> #REF! | E59: Cargo | F59: =+#REF! -> #REF!
B60: T.P/C.C | C60: =+#REF! -> #REF! | E60: T.P/C.C | F60: =+#REF! -> #REF!

Sheet 1,05
B2: =+#REF! -> #REF!
B4: =+#REF! -> #REF! | C4: =+'BALANCE GENERAL'!F6 -> OBRAS DE MANTENIMIENTO PREVENTIVO Y/O CORRECTIVO EN LAS SEDES EN PROPIEDAD DEL DISTRITO UBICADOS EN LA PLAZOLETA TELECOM LOCALES 107B SINTRAOFIPUCAR UNALDE FEDEJAC Y CERRAMIENTO DEL PREDIO UBICADO EN LA CALLE 49 CON VIA PERIMETRAL EN LA CIUDAD DE CARTAGENA | E4: =+#REF! -> #REF! | F4: =+#REF! -> #REF!
B5: =+#REF! -> #REF! | C5: =+#REF! -> #REF! | E5: =+#REF! -> #REF! | F5: =TODAY() -> 46076 | G5: Versión | H5: 1
B6: =+#REF! -> #REF! | C6: =+#REF! -> #REF! | E6: =+#REF! -> #REF! | F6: =+'BALANCE GENERAL'!F12 -> CERRAMIENTO EN POSTE DE CONCRETO Y ALAMBRE LISO
B7: =+#REF! -> #REF! | C7: ='BALANCE GENERAL'!B17 -> 1.05 | E7: =+#REF! -> #REF! | F7: =VLOOKUP(C7,'BALANCE GENERAL'!B:V,6,FALSE) -> ML
B8: =+#REF! -> #REF! | C8: =VLOOKUP(C7,'BALANCE GENERAL'!B:V,5,FALSE) -> Viga de amarre en concreto reforzado de 3500 PSI H=0,20 x W=0,20. Incluye acero de refuerzo corrugado grado 60, Fy = 4200 kg/cm², cuantia minima de 95kg/m³. Incluye junta de dilatacion en ambas caras de viga con placa existente.
B10: =+#REF! -> #REF! | C10: =+#REF! -> #REF! | D10: =+#REF! -> #REF!
D11: =+#REF! -> #REF! | E11: =+#REF! -> #REF! | F11: =+#REF! -> #REF! | G11: =+#REF! -> #REF! | H11: =+#REF! -> #REF!
H12: =IF(C12="","",PRODUCT(D12:G12))
H13: =IF(C13="","",PRODUCT(D13:G13))
H14: =IF(C14="","",PRODUCT(D14:G14))
H15: =IF(C15="","",PRODUCT(D15:G15))
H16: =IF(C16="","",PRODUCT(D16:G16))
H17: =IF(C17="","",PRODUCT(D17:G17))
H18: =IF(C18="","",PRODUCT(D18:G18))
H19: =IF(C19="","",PRODUCT(D19:G19))
H20: =IF(C20="","",PRODUCT(D20:G20))
H21: =IF(C21="","",PRODUCT(D21:G21))
H22: =IF(C22="","",PRODUCT(D22:G22))
H23: =IF(C23="","",PRODUCT(D23:G23))
... H26: =IF(C26="","",PRODUCT(D26:G26))
B27: =+#REF! -> #REF! | H27: =SUM(H12:H26) -> 0
B29: =+#REF! -> #REF!
B57: Elaboro | E57: Reviso
B58: Nombre | C58: =+#REF! -> #REF! | E58: Nombre | F58: =+#REF! -> #REF!
B59: Cargo | C59: =+#REF! -> #REF! | E59: Cargo | F59: =+#REF! -> #REF!
B60: T.P/C.C | C60: =+#REF! -> #REF! | E60: T.P/C.C | F60: =+#REF! -> #REF!

Sheet 1,06
B2: =+#REF! -> #REF!
B4: =+#REF! -> #REF! | C4: =+'BALANCE GENERAL'!F6 -> OBRAS DE MANTENIMIENTO PREVENTIVO Y/O CORRECTIVO EN LAS SEDES EN PROPIEDAD DEL DISTRITO UBICADOS EN LA PLAZOLETA TELECOM LOCALES 107B SINTRAOFIPUCAR UNALDE FEDEJAC Y CERRAMIENTO DEL PREDIO UBICADO EN LA CALLE 49 CON VIA PERIMETRAL EN LA CIUDAD DE CARTAGENA | E4: =+#REF! -> #REF! | F4: =+#REF! -> #REF!
B5: =+#REF! -> #REF! | C5: =+#REF! -> #REF! | E5: =+#REF! -> #REF! | F5: =TODAY() -> 46076 | G5: Versión | H5: 1
B6: =+#REF! -> #REF! | C6: =+#REF! -> #REF! | E6: =+#REF! -> #REF! | F6: =+'BALANCE GENERAL'!F12 -> CERRAMIENTO EN POSTE DE CONCRETO Y ALAMBRE LISO
B7: =+#REF! -> #REF! | C7: ='BALANCE GENERAL'!B18 -> 1.06 | E7: =+#REF! -> #REF! | F7: =VLOOKUP(C7,'BALANCE GENERAL'!B:V,6,FALSE) -> M2
B8: =+#REF! -> #REF! | C8: =VLOOKUP(C7,'BALANCE GENERAL'!B:V,5,FALSE) -> Perfilacion y poda con guadañadora de terreno natural, Incluye trasiego de material de residuo a punto de acopio temporal.
B10: =+#REF! -> #REF! | C10: =+#REF! -> #REF! | D10: =+#REF! -> #REF!
D11: =+#REF! -> #REF! | E11: =+#REF! -> #REF! | F11: =+#REF! -> #REF! | G11: =+#REF! -> #REF! | H11: =+#REF! -> #REF!
H12: =IF(C12="","",PRODUCT(D12:G12))
H13: =IF(C13="","",PRODUCT(D13:G13))
H14: =IF(C14="","",PRODUCT(D14:G14))
H15: =IF(C15="","",PRODUCT(D15:G15))
H16: =IF(C16="","",PRODUCT(D16:G16))
H17: =IF(C17="","",PRODUCT(D17:G17))
H18: =IF(C18="","",PRODUCT(D18:G18))
H19: =IF(C19="","",PRODUCT(D19:G19))
H20: =IF(C20="","",PRODUCT(D20:G20))
H21: =IF(C21="","",PRODUCT(D21:G21))
H22: =IF(C22="","",PRODUCT(D22:G22))
H23: =IF(C23="","",PRODUCT(D23:G23))
... H26: =IF(C26="","",PRODUCT(D26:G26))
B27: =+#REF! -> #REF! | H27: =SUM(H12:H26) -> 0
B29: =+#REF! -> #REF!
B57: Elaboro | E57: Reviso
B58: Nombre | C58: =+#REF! -> #REF! | E58: Nombre | F58: =+#REF! -> #REF!
B59: Cargo | C59: =+#REF! -> #REF! | E59: Cargo | F59: =+#REF! -> #REF!
B60: T.P/C.C | C60: =+#REF! -> #REF! | E60: T.P/C.C | F60: =+#REF! -> #REF!

Sheet 1,07
B2: =+#REF! -> #REF!
B4: =+#REF! -> #REF! | C4: =+'BALANCE GENERAL'!F6 -> OBRAS DE MANTENIMIENTO PREVENTIVO Y/O CORRECTIVO EN LAS SEDES EN PROPIEDAD DEL DISTRITO UBICADOS EN LA PLAZOLETA TELECOM LOCALES 107B SINTRAOFIPUCAR UNALDE FEDEJAC Y CERRAMIENTO DEL PREDIO UBICADO EN LA CALLE 49 CON VIA PERIMETRAL EN LA CIUDAD DE CARTAGENA | E4: =+#REF! -> #REF! | F4: =+#REF! -> #REF!
B5: =+#REF! -> #REF! | C5: =+#REF! -> #REF! | E5: =+#REF! -> #REF! | F5: =TODAY() -> 46076 | G5: Versión | H5: 1
B6: =+#REF! -> #REF! | C6: =+#REF! -> #REF! | E6: =+#REF! -> #REF! | F6: =+'BALANCE GENERAL'!F12 -> CERRAMIENTO EN POSTE DE CONCRETO Y ALAMBRE LISO
B7: =+#REF! -> #REF! | C7: ='BALANCE GENERAL'!B19 -> 1.07 | E7: =+#REF! -> #REF! | F7: =VLOOKUP(C7,'BALANCE GENERAL'!B:V,6,FALSE) -> M2
B8: =+#REF! -> #REF! | C8: =VLOOKUP(C7,'BALANCE GENERAL'!B:V,5,FALSE) -> APLICACIÓN DE MATA MALEZA CON HERBICIDA NO SELECTIVO (GLIFOSATO - UNA APLICACIÓN 15 días despues de haber realizado el corte de maleza)
B10: =+#REF! -> #REF! | C10: =+#REF! -> #REF! | D10: =+#REF! -> #REF!
D11: =+#REF! -> #REF! | E11: =+#REF! -> #REF! | F11: =+#REF! -> #REF! | G11: =+#REF! -> #REF! | H11: =+#REF! -> #REF!
H12: =IF(C12="","",PRODUCT(D12:G12))
H13: =IF(C13="","",PRODUCT(D13:G13))
H14: =IF(C14="","",PRODUCT(D14:G14))
H15: =IF(C15="","",PRODUCT(D15:G15))
H16: =IF(C16="","",PRODUCT(D16:G16))
H17: =IF(C17="","",PRODUCT(D17:G17))
H18: =IF(C18="","",PRODUCT(D18:G18))
H19: =IF(C19="","",PRODUCT(D19:G19))
H20: =IF(C20="","",PRODUCT(D20:G20))
H21: =IF(C21="","",PRODUCT(D21:G21))
H22: =IF(C22="","",PRODUCT(D22:G22))
H23: =IF(C23="","",PRODUCT(D23:G23))
... H26: =IF(C26="","",PRODUCT(D26:G26))
B27: =+#REF! -> #REF! | H27: =SUM(H12:H26) -> 0
B29: =+#REF! -> #REF!
B57: Elaboro | E57: Reviso
B58: Nombre | C58: =+#REF! -> #REF! | E58: Nombre | F58: =+#REF! -> #REF!
B59: Cargo | C59: =+#REF! -> #REF! | E59: Cargo | F59: =+#REF! -> #REF!
B60: T.P/C.C | C60: =+#REF! -> #REF! | E60: T.P/C.C | F60: =+#REF! -> #REF!

Sheet 1,08
B2: =+#REF! -> #REF!
B4: =+#REF! -> #REF! | C4: =+'BALANCE GENERAL'!F6 -> OBRAS DE MANTENIMIENTO PREVENTIVO Y/O CORRECTIVO EN LAS SEDES EN PROPIEDAD DEL DISTRITO UBICADOS EN LA PLAZOLETA TELECOM LOCALES 107B SINTRAOFIPUCAR UNALDE FEDEJAC Y CERRAMIENTO DEL PREDIO UBICADO EN LA CALLE 49 CON VIA PERIMETRAL EN LA CIUDAD DE CARTAGENA | E4: =+#REF! -> #REF! | F4: =+#REF! -> #REF!
B5: =+#REF! -> #REF! | C5: =+#REF! -> #REF! | E5: =+#REF! -> #REF! | F5: =TODAY() -> 46076 | G5: Versión | H5: 1
B6: =+#REF! -> #REF! | C6: =+#REF! -> #REF! | E6: =+#REF! -> #REF! | F6: =+'BALANCE GENERAL'!F12 -> CERRAMIENTO EN POSTE DE CONCRETO Y ALAMBRE LISO
B7: =+#REF! -> #REF! | C7: ='BALANCE GENERAL'!B20 -> 1.08 | E7: =+#REF! -> #REF! | F7: =VLOOKUP(C7,'BALANCE GENERAL'!B:V,6,FALSE) -> UND
B8: =+#REF! -> #REF! | C8: =VLOOKUP(C7,'BALANCE GENERAL'!B:V,5,FALSE) -> SUMINISTRO E INSTALACION DE VALLA INFORMATIVA DE 1X 0.7 CON BASTIDOR EN MADERA. SEGÚN DISEÑO.
B10: =+#REF! -> #REF! | C10: =+#REF! -> #REF! | D10: =+#REF! -> #REF!
D11: =+#REF! -> #REF! | E11: =+#REF! -> #REF! | F11: =+#REF! -> #REF! | G11: =+#REF! -> #REF! | H11: =+#REF! -> #REF!
H12: =IF(C12="","",PRODUCT(D12:G12))
H13: =IF(C13="","",PRODUCT(D13:G13))
H14: =IF(C14="","",PRODUCT(D14:G14))
H15: =IF(C15="","",PRODUCT(D15:G15))
H16: =IF(C16="","",PRODUCT(D16:G16))
H17: =IF(C17="","",PRODUCT(D17:G17))
H18: =IF(C18="","",PRODUCT(D18:G18))
H19: =IF(C19="","",PRODUCT(D19:G19))
H20: =IF(C20="","",PRODUCT(D20:G20))
H21: =IF(C21="","",PRODUCT(D21:G21))
H22: =IF(C22="","",PRODUCT(D22:G22))
H23: =IF(C23="","",PRODUCT(D23:G23))
... H26: =IF(C26="","",PRODUCT(D26:G26))
B27: =+#REF! -> #REF! | H27: =SUM(H12:H26) -> 0
B29: =+#REF! -> #REF!
B57: Elaboro | E57: Reviso
B58: Nombre | C58: =+#REF! -> #REF! | E58: Nombre | F58: =+#REF! -> #REF!
B59: Cargo | C59: =+#REF! -> #REF! | E59: Cargo | F59: =+#REF! -> #REF!
B60: T.P/C.C | C60: =+#REF! -> #REF! | E60: T.P/C.C | F60: =+#REF! -> #REF!
